Workbook
Name Azua: Prov!$C$3:$C$12
Name Bahoruco: Prov!$C$13:$C$17
Name Barahona: Prov!$C$18:$C$28
Name CodigoActividad: 'Formulario PPGR2'!$H$104:$H$269
Name Dajabon: Prov!$C$29:$C$33
Name Dajabón: Prov!$C$29:$C$33
Name Distrito_Nacional: Prov!$C$2
Name Duarte: Prov!$C$34:$C$40
Name El_Seibo: Prov!$C$41:$C$42
Name Elias_Pina: Prov!$C$43:$C$48
Name Elías_Piña: Prov!$C$43:$C$48
Name Espaillat: Prov!$C$49:$C$52
Name Hato_Mayor: Prov!$C$53:$C$55
Name Hermanas_Mirabal: Prov!$C$56:$C$58
Name Independencia: Prov!$C$59:$C$64
Name La_Altagracia: Prov!$C$65:$C$66
Name La_Romana: Prov!$C$67:$C$69
Name La_Vega: Prov!$C$70:$C$73
Name Le.1: Obj!$D$122:$D$124
Name Le.2: Obj!$D$125:$D$127
Name Le.3: Obj!$D$128:$D$134
Name Le.4: Obj!$D$134
Name ls_ComprayAlquiler: Catalogo!$G$34:$G$42
Name ls_Departamento: Catalogo!$D$37:$D$97
Name Ls_DepartamentosSRS: Catalogo!$G$170:$G$182
Name Ls_DependenciasSRS: Catalogo!$B$137:$B$142
Name ls_Direccion: Catalogo!$D$33:$D$34
Name Ls_DivisionesSRS: Catalogo!$E$145:$E$161
Name Ls_Estructura: Catalogo!$B$24:$B$29
Name Ls_GerenciasSRS: Catalogo!$E$164:$E$166
Name Ls_LinesEstategica: Obj!$B$6:$B$8
Name Ls_Medio_Verificacion: Catalogo!$B$188:$B$207
Name Ls_ObjEstrategico: Obj!$G$6:$G$21
Name Ls_Oficina: Catalogo!$D$127:$D$130
Name Ls_OficinasSRS: Catalogo!$E$179:$E$181
Name ls_Regiones: Catalogo!$B$10:$B$20
Name ls_SubDireccion: Catalogo!$D$100:$D$120
Name ls_TiposAcciones: Catalogo!$G$11:$G$14
Name ls_UnidadesSRS: Catalogo!$B$145:$B$173
Name lsAcabadosTextiles: Insumos!$C$2:$C$3
Name lsAireAcondicionado: Insumos!$C$333:$C$334
Name lsAlimentosyBebidas: Insumos!$C$4:$C$23
Name lsArticulosdePlastico: Insumos!$C$24:$C$30
Name lsElectrodomesticos: Insumos!$C$31:$C$35
Name lsEquiposComputos: Insumos!$C$132:$C$136
Name lsEquiposMedicos: Insumos!$C$44:$C$131
Name lsEquiposSeguridad: Insumos!$C$137:$C$138
Name lsEquiposTransporte: Insumos!$C$526:$C$528
Name lsEventosGenerales: Insumos!$C$139:$C$141
Name lsFuentesFinanciamiento: LSIns!$F$5:$F$8
Name lsGasoil: Insumos!$C$142:$C$149
Name lsHerramientasMenores: Insumos!$C$150:$C$179
Name lsImpresionyEncuadernacion: Insumos!$C$180
Name lsInsumos: LSIns!$B$5:$B$45
Name lsInsumosEquipos: LSIns!$F$16:$F$31
Name lsLlantasyNeumaticos: Insumos!$C$181:$C$188
Name lsMantenimiento: Insumos!$C$189:$C$202
Name lsMantenimientoyReparacion: Catalogo!$G$28:$G$31
Name lsMaterialesdeLimpieza: Insumos!$C$203:$C$217
Name lsMueblesdeAlojamiento: Insumos!$C$218:$C$219

Sheet Resumen
I1: Siglas Dependencias DC-SNS
A2: Servicio Nacional de Salud | I2: Dirección Ejecutiva (DE)
A3: Dirección de Planificación y Desarrollo | I3: Atención a Usuarios (DAU)
I4: Laboratorio e Imágenes (LCI)
A5: Cantidad acciones/actividades/trimestre | I5: Cooperación Internacional (COP)
A6: Primer Trimestre | B6: =+'Formulario PPGR2'!$J$270+'Formulario PPGR2'!$K$270+'Formulario PPGR2'!$L$270 -> 216 | I6: Calidad Institucional (DCG)
A7: Segundo Trimestre | B7: =+'Formulario PPGR2'!$M$270+'Formulario PPGR2'!$N$270+'Formulario PPGR2'!$O$270 -> 314 | I7: Administración (ADM)
A8: Tercer Trimestre | B8: =+'Formulario PPGR2'!$P$270+'Formulario PPGR2'!$Q$270+'Formulario PPGR2'!$R$270 -> 291 | I8: Dirección Centros Hospitalarios (DCH)
A9: Cuarto Trimestre | B9: =+'Formulario PPGR2'!$S$270+'Formulario PPGR2'!$T$270+'Formulario PPGR2'!$U$270 -> 295 | I9: Servicios de Atención Emergencias Extrahospitalaria (DAEH)
A10: Total actividades del año | B10: =SUM(B6:B9) -> 1116 | I10: Comunicaciones (DCE)
I11: Financiero (DFI)
I12: Gestión Clínica (DGC)
I13: Proyectos Institucionales (DPI)
I14: Cuidados de Enfermería (ENF)
I15: Desarrollo Institucional (DDI)
I16: Seguimiento, Evaluación y Calidad de los Servicios de Salud (GCSS)
A17: Tabla Resumen POA | B17: {=+'Formulario PPGR1'!M2:O2} -> 2025 | C17: 0 | D17: 0 | I17: Oficina Equidad Género (OEG)
A18: Área Organizacional | B18: Presupuesto | C18: Nº Productos | D18: Nº Actividades | E18: % (Productos) | F18: % (Actividades) | G18: % (Presupuesto) | I18: Recursos Humanos (DRH)
E19: =+C19/$C$37 -> #DIV/0! | F19: =+D19/$D$37 -> #DIV/0! | G19: =+B19/$B$37 -> #DIV/0! | I19: Infraestructura y Equipos (DIE)
E20: =+C20/$C$37 -> #DIV/0! | F20: =+D20/$D$37 -> #DIV/0! | G20: =+B20/$B$37 -> #DIV/0! | I20: Jurídica (DCJ)
E21: =+C21/$C$37 -> #DIV/0! | F21: =+D21/$D$37 -> #DIV/0! | G21: =+B21/$B$37 -> #DIV/0! | I21: Formulación, Monitoreo y Evaluación de PPP (FME)
E22: =+C22/$C$37 -> #DIV/0! | F22: =+D22/$D$37 -> #DIV/0! | G22: =+B22/$B$37 -> #DIV/0! | I22: Planificación (DPD)
E23: =+C23/$C$37 -> #DIV/0! | F23: =+D23/$D$37 -> #DIV/0! | G23: =+B23/$B$37 -> #DIV/0! | I23: Dirección Primer Nivel (DPN)
E24: =+C24/$C$37 -> #DIV/0! | F24: =+D24/$D$37 -> #DIV/0! | G24: =+B24/$B$37 -> #DIV/0! | I24: Asistencia a la Red (DAR)
E25: =+C25/$C$37 -> #DIV/0! | F25: =+D25/$D$37 -> #DIV/0! | G25: =+B25/$B$37 -> #DIV/0! | I25: Seguridad Física (DSF)
E26: =+C26/$C$37 -> #DIV/0! | F26: =+D26/$D$37 -> #DIV/0! | G26: =+B26/$B$37 -> #DIV/0! | I26: Sistema de Información (DGI)
E27: =+C27/$C$37 -> #DIV/0! | F27: =+D27/$D$37 -> #DIV/0! | G27: =+B27/$B$37 -> #DIV/0! | I27: Tecnología de la Información (DTI)
E28: =+C28/$C$37 -> #DIV/0! | F28: =+D28/$D$37 -> #DIV/0! | G28: =+B28/$B$37 -> #DIV/0! | I28: Monitoreo Calidad de los Servicios de Salud (MCS)
E29: =+C29/$C$37 -> #DIV/0! | F29: =+D29/$D$37 -> #DIV/0! | G29: =+B29/$B$37 -> #DIV/0! | I29: Materno-Infantil (MIA)
E30: =+C30/$C$37 -> #DIV/0! | F30: =+D30/$D$37 -> #DIV/0! | G30: =+B30/$B$37 -> #DIV/0! | I30: Oficina de Acceso a la Información (OAI)
... E36: =+C36/$C$37 -> #DIV/0! | F36: =+D36/$D$37 -> #DIV/0! | G36: =+B36/$B$37 -> #DIV/0! | I36: Salud Mental (DSM)
A37: Total | B37: =SUM(B19:B36) -> 0 | C37: =SUM(C19:C36) -> 0 | D37: =SUM(D19:D36) -> 0 | E37: =SUM(E19:E36) -> #DIV/0! | F37: =SUM(F19:F36) -> #DIV/0! | G37: =SUM(G19:G36) -> #DIV/0! | I37: Compras y Contrataciones (DCC)
I38: Archivo y Correspondencia (DAC)
I39: Servicios Generales (DSG)
I40: Activo Fijo (DAF)
I41: Almacén y Suministros (DAS)
I42: Litigios (LIT)
I43: Elaboración de Documentos Legales (EDL)
I44: Gestión de Servicios de Laboratorio y Sangre (GLS)
I45: Gestión Servicios de Imágenes (GSI)
I46: Desarrollo Laboratorios e Imágenes (DLI)
I47: Desarrollo Servicios de Emergencias Médicas (DSE)
I48: Prevención y Gestión de Riesgos y Desastres (GRD-DAEH)
I49: Operaciones de Emergencias de Centros de Salud (OEC)
... I70: Prevención y Control de Riesgo Biológico (PCR)

Sheet Formulario PPGR1
G2: Servicio Nacional de Salud | L2: Año del POA: | M2: 2025
G3: Dirección de Planificación y Desarrollo | L3: Servicio Regional de Salud: | M3: SNS - Dirección Central | Q3: =VLOOKUP(M3,Catalogo!$B$10:$C$20,2,FALSE) -> Ls_Estructura
G4: Plan Operativo Anual | L4: Estructura: | M4: Dirección | Q4: =IF(Q3="Ls_Estructura",VLOOKUP(M4,Catalogo!B24:C28,2,FALSE),VLOOKUP(M4,Catalogo!$B$137:$C$141,2,FALSE)) -> Ls_Direccion
G5: Identificación de Productos/Resultados | L5: =IF(Q3="Ls_Estructura",VLOOKUP($M$4,Catalogo!$B$24:$D$29,3,FALSE),VLOOKUP($M$4,Catalogo!$B$137:$D$141,3,FALSE)) -> Dirección: | M5: SNS - Dirección Central
B8: ID_Dependendencia | C8: POA | D8: SRS | E8: AREA | F8: Eje Estratégico | G8: Cod_LE | H8: Objetivo | I8: Cod_Obj | J8: Resultado esperado | K8: Productos | L8: Indicador | M8: Unidad de medida | N8: Línea Base | O8: Meta | P8: Supuestos | Q8: Dependencia responsable
B9: =IF('Formulario PPGR1'!$F9="","",CONCATENATE('Formulario PPGR1'!$C9,".",'Formulario PPGR1'!$D9,".",'Formulario PPGR1'!$E9,".",#REF!)) -> #REF! | C9: =IF('Formulario PPGR1'!$F9="","",#REF!) -> #REF! | D9: =IF('Formulario PPGR1'!$F9="","",#REF!) -> #REF! | E9: =IF('Formulario PPGR1'!$F9="","",#REF!) -> #REF! | F9: LE.1 - Desarrollo y fortalecimiento de las redes integradas de servicios de salud fundamentada en el Modelo de Atención | G9: {=_xlfn.XLOOKUP($F9,LE_tbl[[#All],[Ls_LinesEstategica]],LE_tbl[[#All],[Le_code]],"",0)} -> LE.1 | H9: 1.1 Fortalecer los niveles de atención priorizando el Primer Nivel de Atención, incrementando su capacidad de resolución para satisfacer eficientemente las necesidades de salud de la población. | I9: =_xlfn.XLOOKUP($H9,Obj!$D$122:$D$134,Obj!$E$122:$E$134,"",0) -> Obj1.1 | J9: 1.1.1 Primer Nivel de Atención fortalecido y con alta resolución para garantizar la prestación de servicios integrales de promoción de la salud, prevención de la enfermedad, diagnóstico, tratamiento, rehabilitación y cuidados paliativos; condicionada a la necesidades de salud y características de la población | K9: 1.1.1.1 Aumento de la cobertura de Adscripción en el PNA | L9: Porcentaje de población adscrita al primer nivel de atención (registrado en SIRPAFF) | M9: Porcentaje | N9: 6,9 (2023) | O9: 10 | Q9: Primer Nivel
B10: =IF('Formulario PPGR1'!$F10="","",CONCATENATE('Formulario PPGR1'!$C10,".",'Formulario PPGR1'!$D10,".",'Formulario PPGR1'!$E10,".",#REF!)) | C10: =IF('Formulario PPGR1'!$F10="","",#REF!) | D10: =IF('Formulario PPGR1'!$F10="","",#REF!) | E10: =IF('Formulario PPGR1'!$F10="","",#REF!) | G10: {=_xlfn.XLOOKUP($F10,LE_tbl[[#All],[Ls_LinesEstategica]],LE_tbl[[#All],[Le_code]],"",0)} | I10: =_xlfn.XLOOKUP($H10,Obj!$D$122:$D$134,Obj!$E$122:$E$134,"",0) | L10: Cobertura de UNAP respecto a la sectorización vigente | M10: Porcentaje | N10: 69,8 (2023) | O10: 70 | Q10: Primer Nivel
B11: =IF('Formulario PPGR1'!$F11="","",CONCATENATE('Formulario PPGR1'!$C11,".",'Formulario PPGR1'!$D11,".",'Formulario PPGR1'!$E11,".",#REF!)) | C11: =IF('Formulario PPGR1'!$F11="","",#REF!) | D11: =IF('Formulario PPGR1'!$F11="","",#REF!) | E11: =IF('Formulario PPGR1'!$F11="","",#REF!) | G11: {=_xlfn.XLOOKUP($F11,LE_tbl[[#All],[Ls_LinesEstategica]],LE_tbl[[#All],[Le_code]],"",0)} | I11: =_xlfn.XLOOKUP($H11,Obj!$D$122:$D$134,Obj!$E$122:$E$134,"",0) | K11: 1.1.1.2 Fortalecimiento del Primer Nivel de Atención sustentado en la implementación del Modelo de Atención | L11: Proporción de consultas del SNS realizadas en el primer nivel de atención | M11: Porcentaje | N11: 36,5 (2023) | O11: 40 | Q11: Primer Nivel
B12: =IF('Formulario PPGR1'!$F12="","",CONCATENATE('Formulario PPGR1'!$C12,".",'Formulario PPGR1'!$D12,".",'Formulario PPGR1'!$E12,".",#REF!)) | C12: =IF('Formulario PPGR1'!$F12="","",#REF!) | D12: =IF('Formulario PPGR1'!$F12="","",#REF!) | E12: =IF('Formulario PPGR1'!$F12="","",#REF!) | G12: {=_xlfn.XLOOKUP($F12,LE_tbl[[#All],[Ls_LinesEstategica]],LE_tbl[[#All],[Le_code]],"",0)} | I12: =_xlfn.XLOOKUP($H12,Obj!$D$122:$D$134,Obj!$E$122:$E$134,"",0) | L12: Porcentaje de puérperas que recibió visita domiciliaria en las primeras 72 horas de regresar a su casa | M12: Porcentaje | N12: S/D | O12: 35 | Q12: Primer Nivel
B13: =IF('Formulario PPGR1'!$F13="","",CONCATENATE('Formulario PPGR1'!$C13,".",'Formulario PPGR1'!$D13,".",'Formulario PPGR1'!$E13,".",#REF!)) | C13: =IF('Formulario PPGR1'!$F13="","",#REF!) | D13: =IF('Formulario PPGR1'!$F13="","",#REF!) | E13: =IF('Formulario PPGR1'!$F13="","",#REF!) | G13: {=_xlfn.XLOOKUP($F13,LE_tbl[[#All],[Ls_LinesEstategica]],LE_tbl[[#All],[Le_code]],"",0)} | I13: =_xlfn.XLOOKUP($H13,Obj!$D$122:$D$134,Obj!$E$122:$E$134,"",0) | L13: Porcentaje de recién nacidos que recibió visita domiciliaria en las primeras 72 horas de regresar a su casa | M13: Porcentaje | N13: S/D | O13: 35 | Q13: Primer Nivel
B14: =IF('Formulario PPGR1'!$F14="","",CONCATENATE('Formulario PPGR1'!$C14,".",'Formulario PPGR1'!$D14,".",'Formulario PPGR1'!$E14,".",#REF!)) | C14: =IF('Formulario PPGR1'!$F14="","",#REF!) | D14: =IF('Formulario PPGR1'!$F14="","",#REF!) | E14: =IF('Formulario PPGR1'!$F14="","",#REF!) | G14: {=_xlfn.XLOOKUP($F14,LE_tbl[[#All],[Ls_LinesEstategica]],LE_tbl[[#All],[Le_code]],"",0)} | I14: =_xlfn.XLOOKUP($H14,Obj!$D$122:$D$134,Obj!$E$122:$E$134,"",0) | L14: Proporción de mujeres embarazadas que recibieron primer control prenatal antes de la semana 15 de gestación | M14: Porcentaje | N14: 50,00 (2022) | O14: 52 | Q14: Primer Nivel
B15: =IF('Formulario PPGR1'!$F15="","",CONCATENATE('Formulario PPGR1'!$C15,".",'Formulario PPGR1'!$D15,".",'Formulario PPGR1'!$E15,".",#REF!)) | C15: =IF('Formulario PPGR1'!$F15="","",#REF!) | D15: =IF('Formulario PPGR1'!$F15="","",#REF!) | E15: =IF('Formulario PPGR1'!$F15="","",#REF!) | G15: {=_xlfn.XLOOKUP($F15,LE_tbl[[#All],[Ls_LinesEstategica]],LE_tbl[[#All],[Le_code]],"",0)} | I15: =_xlfn.XLOOKUP($H15,Obj!$D$122:$D$134,Obj!$E$122:$E$134,"",0) | K15: 1.1.1.3 Despliegue del programa salud escolar | L15: Proporción de estudiantes beneficiados respecto a la matrícula total | M15: Porcentaje | N15: S/D | O15: 80 | Q15: Primer Nivel Laboratorio e Imágenes
B16: =IF('Formulario PPGR1'!$F16="","",CONCATENATE('Formulario PPGR1'!$C16,".",'Formulario PPGR1'!$D16,".",'Formulario PPGR1'!$E16,".",#REF!)) -> #REF! | C16: =IF('Formulario PPGR1'!$F16="","",#REF!) -> #REF! | D16: =IF('Formulario PPGR1'!$F16="","",#REF!) -> #REF! | E16: =IF('Formulario PPGR1'!$F16="","",#REF!) -> #REF! | F16: LE.1 - Desarrollo y fortalecimiento de las redes integradas de servicios de salud fundamentada en el Modelo de Atención | G16: {=_xlfn.XLOOKUP($F16,LE_tbl[[#All],[Ls_LinesEstategica]],LE_tbl[[#All],[Le_code]],"",0)} -> LE.1 | H16: 1.1 Fortalecer los niveles de atención priorizando el Primer Nivel de Atención, incrementando su capacidad de resolución para satisfacer eficientemente las necesidades de salud de la población. | I16: =_xlfn.XLOOKUP($H16,Obj!$D$122:$D$134,Obj!$E$122:$E$134,"",0) -> Obj1.1 | J16: 1.1.2 Reducida la carga de las enfermedades crónicas incluidos los diferentes tipos de cáncer, los trastornos de salud mental, así como ante discapacidad, violencia y traumatismos, a través de servicios de atención que faciliten la detección temprana y la continuidad de la atención, eliminando las brechas en el acceso y utilización de los servicios de salud. | K16: 1.1.2.1 Programa de Fortalecimiento del Nivel Especializado | L16: Porcentaje de ocupación hospitalaria | M16: Porcentaje | N16: 51,05 (2024) | O16: 55 | Q16: Centros Hospitalarios
B17: =IF('Formulario PPGR1'!$F17="","",CONCATENATE('Formulario PPGR1'!$C17,".",'Formulario PPGR1'!$D17,".",'Formulario PPGR1'!$E17,".",#REF!)) | C17: =IF('Formulario PPGR1'!$F17="","",#REF!) | D17: =IF('Formulario PPGR1'!$F17="","",#REF!) | E17: =IF('Formulario PPGR1'!$F17="","",#REF!) | G17: {=_xlfn.XLOOKUP($F17,LE_tbl[[#All],[Ls_LinesEstategica]],LE_tbl[[#All],[Le_code]],"",0)} | I17: =_xlfn.XLOOKUP($H17,Obj!$D$122:$D$134,Obj!$E$122:$E$134,"",0) | K17: 1.1.2.2 Operaciones de emergencias y gestión de riesgos | L17: Porcentaje de Hospitales con Plan Hospitalario de Emergencia y Desastres aprobado | M17: Porcentaje | N17: 98,96 (2023) | O17: 100 | Q17: Centros Hospitalarios
B18: =IF('Formulario PPGR1'!$F18="","",CONCATENATE('Formulario PPGR1'!$C18,".",'Formulario PPGR1'!$D18,".",'Formulario PPGR1'!$E18,".",#REF!)) | C18: =IF('Formulario PPGR1'!$F18="","",#REF!) | D18: =IF('Formulario PPGR1'!$F18="","",#REF!) | E18: =IF('Formulario PPGR1'!$F18="","",#REF!) | G18: {=_xlfn.XLOOKUP($F18,LE_tbl[[#All],[Ls_LinesEstategica]],LE_tbl[[#All],[Le_code]],"",0)} | I18: =_xlfn.XLOOKUP($H18,Obj!$D$122:$D$134,Obj!$E$122:$E$134,"",0) | K18: 1.1.2.3 Implementación de la estrategia HEARTS para la prevención y control de las enfermedades crónicas no transmisibles (ECNT) implementada. | L18: Porcentaje de individuos diagnosticados con Diabetes tipo II en seguimiento y tratamiento, según protocolo | M18: Porcentaje | N18: 82,5 (2023) | O18: 85 | Q18: Primer Nivel Gestión Clínica
B19: =IF('Formulario PPGR1'!$F19="","",CONCATENATE('Formulario PPGR1'!$C19,".",'Formulario PPGR1'!$D19,".",'Formulario PPGR1'!$E19,".",#REF!)) | C19: =IF('Formulario PPGR1'!$F19="","",#REF!) | D19: =IF('Formulario PPGR1'!$F19="","",#REF!) | E19: =IF('Formulario PPGR1'!$F19="","",#REF!) | G19: {=_xlfn.XLOOKUP($F19,LE_tbl[[#All],[Ls_LinesEstategica]],LE_tbl[[#All],[Le_code]],"",0)} | I19: =_xlfn.XLOOKUP($H19,Obj!$D$122:$D$134,Obj!$E$122:$E$134,"",0) | L19: Porcentaje de individuos diagnosticados con Hipertension en seguimiento y tratamiento, según protocolo | M19: Porcentaje | N19: 86 (2023) | O19: 90 | Q19: Primer Nivel Gestión Clínica
B20: =IF('Formulario PPGR1'!$F20="","",CONCATENATE('Formulario PPGR1'!$C20,".",'Formulario PPGR1'!$D20,".",'Formulario PPGR1'!$E20,".",#REF!)) | C20: =IF('Formulario PPGR1'!$F20="","",#REF!) | D20: =IF('Formulario PPGR1'!$F20="","",#REF!) | E20: =IF('Formulario PPGR1'!$F20="","",#REF!) | G20: {=_xlfn.XLOOKUP($F20,LE_tbl[[#All],[Ls_LinesEstategica]],LE_tbl[[#All],[Le_code]],"",0)} | I20: =_xlfn.XLOOKUP($H20,Obj!$D$122:$D$134,Obj!$E$122:$E$134,"",0) | L20: Porcentaje de mujeres mayores de 40 años que han realizado mamografía en el último año | M20: Porcentaje | N20: 1.8 (2023) | O20: 2.00 | Q20: Gestión Clínica Materno-Infantil y Adolescente Laboratorio e Imágenes Centros Hospitalarios
B21: =IF('Formulario PPGR1'!$F21="","",CONCATENATE('Formulario PPGR1'!$C21,".",'Formulario PPGR1'!$D21,".",'Formulario PPGR1'!$E21,".",#REF!)) | C21: =IF('Formulario PPGR1'!$F21="","",#REF!) | D21: =IF('Formulario PPGR1'!$F21="","",#REF!) | E21: =IF('Formulario PPGR1'!$F21="","",#REF!) | G21: {=_xlfn.XLOOKUP($F21,LE_tbl[[#All],[Ls_LinesEstategica]],LE_tbl[[#All],[Le_code]],"",0)} | I21: =_xlfn.XLOOKUP($H21,Obj!$D$122:$D$134,Obj!$E$122:$E$134,"",0) | L21: Porcentaje de mujeres que han realizado Papanicolaou en el último año | M21: Porcentaje | N21: 3.78 (2023) | O21: 4.71 | Q21: Gestión Clínica Materno-Infantil y Adolescente Laboratorio e Imágenes Primer Nivel Centros Hospitalarios
B22: =IF('Formulario PPGR1'!$F22="","",CONCATENATE('Formulario PPGR1'!$C22,".",'Formulario PPGR1'!$D22,".",'Formulario PPGR1'!$E22,".",#REF!)) | C22: =IF('Formulario PPGR1'!$F22="","",#REF!) | D22: =IF('Formulario PPGR1'!$F22="","",#REF!) | E22: =IF('Formulario PPGR1'!$F22="","",#REF!) | G22: {=_xlfn.XLOOKUP($F22,LE_tbl[[#All],[Ls_LinesEstategica]],LE_tbl[[#All],[Le_code]],"",0)} | I22: =_xlfn.XLOOKUP($H22,Obj!$D$122:$D$134,Obj!$E$122:$E$134,"",0) | L22: Porcentaje de hombres que han realizado examen de próstata en el último año | M22: Porcentaje | N22: 1.12 (2023) | O22: 1.16 | Q22: Gestión Clínica Laboratorio e Imágenes Centros Hospitalarios
B23: =IF('Formulario PPGR1'!$F23="","",CONCATENATE('Formulario PPGR1'!$C23,".",'Formulario PPGR1'!$D23,".",'Formulario PPGR1'!$E23,".",#REF!)) | C23: =IF('Formulario PPGR1'!$F23="","",#REF!) | D23: =IF('Formulario PPGR1'!$F23="","",#REF!) | E23: =IF('Formulario PPGR1'!$F23="","",#REF!) | G23: {=_xlfn.XLOOKUP($F23,LE_tbl[[#All],[Ls_LinesEstategica]],LE_tbl[[#All],[Le_code]],"",0)} | I23: =_xlfn.XLOOKUP($H23,Obj!$D$122:$D$134,Obj!$E$122:$E$134,"",0) | K23: 1.1.2.4 Fortalecimiento de la atención integral a menores de 5 años | L23: Proporción de consultas crecimiento y desarrollo realizadas a menores de 5 años. | M23: Porcentaje | N23: S/D | O23: 30 | Q23: Primer Nivel Materno-Infantil y Adolescente
B24: =IF('Formulario PPGR1'!$F24="","",CONCATENATE('Formulario PPGR1'!$C24,".",'Formulario PPGR1'!$D24,".",'Formulario PPGR1'!$E24,".",#REF!)) | C24: =IF('Formulario PPGR1'!$F24="","",#REF!) | D24: =IF('Formulario PPGR1'!$F24="","",#REF!) | E24: =IF('Formulario PPGR1'!$F24="","",#REF!) | G24: {=_xlfn.XLOOKUP($F24,LE_tbl[[#All],[Ls_LinesEstategica]],LE_tbl[[#All],[Le_code]],"",0)} | I24: =_xlfn.XLOOKUP($H24,Obj!$D$122:$D$134,Obj!$E$122:$E$134,"",0) | K24: 1.1.2.5 Fotalecimiento de los servicios de la red de servicios de Salud Mental | L24: Porcentaje de Consultas de Salud Mental en la Red Pública | M24: Porcentaje | N24: 2,22 (2023) | O24: 3 | Q24: Gestión Clínica
B25: =IF('Formulario PPGR1'!$F25="","",CONCATENATE('Formulario PPGR1'!$C25,".",'Formulario PPGR1'!$D25,".",'Formulario PPGR1'!$E25,".",#REF!)) | C25: =IF('Formulario PPGR1'!$F25="","",#REF!) | D25: =IF('Formulario PPGR1'!$F25="","",#REF!) | E25: =IF('Formulario PPGR1'!$F25="","",#REF!) | G25: {=_xlfn.XLOOKUP($F25,LE_tbl[[#All],[Ls_LinesEstategica]],LE_tbl[[#All],[Le_code]],"",0)} | I25: =_xlfn.XLOOKUP($H25,Obj!$D$122:$D$134,Obj!$E$122:$E$134,"",0) | K25: 1.1.2.6 Seguimiento a la aplicación de los protocolos de las enfermedades zoonóticas | L25: Porcentaje de casos notificados y controlados según protocolo. | M25: Porcentaje | N25: S/D | O25: 85 | Q25: Gestión Clínica
B26: =IF('Formulario PPGR1'!$F26="","",CONCATENATE('Formulario PPGR1'!$C26,".",'Formulario PPGR1'!$D26,".",'Formulario PPGR1'!$E26,".",#REF!)) -> #REF! | C26: =IF('Formulario PPGR1'!$F26="","",#REF!) -> #REF! | D26: =IF('Formulario PPGR1'!$F26="","",#REF!) -> #REF! | E26: =IF('Formulario PPGR1'!$F26="","",#REF!) -> #REF! | F26: LE.1 - Desarrollo y fortalecimiento de las redes integradas de servicios de salud fundamentada en el Modelo de Atención | G26: {=_xlfn.XLOOKUP($F26,LE_tbl[[#All],[Ls_LinesEstategica]],LE_tbl[[#All],[Le_code]],"",0)} -> LE.1 | H26: 1.1 Fortalecer los niveles de atención priorizando el Primer Nivel de Atención, incrementando su capacidad de resolución para satisfacer eficientemente las necesidades de salud de la población. | I26: =_xlfn.XLOOKUP($H26,Obj!$D$122:$D$134,Obj!$E$122:$E$134,"",0) -> Obj1.1 | J26: 1.1.3 Reducida la morbi-mortalidad de las enfermedades transmisibles, incluidas la infección por el VIH/SIDA, la Tuberculosis, las infecciones de transmisión sexual, las hepatitis virales, enfermedades transmitidas por vectores, enfermedades desatendidas, tropicales y zoonóticas, y las enfermedades prevenibles mediante vacunación; con especial atención en las poblaciones vulnerables | K26: 1.1.3.1 Aumento de la provisión de servicios de salud sexual y reproductiva en la Red SNS | L26: Partos Vía Cesárea en el sector público (%) | M26: Porcentaje | N26: 48,83 (2023) | O26: 44.4 | Q26: Materno-Infantil y Adolescentes Centros Hospitalarios Gestión Clínica
B27: =IF('Formulario PPGR1'!$F27="","",CONCATENATE('Formulario PPGR1'!$C27,".",'Formulario PPGR1'!$D27,".",'Formulario PPGR1'!$E27,".",#REF!)) | C27: =IF('Formulario PPGR1'!$F27="","",#REF!) | D27: =IF('Formulario PPGR1'!$F27="","",#REF!) | E27: =IF('Formulario PPGR1'!$F27="","",#REF!) | G27: {=_xlfn.XLOOKUP($F27,LE_tbl[[#All],[Ls_LinesEstategica]],LE_tbl[[#All],[Le_code]],"",0)} | I27: =_xlfn.XLOOKUP($H27,Obj!$D$122:$D$134,Obj!$E$122:$E$134,"",0) | L27: Partos en Adolescentes en establecimientos de la red pública (%) | M27: Porcentaje | N27: 18,42 (2023) | O27: 17.6 | Q27: Materno-Infantil y Adolescentes Centros Hospitalarios
B28: =IF('Formulario PPGR1'!$F28="","",CONCATENATE('Formulario PPGR1'!$C28,".",'Formulario PPGR1'!$D28,".",'Formulario PPGR1'!$E28,".",#REF!)) | C28: =IF('Formulario PPGR1'!$F28="","",#REF!) | D28: =IF('Formulario PPGR1'!$F28="","",#REF!) | E28: =IF('Formulario PPGR1'!$F28="","",#REF!) | G28: {=_xlfn.XLOOKUP($F28,LE_tbl[[#All],[Ls_LinesEstategica]],LE_tbl[[#All],[Le_code]],"",0)} | I28: =_xlfn.XLOOKUP($H28,Obj!$D$122:$D$134,Obj!$E$122:$E$134,"",0) | L28: Cobertura de uso de planificación familiar pos evento obstétrico | M28: Porcentaje | N28: 17,6 (2024) | O28: 25 | Q28: Materno-Infantil y Adolescentes Centros Hospitalarios Primer Nivel
B29: =IF('Formulario PPGR1'!$F29="","",CONCATENATE('Formulario PPGR1'!$C29,".",'Formulario PPGR1'!$D29,".",'Formulario PPGR1'!$E29,".",#REF!)) | C29: =IF('Formulario PPGR1'!$F29="","",#REF!) | D29: =IF('Formulario PPGR1'!$F29="","",#REF!) | E29: =IF('Formulario PPGR1'!$F29="","",#REF!) | G29: {=_xlfn.XLOOKUP($F29,LE_tbl[[#All],[Ls_LinesEstategica]],LE_tbl[[#All],[Le_code]],"",0)} | I29: =_xlfn.XLOOKUP($H29,Obj!$D$122:$D$134,Obj!$E$122:$E$134,"",0) | K29: 1.1.3.2 Mejorar la atención de enfermedades transmisibles | L29: Porcentaje de personas con VIH diagnosticadas (% del total estimado). | M29: Porcentaje | N29: 98,70 (2024) | O29: 95 | Q29: Primer Nivel Gestión Clínica Laboratorio e Imágenes
B30: =IF('Formulario PPGR1'!$F30="","",CONCATENATE('Formulario PPGR1'!$C30,".",'Formulario PPGR1'!$D30,".",'Formulario PPGR1'!$E30,".",#REF!)) | C30: =IF('Formulario PPGR1'!$F30="","",#REF!) | D30: =IF('Formulario PPGR1'!$F30="","",#REF!) | E30: =IF('Formulario PPGR1'!$F30="","",#REF!) | G30: {=_xlfn.XLOOKUP($F30,LE_tbl[[#All],[Ls_LinesEstategica]],LE_tbl[[#All],[Le_code]],"",0)} | I30: =_xlfn.XLOOKUP($H30,Obj!$D$122:$D$134,Obj!$E$122:$E$134,"",0) | L30: Porcentaje de nuevos pacientes VIH en tratamiento | M30: Porcentaje | N30: 79,6 (2024) | O30: 95 | Q30: Primer Nivel Gestión Clínica Laboratorio e Imágenes
B31: =IF('Formulario PPGR1'!$F31="","",CONCATENATE('Formulario PPGR1'!$C31,".",'Formulario PPGR1'!$D31,".",'Formulario PPGR1'!$E31,".",#REF!)) | C31: =IF('Formulario PPGR1'!$F31="","",#REF!) | D31: =IF('Formulario PPGR1'!$F31="","",#REF!) | E31: =IF('Formulario PPGR1'!$F31="","",#REF!) | G31: {=_xlfn.XLOOKUP($F31,LE_tbl[[#All],[Ls_LinesEstategica]],LE_tbl[[#All],[Le_code]],"",0)} | I31: =_xlfn.XLOOKUP($H31,Obj!$D$122:$D$134,Obj!$E$122:$E$134,"",0) | K31: 1.1.3.3 Fortalecimiento de la capacidad de los servicios de salud de VIH para garantizar la atencion integral y de calidad centrada en el paciente de VIH para cumplir las metas 95-95-95 al 2030 y el PoR 42 | L31: Porcentaje de adultos y niños activos en tratamiento Antiretroviral (TARV) del total de PVVIH estimados | M31: Porcentaje | N31: 79.67 (2023) | O31: 85 | Q31: Gestión Clínica
B32: =IF('Formulario PPGR1'!$F32="","",CONCATENATE('Formulario PPGR1'!$C32,".",'Formulario PPGR1'!$D32,".",'Formulario PPGR1'!$E32,".",#REF!)) | C32: =IF('Formulario PPGR1'!$F32="","",#REF!) | D32: =IF('Formulario PPGR1'!$F32="","",#REF!) | E32: =IF('Formulario PPGR1'!$F32="","",#REF!) | G32: {=_xlfn.XLOOKUP($F32,LE_tbl[[#All],[Ls_LinesEstategica]],LE_tbl[[#All],[Le_code]],"",0)} | I32: =_xlfn.XLOOKUP($H32,Obj!$D$122:$D$134,Obj!$E$122:$E$134,"",0) | L32: Porcentaje de adultos y niños que han iniciado tratamiento Antiretroviral (TARV) con una carga viral suprimida a 12 meses (<1000 copias/ml) | M32: Porcentaje | N32: 72.42 (2023) | O32: 85 | Q32: Gestión Clínica
B33: =IF('Formulario PPGR1'!$F33="","",CONCATENATE('Formulario PPGR1'!$C33,".",'Formulario PPGR1'!$D33,".",'Formulario PPGR1'!$E33,".",#REF!)) | C33: =IF('Formulario PPGR1'!$F33="","",#REF!) | D33: =IF('Formulario PPGR1'!$F33="","",#REF!) | E33: =IF('Formulario PPGR1'!$F33="","",#REF!) | G33: {=_xlfn.XLOOKUP($F33,LE_tbl[[#All],[Ls_LinesEstategica]],LE_tbl[[#All],[Le_code]],"",0)} | I33: =_xlfn.XLOOKUP($H33,Obj!$D$122:$D$134,Obj!$E$122:$E$134,"",0) | K33: 1.1.3.4 Fortalecimiento de la capacidad de respuesta para brindar atencion integral centrada en el paciente de Tb en todas sus fases para garantizar el cumplimiento de las metas de fin de la TB al 2030 y PoR 41 | L33: Tasa de curación de casos nuevos de tuberculosis | M33: Tasa | N33: 92 (2024) | O33: 95 | Q33: Gestión Clínica
B34: =IF('Formulario PPGR1'!$F34="","",CONCATENATE('Formulario PPGR1'!$C34,".",'Formulario PPGR1'!$D34,".",'Formulario PPGR1'!$E34,".",#REF!)) | C34: =IF('Formulario PPGR1'!$F34="","",#REF!) | D34: =IF('Formulario PPGR1'!$F34="","",#REF!) | E34: =IF('Formulario PPGR1'!$F34="","",#REF!) | G34: {=_xlfn.XLOOKUP($F34,LE_tbl[[#All],[Ls_LinesEstategica]],LE_tbl[[#All],[Le_code]],"",0)} | I34: =_xlfn.XLOOKUP($H34,Obj!$D$122:$D$134,Obj!$E$122:$E$134,"",0) | L34: Porcentajes de pacientes con tuberculosis evaluados por psicología | M34: Porcentaje | N34: 90,6 (2024) | O34: 95 | Q34: Gestión Clínica
B35: =IF('Formulario PPGR1'!$F35="","",CONCATENATE('Formulario PPGR1'!$C35,".",'Formulario PPGR1'!$D35,".",'Formulario PPGR1'!$E35,".",#REF!)) -> #REF! | C35: =IF('Formulario PPGR1'!$F35="","",#REF!) -> #REF! | D35: =IF('Formulario PPGR1'!$F35="","",#REF!) -> #REF! | E35: =IF('Formulario PPGR1'!$F35="","",#REF!) -> #REF! | F35: LE.1 - Desarrollo y fortalecimiento de las redes integradas de servicios de salud fundamentada en el Modelo de Atención | G35: {=_xlfn.XLOOKUP($F35,LE_tbl[[#All],[Ls_LinesEstategica]],LE_tbl[[#All],[Le_code]],"",0)} -> LE.1 | H35: 1.2 Avanzar en la articulación de las redes de servicios, asegurando que la atención sea integral y acorde con las necesidades territoriales de la población. | I35: =_xlfn.XLOOKUP($H35,Obj!$D$122:$D$134,Obj!$E$122:$E$134,"",0) -> Obj1.2 | J35: 1.2.1 Redes de servicios integradas y con mayor resolución para coordinar la prestación de servicios integrales de promoción de la salud, prevención de la enfermedad, diagnóstico, tratamiento, rehabilitación y cuidados paliativos; condicionada a la necesidades de salud y características de la población, con miras hacia la consecución progresiva del acceso universal a la salud y la cobertura universal de salud | K35: 1.2.1.1 Desarrollo del Programa de Salud Bucal | L35: Incremento de los servicios odontológicos brindados | M35: Porcentaje | N35: 22 (2023) | O35: 30 | Q35: Odontología
B36: =IF('Formulario PPGR1'!$F36="","",CONCATENATE('Formulario PPGR1'!$C36,".",'Formulario PPGR1'!$D36,".",'Formulario PPGR1'!$E36,".",#REF!)) | C36: =IF('Formulario PPGR1'!$F36="","",#REF!) | D36: =IF('Formulario PPGR1'!$F36="","",#REF!) | E36: =IF('Formulario PPGR1'!$F36="","",#REF!) | G36: {=_xlfn.XLOOKUP($F36,LE_tbl[[#All],[Ls_LinesEstategica]],LE_tbl[[#All],[Le_code]],"",0)} | I36: =_xlfn.XLOOKUP($H36,Obj!$D$122:$D$134,Obj!$E$122:$E$134,"",0) | K36: 1.2.1.2 Mejora del suministro y abastecimiento de medicamentos | L36: Porcentaje de disponibilidad de medicamentos trazadores uso Primer Nivel | M36: Porcentaje | N36: 88 | O36: 95 | Q36: Medicamentos e Insumos
B37: =IF('Formulario PPGR1'!$F37="","",CONCATENATE('Formulario PPGR1'!$C37,".",'Formulario PPGR1'!$D37,".",'Formulario PPGR1'!$E37,".",#REF!)) | C37: =IF('Formulario PPGR1'!$F37="","",#REF!) | D37: =IF('Formulario PPGR1'!$F37="","",#REF!) | E37: =IF('Formulario PPGR1'!$F37="","",#REF!) | G37: {=_xlfn.XLOOKUP($F37,LE_tbl[[#All],[Ls_LinesEstategica]],LE_tbl[[#All],[Le_code]],"",0)} | I37: =_xlfn.XLOOKUP($H37,Obj!$D$122:$D$134,Obj!$E$122:$E$134,"",0) | K37: 1.2.1.3 Ampliación y mejora de la provisión de servicios de apoyo diagnóstico y laboratorio | L37: Incremento de las pruebas de laboratorio y de imágenes | M37: Porcentaje | N37: 28 (2023) | O37: 30 | Q37: Laboratorios e Imágenes
B38: =IF('Formulario PPGR1'!$F38="","",CONCATENATE('Formulario PPGR1'!$C38,".",'Formulario PPGR1'!$D38,".",'Formulario PPGR1'!$E38,".",#REF!)) -> #REF! | C38: =IF('Formulario PPGR1'!$F38="","",#REF!) -> #REF! | D38: =IF('Formulario PPGR1'!$F38="","",#REF!) -> #REF! | E38: =IF('Formulario PPGR1'!$F38="","",#REF!) -> #REF! | F38: LE.1 - Desarrollo y fortalecimiento de las redes integradas de servicios de salud fundamentada en el Modelo de Atención | G38: {=_xlfn.XLOOKUP($F38,LE_tbl[[#All],[Ls_LinesEstategica]],LE_tbl[[#All],[Le_code]],"",0)} -> LE.1 | H38: 1.2 Avanzar en la articulación de las redes de servicios, asegurando que la atención sea integral y acorde con las necesidades territoriales de la población. | I38: =_xlfn.XLOOKUP($H38,Obj!$D$122:$D$134,Obj!$E$122:$E$134,"",0) -> Obj1.2 | J38: 1.2.5 Aumentada la eficacia, eficiencia y equidad de la prestación de los servicios de salud a través de la reorganización y transformación de las estructuras de redes de servicios | K38: 1.2.5.1 Implementación de la Metodología de la Gestión Productiva de Servicios de Salud | L38: Porcentaje de hospitales que aplican la metodología | M38: Porcentaje | N38: S/D | O38: 45 | Q38: Centros Hospitalarios
B39: =IF('Formulario PPGR1'!$F39="","",CONCATENATE('Formulario PPGR1'!$C39,".",'Formulario PPGR1'!$D39,".",'Formulario PPGR1'!$E39,".",#REF!)) | C39: =IF('Formulario PPGR1'!$F39="","",#REF!) | D39: =IF('Formulario PPGR1'!$F39="","",#REF!) | E39: =IF('Formulario PPGR1'!$F39="","",#REF!) | G39: {=_xlfn.XLOOKUP($F39,LE_tbl[[#All],[Ls_LinesEstategica]],LE_tbl[[#All],[Le_code]],"",0)} | I39: =_xlfn.XLOOKUP($H39,Obj!$D$122:$D$134,Obj!$E$122:$E$134,"",0) | K39: 1.2.5.2 Despliegue de la Cartera de Servicios en la Red de Servicio Nacional de Salud | L39: Porcentaje de unidades que ofrecen la cartera completa de servicios. | M39: Porcentaje | N39: S/D | O39: 35 | Q39: Gestión Clínica
B40: =IF('Formulario PPGR1'!$F40="","",CONCATENATE('Formulario PPGR1'!$C40,".",'Formulario PPGR1'!$D40,".",'Formulario PPGR1'!$E40,".",#REF!)) -> #REF! | C40: =IF('Formulario PPGR1'!$F40="","",#REF!) -> #REF! | D40: =IF('Formulario PPGR1'!$F40="","",#REF!) -> #REF! | E40: =IF('Formulario PPGR1'!$F40="","",#REF!) -> #REF! | F40: LE.1 - Desarrollo y fortalecimiento de las redes integradas de servicios de salud fundamentada en el Modelo de Atención | G40: {=_xlfn.XLOOKUP($F40,LE_tbl[[#All],[Ls_LinesEstategica]],LE_tbl[[#All],[Le_code]],"",0)} -> LE.1 | H40: 1.2 Avanzar en la articulación de las redes de servicios, asegurando que la atención sea integral y acorde con las necesidades territoriales de la población. | I40: =_xlfn.XLOOKUP($H40,Obj!$D$122:$D$134,Obj!$E$122:$E$134,"",0) -> Obj1.2 | J40: 1.2.2 Garantizada la atención integral con calidad y oportunidad, mediante la coordinación clínica y asistencial de los servicios de salud | K40: 1.2.2.1 Articulación de la Red SNS | L40: Referencias válidas | M40: Porcentaje | N40: S/D | O40: 45 | Q40: Atención a los Usuarios Gestión Clínica
B41: =IF('Formulario PPGR1'!$F41="","",CONCATENATE('Formulario PPGR1'!$C41,".",'Formulario PPGR1'!$D41,".",'Formulario PPGR1'!$E41,".",#REF!)) | C41: =IF('Formulario PPGR1'!$F41="","",#REF!) | D41: =IF('Formulario PPGR1'!$F41="","",#REF!) | E41: =IF('Formulario PPGR1'!$F41="","",#REF!) | G41: {=_xlfn.XLOOKUP($F41,LE_tbl[[#All],[Ls_LinesEstategica]],LE_tbl[[#All],[Le_code]],"",0)} | I41: =_xlfn.XLOOKUP($H41,Obj!$D$122:$D$134,Obj!$E$122:$E$134,"",0) | L41: Contrareferencias efectivas | M41: Porcentaje | N41: S/D | O41: 25 | Q41: Atención a los Usuarios Gestión Clínica
B42: =IF('Formulario PPGR1'!$F42="","",CONCATENATE('Formulario PPGR1'!$C42,".",'Formulario PPGR1'!$D42,".",'Formulario PPGR1'!$E42,".",#REF!)) | C42: =IF('Formulario PPGR1'!$F42="","",#REF!) | D42: =IF('Formulario PPGR1'!$F42="","",#REF!) | E42: =IF('Formulario PPGR1'!$F42="","",#REF!) | G42: {=_xlfn.XLOOKUP($F42,LE_tbl[[#All],[Ls_LinesEstategica]],LE_tbl[[#All],[Le_code]],"",0)} | I42: =_xlfn.XLOOKUP($H42,Obj!$D$122:$D$134,Obj!$E$122:$E$134,"",0) | K42: 1.2.2.2 Provisión de servicios de Salud Materno, Infantil y Adolescentes de Calidad | L42: Razón de mortalidad materna (por 100,000 nacidos vivos) | M42: Razón | N42: 127.33 (2023) | O42: 99.86 | Q42: Materno-Infantil y Adolescentes Centros Hospitalarios
B43: =IF('Formulario PPGR1'!$F43="","",CONCATENATE('Formulario PPGR1'!$C43,".",'Formulario PPGR1'!$D43,".",'Formulario PPGR1'!$E43,".",#REF!)) | C43: =IF('Formulario PPGR1'!$F43="","",#REF!) | D43: =IF('Formulario PPGR1'!$F43="","",#REF!) | E43: =IF('Formulario PPGR1'!$F43="","",#REF!) | G43: {=_xlfn.XLOOKUP($F43,LE_tbl[[#All],[Ls_LinesEstategica]],LE_tbl[[#All],[Le_code]],"",0)} | I43: =_xlfn.XLOOKUP($H43,Obj!$D$122:$D$134,Obj!$E$122:$E$134,"",0) | L43: Tasa de mortalidad infantil (por 1,000 nacidos vivos) | M43: Tasa | N43: 18.44 (2023) | O43: 18.08 | Q43: Materno-Infantil y Adolescentes Centros Hospitalarios
B44: =IF('Formulario PPGR1'!$F44="","",CONCATENATE('Formulario PPGR1'!$C44,".",'Formulario PPGR1'!$D44,".",'Formulario PPGR1'!$E44,".",#REF!)) | C44: =IF('Formulario PPGR1'!$F44="","",#REF!) | D44: =IF('Formulario PPGR1'!$F44="","",#REF!) | E44: =IF('Formulario PPGR1'!$F44="","",#REF!) | G44: {=_xlfn.XLOOKUP($F44,LE_tbl[[#All],[Ls_LinesEstategica]],LE_tbl[[#All],[Le_code]],"",0)} | I44: =_xlfn.XLOOKUP($H44,Obj!$D$122:$D$134,Obj!$E$122:$E$134,"",0) | L44: Tasa de mortalidad, neonatal (por cada 1.000 nacidos vivos) | M44: Tasa | N44: 14,36 (2023) | O44: 13.94 | Q44: Materno-Infantil y Adolescentes Centros Hospitalarios
B45: =IF('Formulario PPGR1'!$F45="","",CONCATENATE('Formulario PPGR1'!$C45,".",'Formulario PPGR1'!$D45,".",'Formulario PPGR1'!$E45,".",#REF!)) | C45: =IF('Formulario PPGR1'!$F45="","",#REF!) | D45: =IF('Formulario PPGR1'!$F45="","",#REF!) | E45: =IF('Formulario PPGR1'!$F45="","",#REF!) | G45: {=_xlfn.XLOOKUP($F45,LE_tbl[[#All],[Ls_LinesEstategica]],LE_tbl[[#All],[Le_code]],"",0)} | I45: =_xlfn.XLOOKUP($H45,Obj!$D$122:$D$134,Obj!$E$122:$E$134,"",0) | L45: Promedio de cumplimiento de los criterios establecidos en los documentos normativos durante la atención al parto | M45: Porcentaje | N45: 84.00 (2024) | O45: 90 | Q45: Materno-Infantil y Adolescentes Centros Hospitalarios Calidad de los Servicios de Salud
B46: =IF('Formulario PPGR1'!$F46="","",CONCATENATE('Formulario PPGR1'!$C46,".",'Formulario PPGR1'!$D46,".",'Formulario PPGR1'!$E46,".",#REF!)) | C46: =IF('Formulario PPGR1'!$F46="","",#REF!) | D46: =IF('Formulario PPGR1'!$F46="","",#REF!) | E46: =IF('Formulario PPGR1'!$F46="","",#REF!) | G46: {=_xlfn.XLOOKUP($F46,LE_tbl[[#All],[Ls_LinesEstategica]],LE_tbl[[#All],[Le_code]],"",0)} | I46: =_xlfn.XLOOKUP($H46,Obj!$D$122:$D$134,Obj!$E$122:$E$134,"",0) | L46: Promedio de cumplimiento de los criterios establecidos en los documentos normativos durante la atención al recién nacido | M46: Porcentaje | N46: 90.00 (2024) | O46: 95 | Q46: Materno-Infantil y Adolescentes Centros Hospitalarios Calidad de los Servicios de Salud
B47: =IF('Formulario PPGR1'!$F47="","",CONCATENATE('Formulario PPGR1'!$C47,".",'Formulario PPGR1'!$D47,".",'Formulario PPGR1'!$E47,".",#REF!)) | C47: =IF('Formulario PPGR1'!$F47="","",#REF!) | D47: =IF('Formulario PPGR1'!$F47="","",#REF!) | E47: =IF('Formulario PPGR1'!$F47="","",#REF!) | G47: {=_xlfn.XLOOKUP($F47,LE_tbl[[#All],[Ls_LinesEstategica]],LE_tbl[[#All],[Le_code]],"",0)} | I47: =_xlfn.XLOOKUP($H47,Obj!$D$122:$D$134,Obj!$E$122:$E$134,"",0) | L47: Promedio de cumplimiento de los criterios establecidos en los documentos normativos durante la atención en la consulta prenatal | M47: Porcentaje | N47: 77.00 (2024) | O47: 85 | Q47: Materno-Infantil y Adolescentes Centros Hospitalarios Calidad de los Servicios de Salud
B48: =IF('Formulario PPGR1'!$F48="","",CONCATENATE('Formulario PPGR1'!$C48,".",'Formulario PPGR1'!$D48,".",'Formulario PPGR1'!$E48,".",#REF!)) | C48: =IF('Formulario PPGR1'!$F48="","",#REF!) | D48: =IF('Formulario PPGR1'!$F48="","",#REF!) | E48: =IF('Formulario PPGR1'!$F48="","",#REF!) | G48: {=_xlfn.XLOOKUP($F48,LE_tbl[[#All],[Ls_LinesEstategica]],LE_tbl[[#All],[Le_code]],"",0)} | I48: =_xlfn.XLOOKUP($H48,Obj!$D$122:$D$134,Obj!$E$122:$E$134,"",0) | L48: Promedio de cumplimiento de los criterios establecidos en los documentos normativos durante la atención en preparto | M48: Porcentaje | N48: 82.00 (2024) | O48: 90 | Q48: Materno-Infantil y Adolescentes Centros Hospitalarios Calidad de los Servicios de Salud
B49: =IF('Formulario PPGR1'!$F49="","",CONCATENATE('Formulario PPGR1'!$C49,".",'Formulario PPGR1'!$D49,".",'Formulario PPGR1'!$E49,".",#REF!)) -> #REF! | C49: =IF('Formulario PPGR1'!$F49="","",#REF!) -> #REF! | D49: =IF('Formulario PPGR1'!$F49="","",#REF!) -> #REF! | E49: =IF('Formulario PPGR1'!$F49="","",#REF!) -> #REF! | F49: LE.1 - Desarrollo y fortalecimiento de las redes integradas de servicios de salud fundamentada en el Modelo de Atención | G49: {=_xlfn.XLOOKUP($F49,LE_tbl[[#All],[Ls_LinesEstategica]],LE_tbl[[#All],[Le_code]],"",0)} -> LE.1 | H49: 1.2 Avanzar en la articulación de las redes de servicios, asegurando que la atención sea integral y acorde con las necesidades territoriales de la población. | I49: =_xlfn.XLOOKUP($H49,Obj!$D$122:$D$134,Obj!$E$122:$E$134,"",0) -> Obj1.2 | J49: 1.2.3 Gestión integrada y articulada de las redes públicas de servicios de salud, con actores involucrados en la organización, gestión y atención de servicios de salud con enfoque y participación intra e intersectorial y participación social y de comités de salud, que promueva un ambiente favorable para la cobertura y acceso a los servicios de salud | K49: 1.2.3.1 Comités de Salud del Primer Nivel y Hospitalarios (priorizados según Reglamento Hospitalario 434-07) | L49: Porcentaje de hospitales que cumplen con los comités reglamentados | M49: Porcentaje | N49: S/D | O49: 95 | Q49: Servicios de Salud Centros Hospitalarios
B50: =IF('Formulario PPGR1'!$F50="","",CONCATENATE('Formulario PPGR1'!$C50,".",'Formulario PPGR1'!$D50,".",'Formulario PPGR1'!$E50,".",#REF!)) | C50: =IF('Formulario PPGR1'!$F50="","",#REF!) | D50: =IF('Formulario PPGR1'!$F50="","",#REF!) | E50: =IF('Formulario PPGR1'!$F50="","",#REF!) | G50: {=_xlfn.XLOOKUP($F50,LE_tbl[[#All],[Ls_LinesEstategica]],LE_tbl[[#All],[Le_code]],"",0)} | I50: =_xlfn.XLOOKUP($H50,Obj!$D$122:$D$134,Obj!$E$122:$E$134,"",0) | L50: Porcentaje de UNAP con comité de salud conformado | M50: Porcentaje | N50: S/D | O50: 90 | Q50: Servicios de Salud Primer Nivel
B51: =IF('Formulario PPGR1'!$F51="","",CONCATENATE('Formulario PPGR1'!$C51,".",'Formulario PPGR1'!$D51,".",'Formulario PPGR1'!$E51,".",#REF!)) -> #REF! | C51: =IF('Formulario PPGR1'!$F51="","",#REF!) -> #REF! | D51: =IF('Formulario PPGR1'!$F51="","",#REF!) -> #REF! | E51: =IF('Formulario PPGR1'!$F51="","",#REF!) -> #REF! | F51: LE.1 - Desarrollo y fortalecimiento de las redes integradas de servicios de salud fundamentada en el Modelo de Atención | G51: {=_xlfn.XLOOKUP($F51,LE_tbl[[#All],[Ls_LinesEstategica]],LE_tbl[[#All],[Le_code]],"",0)} -> LE.1 | H51: 1.3 Asegurar la calidad de la atención y la seguridad del paciente, en el marco de los derechos de las personas, con el fin de aumentar la confianza y satisfacción de los usuarios de los servicios de salud. | I51: =_xlfn.XLOOKUP($H51,Obj!$D$122:$D$134,Obj!$E$122:$E$134,"",0) -> Obj1.3 | J51: 1.3.3 Desarrollo y mantenimiento de un modelo de evaluación de la entrega de servicios sanitarios con carácter igualitario y libre de discriminación, que promueva mediante la continua retroalimentación, la generación de mejores resultados en materia de salud lo que se traduzca en el aumento de la satisfacción de las personas con respecto a los servicios públicos de salud | K51: 1.3.3.1 Gestión de la Experiencia del Paciente | L51: Índice de satisfacción usuaria en la atención de salud del Nivel Complementario | M51: Porcentaje | N51: 93.45 (2023) | O51: 95 | Q51: Atención a los Usuarios Centros Hospitalarios | V51: Gestión Integral de Información
B52: =IF('Formulario PPGR1'!$F52="","",CONCATENATE('Formulario PPGR1'!$C52,".",'Formulario PPGR1'!$D52,".",'Formulario PPGR1'!$E52,".",#REF!)) | C52: =IF('Formulario PPGR1'!$F52="","",#REF!) | D52: =IF('Formulario PPGR1'!$F52="","",#REF!) | E52: =IF('Formulario PPGR1'!$F52="","",#REF!) | G52: {=_xlfn.XLOOKUP($F52,LE_tbl[[#All],[Ls_LinesEstategica]],LE_tbl[[#All],[Le_code]],"",0)} | I52: =_xlfn.XLOOKUP($H52,Obj!$D$122:$D$134,Obj!$E$122:$E$134,"",0) | L52: Índice de satisfacción usuaria en la atención de salud del Primer Nivel de Atención | M52: Porcentaje | N52: 95.15 (2023) | O52: 95 | Q52: Atención a los Usuarios Primer Nivel
B53: =IF('Formulario PPGR1'!$F53="","",CONCATENATE('Formulario PPGR1'!$C53,".",'Formulario PPGR1'!$D53,".",'Formulario PPGR1'!$E53,".",#REF!)) | C53: =IF('Formulario PPGR1'!$F53="","",#REF!) | D53: =IF('Formulario PPGR1'!$F53="","",#REF!) | E53: =IF('Formulario PPGR1'!$F53="","",#REF!) | G53: {=_xlfn.XLOOKUP($F53,LE_tbl[[#All],[Ls_LinesEstategica]],LE_tbl[[#All],[Le_code]],"",0)} | I53: =_xlfn.XLOOKUP($H53,Obj!$D$122:$D$134,Obj!$E$122:$E$134,"",0) | K53: 1.3.3.2 Plan de Hostelería Hospitalaria | L53: Promedio de cumplimiento del indicador de higiene y ornato | M53: Porcentaje | N53: S/D | O53: 80 | Q53: Servicios de Salud
B54: =IF('Formulario PPGR1'!$F54="","",CONCATENATE('Formulario PPGR1'!$C54,".",'Formulario PPGR1'!$D54,".",'Formulario PPGR1'!$E54,".",#REF!)) | C54: =IF('Formulario PPGR1'!$F54="","",#REF!) | D54: =IF('Formulario PPGR1'!$F54="","",#REF!) | E54: =IF('Formulario PPGR1'!$F54="","",#REF!) | G54: {=_xlfn.XLOOKUP($F54,LE_tbl[[#All],[Ls_LinesEstategica]],LE_tbl[[#All],[Le_code]],"",0)} | I54: =_xlfn.XLOOKUP($H54,Obj!$D$122:$D$134,Obj!$E$122:$E$134,"",0) | K54: 1.3.3.3 Garantizar el acceso y el seguimiento a los servicios de salud para personas victimas de violencia de género e intrafamiliar | L54: Porcentaje de casos con seguimiento integral. | M54: Porcentaje | N54: S/D | O54: 70 | Q54: Gestión Clínica
B55: =IF('Formulario PPGR1'!$F55="","",CONCATENATE('Formulario PPGR1'!$C55,".",'Formulario PPGR1'!$D55,".",'Formulario PPGR1'!$E55,".",#REF!)) | C55: =IF('Formulario PPGR1'!$F55="","",#REF!) | D55: =IF('Formulario PPGR1'!$F55="","",#REF!) | E55: =IF('Formulario PPGR1'!$F55="","",#REF!) | G55: {=_xlfn.XLOOKUP($F55,LE_tbl[[#All],[Ls_LinesEstategica]],LE_tbl[[#All],[Le_code]],"",0)} | I55: =_xlfn.XLOOKUP($H55,Obj!$D$122:$D$134,Obj!$E$122:$E$134,"",0) | K55: 1.3.3.4 Incremento Cobertura de Registro Oportuno de Nacimientos | L55: Cobertura de registro certificados de nacidos vivos | M55: Porcentaje | N55: 90 (2024) | O55: 95 | Q55: Materno-Infantil y Adolescentes Centros Hospitalarios
B56: =IF('Formulario PPGR1'!$F56="","",CONCATENATE('Formulario PPGR1'!$C56,".",'Formulario PPGR1'!$D56,".",'Formulario PPGR1'!$E56,".",#REF!)) -> #REF! | C56: =IF('Formulario PPGR1'!$F56="","",#REF!) -> #REF! | D56: =IF('Formulario PPGR1'!$F56="","",#REF!) -> #REF! | E56: =IF('Formulario PPGR1'!$F56="","",#REF!) -> #REF! | F56: LE.1 - Desarrollo y fortalecimiento de las redes integradas de servicios de salud fundamentada en el Modelo de Atención | G56: {=_xlfn.XLOOKUP($F56,LE_tbl[[#All],[Ls_LinesEstategica]],LE_tbl[[#All],[Le_code]],"",0)} -> LE.1 | H56: 1.3 Asegurar la calidad de la atención y la seguridad del paciente, en el marco de los derechos de las personas, con el fin de aumentar la confianza y satisfacción de los usuarios de los servicios de salud. | I56: =_xlfn.XLOOKUP($H56,Obj!$D$122:$D$134,Obj!$E$122:$E$134,"",0) -> Obj1.3 | J56: 1.3.4 Fortalecida la calidad de la atención en salud como resultado del seguimiento a los aspectos técnicos y no técnicos de la atención, que disminuya el riesgo de la seguridad del paciente y de los resultados esperados de salud | K56: 1.3.4.1 Monitoreo de la Calidad en los Servicios de Salud | L56: Número de auditorías realizadas según cronograma | M56: Porcentaje | N56: S/D | O56: 100 | Q56: Calidad de los Servicios de Salud
B57: =IF('Formulario PPGR1'!$F57="","",CONCATENATE('Formulario PPGR1'!$C57,".",'Formulario PPGR1'!$D57,".",'Formulario PPGR1'!$E57,".",#REF!)) | C57: =IF('Formulario PPGR1'!$F57="","",#REF!) | D57: =IF('Formulario PPGR1'!$F57="","",#REF!) | E57: =IF('Formulario PPGR1'!$F57="","",#REF!) | G57: {=_xlfn.XLOOKUP($F57,LE_tbl[[#All],[Ls_LinesEstategica]],LE_tbl[[#All],[Le_code]],"",0)} | I57: =_xlfn.XLOOKUP($H57,Obj!$D$122:$D$134,Obj!$E$122:$E$134,"",0) | K57: 1.3.4.2 Prevención y Control del Riesgo Biológico | L57: Porcentaje de personal capacitado en protocolos de prevención de riesgos biológicos. | M57: Porcentaje | N57: S/D | O57: 75 | Q57: Calidad de los Servicios de Salud | V57: Gestión y Control de la Planificación Institucional
B58: =IF('Formulario PPGR1'!$F58="","",CONCATENATE('Formulario PPGR1'!$C58,".",'Formulario PPGR1'!$D58,".",'Formulario PPGR1'!$E58,".",#REF!)) | C58: =IF('Formulario PPGR1'!$F58="","",#REF!) | D58: =IF('Formulario PPGR1'!$F58="","",#REF!) | E58: =IF('Formulario PPGR1'!$F58="","",#REF!) | G58: {=_xlfn.XLOOKUP($F58,LE_tbl[[#All],[Ls_LinesEstategica]],LE_tbl[[#All],[Le_code]],"",0)} | I58: =_xlfn.XLOOKUP($H58,Obj!$D$122:$D$134,Obj!$E$122:$E$134,"",0) | K58: 1.3.4.3 Seguimiento a la Habilitación de los Servicios de Salud | L58: Porcentaje de hospitales que han completado su proceso de autoevaluación para ser habilitados | M58: Porcentaje | N58: S/D | O58: 60 | Q58: Calidad de los Servicios de Salud
B59: =IF('Formulario PPGR1'!$F59="","",CONCATENATE('Formulario PPGR1'!$C59,".",'Formulario PPGR1'!$D59,".",'Formulario PPGR1'!$E59,".",#REF!)) | C59: =IF('Formulario PPGR1'!$F59="","",#REF!) | D59: =IF('Formulario PPGR1'!$F59="","",#REF!) | E59: =IF('Formulario PPGR1'!$F59="","",#REF!) | G59: {=_xlfn.XLOOKUP($F59,LE_tbl[[#All],[Ls_LinesEstategica]],LE_tbl[[#All],[Le_code]],"",0)} | I59: =_xlfn.XLOOKUP($H59,Obj!$D$122:$D$134,Obj!$E$122:$E$134,"",0) | L59: Porcentaje de CPN que han completado su proceso de autoevaluación para ser habilitados | M59: Porcentaje | N59: S/D | O59: 30 | Q59: Calidad de los Servicios de Salud
B60: =IF('Formulario PPGR1'!$F60="","",CONCATENATE('Formulario PPGR1'!$C60,".",'Formulario PPGR1'!$D60,".",'Formulario PPGR1'!$E60,".",#REF!)) | C60: =IF('Formulario PPGR1'!$F60="","",#REF!) | D60: =IF('Formulario PPGR1'!$F60="","",#REF!) | E60: =IF('Formulario PPGR1'!$F60="","",#REF!) | G60: {=_xlfn.XLOOKUP($F60,LE_tbl[[#All],[Ls_LinesEstategica]],LE_tbl[[#All],[Le_code]],"",0)} | I60: =_xlfn.XLOOKUP($H60,Obj!$D$122:$D$134,Obj!$E$122:$E$134,"",0) | K60: 1.3.4.4 Continuidad implementacion de la Politica de estandar de los cuidados de enfemeria como indicadores de calidad | L60: Porcentaje de hospitales aplicando estándares de enfermería. | M60: Porcentaje | N60: S/D | O60: 65 | Q60: Enfermería
B61: =IF('Formulario PPGR1'!$F61="","",CONCATENATE('Formulario PPGR1'!$C61,".",'Formulario PPGR1'!$D61,".",'Formulario PPGR1'!$E61,".",#REF!)) | C61: =IF('Formulario PPGR1'!$F61="","",#REF!) | D61: =IF('Formulario PPGR1'!$F61="","",#REF!) | E61: =IF('Formulario PPGR1'!$F61="","",#REF!) | G61: {=_xlfn.XLOOKUP($F61,LE_tbl[[#All],[Ls_LinesEstategica]],LE_tbl[[#All],[Le_code]],"",0)} | I61: =_xlfn.XLOOKUP($H61,Obj!$D$122:$D$134,Obj!$E$122:$E$134,"",0) | K61: 1.3.4.5 Vigilancia de las Infecciones Asociadas a la Atención | L61: Porcentaje de hospitales con Unidades de Vigilancia de Infecciones Asociadas a la Atención con equipos completos | M61: Porcentaje | N61: S/D | O61: 85 | Q61: Calidad de los Servicios de Salud Materno-Infantil y Adolescentes
B62: =IF('Formulario PPGR1'!$F62="","",CONCATENATE('Formulario PPGR1'!$C62,".",'Formulario PPGR1'!$D62,".",'Formulario PPGR1'!$E62,".",#REF!)) -> #REF! | C62: =IF('Formulario PPGR1'!$F62="","",#REF!) -> #REF! | D62: =IF('Formulario PPGR1'!$F62="","",#REF!) -> #REF! | E62: =IF('Formulario PPGR1'!$F62="","",#REF!) -> #REF! | F62: LE.2 - Fortalecimiento de la gestión y desarrollo de los recursos humanos. | G62: {=_xlfn.XLOOKUP($F62,LE_tbl[[#All],[Ls_LinesEstategica]],LE_tbl[[#All],[Le_code]],"",0)} -> LE.2 | H62: 2.1 Desarrollar capacidades en los colaboradores de la red de salud, mediante la formación continua, para mejorar el desempeño laboral y alinearlo con las necesidades identificadas en cada nivel de atención. | I62: =_xlfn.XLOOKUP($H62,Obj!$D$122:$D$134,Obj!$E$122:$E$134,"",0) -> Obj2.1 | J62: 2.1.1 Incrementada las competencias y resolutividad de los colaboradores, de acuerdo a la complejidad de sus funciones, las necesidades de salud de la población y los compromisos del sector | K62: 2.1.1.1 Programa de capacitación en los Cuidados de enfermería | L62: Número de capacitaciones realizadas sobre estándares. | M62: Unidad | N62: S/D | O62: 2 | Q62: Enfermería
B63: =IF('Formulario PPGR1'!$F63="","",CONCATENATE('Formulario PPGR1'!$C63,".",'Formulario PPGR1'!$D63,".",'Formulario PPGR1'!$E63,".",#REF!)) -> #REF! | C63: =IF('Formulario PPGR1'!$F63="","",#REF!) -> #REF! | D63: =IF('Formulario PPGR1'!$F63="","",#REF!) -> #REF! | E63: =IF('Formulario PPGR1'!$F63="","",#REF!) -> #REF! | F63: LE.3 - Fortalecimiento Institucional | G63: {=_xlfn.XLOOKUP($F63,LE_tbl[[#All],[Ls_LinesEstategica]],LE_tbl[[#All],[Le_code]],"",0)} -> LE.3 | H63: 3.1 Fortalecer los procesos de gestión institucional para mejorar la eficiencia, transparencia y efectividad en la administración de los recursos y servicios. | I63: =_xlfn.XLOOKUP($H63,Obj!$D$122:$D$134,Obj!$E$122:$E$134,"",0) -> Obj3.1 | J63: 3.1.1 Fortalecida la gestión institucional y productiva mediante la mejora de la transparencia, efectividad de la administración de recursos y servicios. | K63: 3.1.1.1 Transparencia de la Gestión y Participación Ciudadana | L63: Índice de Transparencia | M63: Porcentaje | N63: S/D | O63: 90 | Q63: Oficina Acceso a la Información
B64: =IF('Formulario PPGR1'!$F64="","",CONCATENATE('Formulario PPGR1'!$C64,".",'Formulario PPGR1'!$D64,".",'Formulario PPGR1'!$E64,".",#REF!)) | C64: =IF('Formulario PPGR1'!$F64="","",#REF!) | D64: =IF('Formulario PPGR1'!$F64="","",#REF!) | E64: =IF('Formulario PPGR1'!$F64="","",#REF!) | G64: {=_xlfn.XLOOKUP($F64,LE_tbl[[#All],[Ls_LinesEstategica]],LE_tbl[[#All],[Le_code]],"",0)} | I64: =_xlfn.XLOOKUP($H64,Obj!$D$122:$D$134,Obj!$E$122:$E$134,"",0) | K64: 3.1.1.2 Programa de Seguridad Física de los establecimientos de la Red SNS | L64: Porcentaje de establecimientos con planes de seguridad implementados. | M64: Porcentaje | N64: S/D | O64: 30 | Q64: Seguridad | V64: Promoción y Cultura de Innovación
B65: =IF('Formulario PPGR1'!$F65="","",CONCATENATE('Formulario PPGR1'!$C65,".",'Formulario PPGR1'!$D65,".",'Formulario PPGR1'!$E65,".",#REF!)) | C65: =IF('Formulario PPGR1'!$F65="","",#REF!) | D65: =IF('Formulario PPGR1'!$F65="","",#REF!) | E65: =IF('Formulario PPGR1'!$F65="","",#REF!) | G65: {=_xlfn.XLOOKUP($F65,LE_tbl[[#All],[Ls_LinesEstategica]],LE_tbl[[#All],[Le_code]],"",0)} | I65: =_xlfn.XLOOKUP($H65,Obj!$D$122:$D$134,Obj!$E$122:$E$134,"",0) | K65: 3.1.1.3 Fortalecimiento del sistema de control interno y auditoria de la gestión | L65: Porcentaje de auditorías realizadas conforme el plan anual | M65: Porcentaje | N65: S/D | O65: 95 | Q65: Control y Fiscalización
B66: =IF('Formulario PPGR1'!$F66="","",CONCATENATE('Formulario PPGR1'!$C66,".",'Formulario PPGR1'!$D66,".",'Formulario PPGR1'!$E66,".",#REF!)) | C66: =IF('Formulario PPGR1'!$F66="","",#REF!) | D66: =IF('Formulario PPGR1'!$F66="","",#REF!) | E66: =IF('Formulario PPGR1'!$F66="","",#REF!) | G66: {=_xlfn.XLOOKUP($F66,LE_tbl[[#All],[Ls_LinesEstategica]],LE_tbl[[#All],[Le_code]],"",0)} | I66: =_xlfn.XLOOKUP($H66,Obj!$D$122:$D$134,Obj!$E$122:$E$134,"",0) | K66: 3.1.1.4 Fortalecimiento del Sistema de Administración de Bienes | L66: Porcentaje de hospitales con inventarios actualizados | M66: Porcentaje | N66: S/D | O66: 90 | Q66: Administrativo
B67: =IF('Formulario PPGR1'!$F67="","",CONCATENATE('Formulario PPGR1'!$C67,".",'Formulario PPGR1'!$D67,".",'Formulario PPGR1'!$E67,".",#REF!)) | C67: =IF('Formulario PPGR1'!$F67="","",#REF!) | D67: =IF('Formulario PPGR1'!$F67="","",#REF!) | E67: =IF('Formulario PPGR1'!$F67="","",#REF!) | G67: {=_xlfn.XLOOKUP($F67,LE_tbl[[#All],[Ls_LinesEstategica]],LE_tbl[[#All],[Le_code]],"",0)} | I67: =_xlfn.XLOOKUP($H67,Obj!$D$122:$D$134,Obj!$E$122:$E$134,"",0) | K67: 3.1.1.5 Implementación Normas Básicas de Control Interno en la Red SNS | L67: Porcentaje de implementación de la norma | M67: Porcentaje | N67: S/D | O67: 80 | Q67: Planificación y Desarrollo
B68: =IF('Formulario PPGR1'!$F68="","",CONCATENATE('Formulario PPGR1'!$C68,".",'Formulario PPGR1'!$D68,".",'Formulario PPGR1'!$E68,".",#REF!)) | C68: =IF('Formulario PPGR1'!$F68="","",#REF!) | D68: =IF('Formulario PPGR1'!$F68="","",#REF!) | E68: =IF('Formulario PPGR1'!$F68="","",#REF!) | G68: {=_xlfn.XLOOKUP($F68,LE_tbl[[#All],[Ls_LinesEstategica]],LE_tbl[[#All],[Le_code]],"",0)} | I68: =_xlfn.XLOOKUP($H68,Obj!$D$122:$D$134,Obj!$E$122:$E$134,"",0) | K68: 3.1.1.6 Plan de Inversión para el desarrollo del PNA | L68: Porcentaje de implementación del plan de inversión PNA | M68: Porcentaje | N68: S/D | O68: 85 | Q68: Primer Nivel
B69: =IF('Formulario PPGR1'!$F69="","",CONCATENATE('Formulario PPGR1'!$C69,".",'Formulario PPGR1'!$D69,".",'Formulario PPGR1'!$E69,".",#REF!)) -> #REF! | C69: =IF('Formulario PPGR1'!$F69="","",#REF!) -> #REF! | D69: =IF('Formulario PPGR1'!$F69="","",#REF!) -> #REF! | E69: =IF('Formulario PPGR1'!$F69="","",#REF!) -> #REF! | F69: LE.3 - Fortalecimiento Institucional | G69: {=_xlfn.XLOOKUP($F69,LE_tbl[[#All],[Ls_LinesEstategica]],LE_tbl[[#All],[Le_code]],"",0)} -> LE.3 | H69: 3.2 Aumentar la sostenibilidad financiera de la institución, mediante la optimización de recursos y la implementación de estrategias de financiamiento a mediano y largo plazo. | I69: =_xlfn.XLOOKUP($H69,Obj!$D$122:$D$134,Obj!$E$122:$E$134,"",0) -> Obj3.2 | J69: 3.2.1 Mejorada la sostenibilidad financiera del SNS mediante el control de gastos, saneamiento de las deudas e incremento de las distintas fuentes de financiamiento con el fin de garantizar la prestación de servicios en salud con oportunidad y eficiencia | K69: 3.2.1.1 Ejecución de los procesos de compra en tiempo oportuno | L69: Porcentaje SISCOMPRA | M69: Porcentaje | N69: S/D | O69: 85 | Q69: Administrativo
B70: =IF('Formulario PPGR1'!$F70="","",CONCATENATE('Formulario PPGR1'!$C70,".",'Formulario PPGR1'!$D70,".",'Formulario PPGR1'!$E70,".",#REF!)) -> #REF! | C70: =IF('Formulario PPGR1'!$F70="","",#REF!) -> #REF! | D70: =IF('Formulario PPGR1'!$F70="","",#REF!) -> #REF! | E70: =IF('Formulario PPGR1'!$F70="","",#REF!) -> #REF! | F70: LE.3 - Fortalecimiento Institucional | G70: {=_xlfn.XLOOKUP($F70,LE_tbl[[#All],[Ls_LinesEstategica]],LE_tbl[[#All],[Le_code]],"",0)} -> LE.3 | H70: 3.3 Mejorar el posicionamiento institucional, con el objetivo de aumentar su visibilidad, reputación y liderazgo en el sector salud. | I70: =_xlfn.XLOOKUP($H70,Obj!$D$122:$D$134,Obj!$E$122:$E$134,"",0) -> Obj3.3 | J70: 3.3.1 Aumentada la conexión del SNS con los medios informativos y la población, manteniendo con ellos una comunicación ágil, fluida y de calidad; que nos permita satisfacer con rapidez las peticiones y necesidades de información sobre la institución y los servicios ofrecidos | K70: 3.3.1.1 Implementación del Manual de Señalética e Identidad de la Red SNS (Comunicación estratégica y posicionamiento institucional) | L70: Porcentaje de implementación del manual de identidad institucional | M70: Porcentaje | N70: S/D | O70: 45 | Q70: Comunicaciones
B71: =IF('Formulario PPGR1'!$F71="","",CONCATENATE('Formulario PPGR1'!$C71,".",'Formulario PPGR1'!$D71,".",'Formulario PPGR1'!$E71,".",#REF!)) | C71: =IF('Formulario PPGR1'!$F71="","",#REF!) | D71: =IF('Formulario PPGR1'!$F71="","",#REF!) | E71: =IF('Formulario PPGR1'!$F71="","",#REF!) | G71: {=_xlfn.XLOOKUP($F71,LE_tbl[[#All],[Ls_LinesEstategica]],LE_tbl[[#All],[Le_code]],"",0)} | I71: =_xlfn.XLOOKUP($H71,Obj!$D$122:$D$134,Obj!$E$122:$E$134,"",0) | K71: 3.3.1.2 Despliegue Plan Interconexión Red Pública de Servicios de Salud (Educación en Salud) | L71: Porcentaje de implementación del Plan de Interconexión de la Red en centros priorizados | M71: Porcentaje | N71: S/D | O71: 80 | Q71: Comunicaciones
B72: =IF('Formulario PPGR1'!$F72="","",CONCATENATE('Formulario PPGR1'!$C72,".",'Formulario PPGR1'!$D72,".",'Formulario PPGR1'!$E72,".",#REF!)) | C72: =IF('Formulario PPGR1'!$F72="","",#REF!) | D72: =IF('Formulario PPGR1'!$F72="","",#REF!) | E72: =IF('Formulario PPGR1'!$F72="","",#REF!) | G72: {=_xlfn.XLOOKUP($F72,LE_tbl[[#All],[Ls_LinesEstategica]],LE_tbl[[#All],[Le_code]],"",0)} | I72: =_xlfn.XLOOKUP($H72,Obj!$D$122:$D$134,Obj!$E$122:$E$134,"",0) | K72: 3.3.1.3 Despliegue Plan de Gestión Ambiental / Responsabilidad Social Institucional | L72: Porcentaje de cumplimiento del plan de gestión ambiental | M72: Porcentaje | N72: S/D | O72: 90 | Q72: Comunicaciones
B73: =IF('Formulario PPGR1'!$F73="","",CONCATENATE('Formulario PPGR1'!$C73,".",'Formulario PPGR1'!$D73,".",'Formulario PPGR1'!$E73,".",#REF!)) -> #REF! | C73: =IF('Formulario PPGR1'!$F73="","",#REF!) -> #REF! | D73: =IF('Formulario PPGR1'!$F73="","",#REF!) -> #REF! | E73: =IF('Formulario PPGR1'!$F73="","",#REF!) -> #REF! | F73: LE.3 - Fortalecimiento Institucional | G73: {=_xlfn.XLOOKUP($F73,LE_tbl[[#All],[Ls_LinesEstategica]],LE_tbl[[#All],[Le_code]],"",0)} -> LE.3 | H73: 3.4 Fomentar alianzas interinstitucionales con actores clave, para maximizar los recursos y mejorar la calidad de los servicios de salud a través de la colaboración y el intercambio de conocimientos. | I73: =_xlfn.XLOOKUP($H73,Obj!$D$122:$D$134,Obj!$E$122:$E$134,"",0) -> Obj3.4 | J73: 3.4.1 Fomentadas las alianzas nacionales e internacionales para captación y optimización de recursos que favorezcan el fortalecimiento y calidad de los servicios | K73: 3.4.1.1 Levantamiento de Necesidades de Cooperación no Reembolsable | L73: Porcentaje de hospitales que reportan las necesidades de cooperación | M73: Porcentaje | N73: S/D | O73: 100 | Q73: Planificación y Desarrollo
B74: =IF('Formulario PPGR1'!$F74="","",CONCATENATE('Formulario PPGR1'!$C74,".",'Formulario PPGR1'!$D74,".",'Formulario PPGR1'!$E74,".",#REF!)) -> #REF! | C74: =IF('Formulario PPGR1'!$F74="","",#REF!) -> #REF! | D74: =IF('Formulario PPGR1'!$F74="","",#REF!) -> #REF! | E74: =IF('Formulario PPGR1'!$F74="","",#REF!) -> #REF! | F74: LE.3 - Fortalecimiento Institucional | G74: {=_xlfn.XLOOKUP($F74,LE_tbl[[#All],[Ls_LinesEstategica]],LE_tbl[[#All],[Le_code]],"",0)} -> LE.3 | H74: 3.5 Fortalecer el uso de tecnologías y sistemas de información en la gestión institucional, para mejorar la calidad y eficiencia operativa. | I74: =_xlfn.XLOOKUP($H74,Obj!$D$122:$D$134,Obj!$E$122:$E$134,"",0) -> Obj3.5 | J74: 3.5.1 Fortalecido el desarrollo y uso de tecnologías y sistemas de información para mejorar la calidad y eficiencia de la gestión operativa | K74: 3.5.1.1 Mejora de la infraestructura tecnológica de la Red SNS | L74: Porcentaje de CPN con dotación de equipos informáticos | M74: Porcentaje | N74: S/D | O74: 75 | Q74: Tecnología de la Información
B75: =IF('Formulario PPGR1'!$F75="","",CONCATENATE('Formulario PPGR1'!$C75,".",'Formulario PPGR1'!$D75,".",'Formulario PPGR1'!$E75,".",#REF!)) | C75: =IF('Formulario PPGR1'!$F75="","",#REF!) | D75: =IF('Formulario PPGR1'!$F75="","",#REF!) | E75: =IF('Formulario PPGR1'!$F75="","",#REF!) | G75: {=_xlfn.XLOOKUP($F75,LE_tbl[[#All],[Ls_LinesEstategica]],LE_tbl[[#All],[Le_code]],"",0)} | I75: =_xlfn.XLOOKUP($H75,Obj!$D$122:$D$134,Obj!$E$122:$E$134,"",0) | K75: 3.5.1.2 Proyecto de implementación del Sistema de Administración y Logística de Medicamentos e Insumos (SALMI) | L75: Porcentaje de hospitales conectados al sistema SALMI. | M75: Porcentaje | N75: S/D | O75: 50 | Q75: Medicamentos e Insumos
B76: =IF('Formulario PPGR1'!$F76="","",CONCATENATE('Formulario PPGR1'!$C76,".",'Formulario PPGR1'!$D76,".",'Formulario PPGR1'!$E76,".",#REF!)) | C76: =IF('Formulario PPGR1'!$F76="","",#REF!) | D76: =IF('Formulario PPGR1'!$F76="","",#REF!) | E76: =IF('Formulario PPGR1'!$F76="","",#REF!) | G76: {=_xlfn.XLOOKUP($F76,LE_tbl[[#All],[Ls_LinesEstategica]],LE_tbl[[#All],[Le_code]],"",0)} | I76: =_xlfn.XLOOKUP($H76,Obj!$D$122:$D$134,Obj!$E$122:$E$134,"",0) | K76: 3.5.1.3 Gestión de la Calidad del Dato en los EES (CPN y CEAS) | L76: Porcentaje de errores detectados en auditorías de calidad de datos (menos del 1%) | M76: Porcentaje | N76: S/D | O76: 1 | Q76: Gestión de la Información
B77: =IF('Formulario PPGR1'!$F77="","",CONCATENATE('Formulario PPGR1'!$C77,".",'Formulario PPGR1'!$D77,".",'Formulario PPGR1'!$E77,".",#REF!)) -> #REF! | C77: =IF('Formulario PPGR1'!$F77="","",#REF!) -> #REF! | D77: =IF('Formulario PPGR1'!$F77="","",#REF!) -> #REF! | E77: =IF('Formulario PPGR1'!$F77="","",#REF!) -> #REF! | F77: LE.3 - Fortalecimiento Institucional | G77: {=_xlfn.XLOOKUP($F77,LE_tbl[[#All],[Ls_LinesEstategica]],LE_tbl[[#All],[Le_code]],"",0)} -> LE.3 | H77: 3.6 Fortalecer la infraestructura física y el equipamiento médico, asegurando que los centros de salud cuenten con recursos adecuados para ofrecer atención de calidad. | I77: =_xlfn.XLOOKUP($H77,Obj!$D$122:$D$134,Obj!$E$122:$E$134,"",0) -> Obj3.6 | J77: 3.6.1 Readecuada la infraestructura física y dotación de equipamiento médico de los establecimientos de salud acorde al nivel de atención | K77: 3.6.1.1 Programa de Mantenimiento Preventivo de Equipos Médicos e Infraestuctura | L77: Porcentaje implementación del Programa de Mantenimiento Preventivo de Infraestructura y Equipos Médicos | M77: Porcentaje | N77: 54,97 (2023) | O77: 60 | Q77: Infraestructura y Equipos
B78: =IF('Formulario PPGR1'!$F78="","",CONCATENATE('Formulario PPGR1'!$C78,".",'Formulario PPGR1'!$D78,".",'Formulario PPGR1'!$E78,".",#REF!)) -> #REF! | C78: =IF('Formulario PPGR1'!$F78="","",#REF!) -> #REF! | D78: =IF('Formulario PPGR1'!$F78="","",#REF!) -> #REF! | E78: =IF('Formulario PPGR1'!$F78="","",#REF!) -> #REF! | F78: LE.3 - Fortalecimiento Institucional | G78: {=_xlfn.XLOOKUP($F78,LE_tbl[[#All],[Ls_LinesEstategica]],LE_tbl[[#All],[Le_code]],"",0)} -> LE.3 | H78: 3.7 Fortalecer las capacidades de planificación institucional para optimizar los procesos estratégicos, asegurando que los resultados esperados y el presupuesto se alineen de manera efectiva, contribuyendo a la mejora continua de la gestión institucional. | I78: =_xlfn.XLOOKUP($H78,Obj!$D$122:$D$134,Obj!$E$122:$E$134,"",0) -> Obj3.7 | J78: 3.7.1 Fortalecida la capacidad institucional mediante la optimización de los procesos, empoderamiento del talento humano y articulación interna contribuyendo a la mejora continua de la gestión institucional | K78: 3.7.1.1 Gestión de litigios y seguimiento casos litigiosos en los SRS | L78: Porcentaje de de casos litigiosos resueltos | M78: Porcentaje | N78: S/D | O78: 80 | Q78: Jurídica
B79: =IF('Formulario PPGR1'!$F79="","",CONCATENATE('Formulario PPGR1'!$C79,".",'Formulario PPGR1'!$D79,".",'Formulario PPGR1'!$E79,".",#REF!)) | C79: =IF('Formulario PPGR1'!$F79="","",#REF!) | D79: =IF('Formulario PPGR1'!$F79="","",#REF!) | E79: =IF('Formulario PPGR1'!$F79="","",#REF!) | G79: {=_xlfn.XLOOKUP($F79,LE_tbl[[#All],[Ls_LinesEstategica]],LE_tbl[[#All],[Le_code]],"",0)} | I79: =_xlfn.XLOOKUP($H79,Obj!$D$122:$D$134,Obj!$E$122:$E$134,"",0) | K79: 3.7.1.2 Fortalecimiento del modelo de gestión y monitoreo de la calidad institucional | L79: Promedio cumplimiento SISMAP Salud | M79: Porcentaje | N79: S/D | O79: 80 | Q79: Planificación y Desarrollo
B80: =IF('Formulario PPGR1'!$F80="","",CONCATENATE('Formulario PPGR1'!$C80,".",'Formulario PPGR1'!$D80,".",'Formulario PPGR1'!$E80,".",#REF!)) | C80: =IF('Formulario PPGR1'!$F80="","",#REF!) | D80: =IF('Formulario PPGR1'!$F80="","",#REF!) | E80: =IF('Formulario PPGR1'!$F80="","",#REF!) | G80: {=_xlfn.XLOOKUP($F80,LE_tbl[[#All],[Ls_LinesEstategica]],LE_tbl[[#All],[Le_code]],"",0)} | I80: =_xlfn.XLOOKUP($H80,Obj!$D$122:$D$134,Obj!$E$122:$E$134,"",0) | L80: Promedio cumplimiento Programa Desempeño SNS | M80: Porcentaje | N80: S/D | O80: 80
B81: =IF('Formulario PPGR1'!$F81="","",CONCATENATE('Formulario PPGR1'!$C81,".",'Formulario PPGR1'!$D81,".",'Formulario PPGR1'!$E81,".",#REF!)) | C81: =IF('Formulario PPGR1'!$F81="","",#REF!) | D81: =IF('Formulario PPGR1'!$F81="","",#REF!) | E81: =IF('Formulario PPGR1'!$F81="","",#REF!) | G81: {=_xlfn.XLOOKUP($F81,LE_tbl[[#All],[Ls_LinesEstategica]],LE_tbl[[#All],[Le_code]],"",0)} | I81: =_xlfn.XLOOKUP($H81,Obj!$D$122:$D$134,Obj!$E$122:$E$134,"",0) | K81: 3.7.1.3 Despliegue nueva estructura organizativa Red SNS por nivel de complejidad | L81: Porcentaje de hospitales con estructura organizativa aprobada y con resolución | M81: Porcentaje | N81: S/D | O81: 90 | Q81: Planificación y Desarrollo
B82: =IF('Formulario PPGR1'!$F82="","",CONCATENATE('Formulario PPGR1'!$C82,".",'Formulario PPGR1'!$D82,".",'Formulario PPGR1'!$E82,".",#REF!)) | C82: =IF('Formulario PPGR1'!$F82="","",#REF!) | D82: =IF('Formulario PPGR1'!$F82="","",#REF!) | E82: =IF('Formulario PPGR1'!$F82="","",#REF!) | G82: {=_xlfn.XLOOKUP($F82,LE_tbl[[#All],[Ls_LinesEstategica]],LE_tbl[[#All],[Le_code]],"",0)} | I82: =_xlfn.XLOOKUP($H82,Obj!$D$122:$D$134,Obj!$E$122:$E$134,"",0) | K82: 3.7.1.4 Ejecución del plan de innovación institucional para promoción de la mejora continua | L82: Porcentaje de hospitales ejecutando el plan de innovación institucional | M82: Porcentaje | N82: S/D | O82: 55 | Q82: Planificación y Desarrollo
B83: =IF('Formulario PPGR1'!$F83="","",CONCATENATE('Formulario PPGR1'!$C83,".",'Formulario PPGR1'!$D83,".",'Formulario PPGR1'!$E83,".",#REF!)) | C83: =IF('Formulario PPGR1'!$F83="","",#REF!) | D83: =IF('Formulario PPGR1'!$F83="","",#REF!) | E83: =IF('Formulario PPGR1'!$F83="","",#REF!) | G83: {=_xlfn.XLOOKUP($F83,LE_tbl[[#All],[Ls_LinesEstategica]],LE_tbl[[#All],[Le_code]],"",0)} | I83: =_xlfn.XLOOKUP($H83,Obj!$D$122:$D$134,Obj!$E$122:$E$134,"",0) | K83: 3.7.1.5 Ampliación del sistema de monitoreo de la gestión pública | L83: Promedio de ejecución del plan operativo anual por SRS | M83: Porcentaje | N83: S/D | O83: 85 | Q83: Planificación y Desarrollo
B84: =IF('Formulario PPGR1'!$F84="","",CONCATENATE('Formulario PPGR1'!$C84,".",'Formulario PPGR1'!$D84,".",'Formulario PPGR1'!$E84,".",#REF!)) | C84: =IF('Formulario PPGR1'!$F84="","",#REF!) | D84: =IF('Formulario PPGR1'!$F84="","",#REF!) | E84: =IF('Formulario PPGR1'!$F84="","",#REF!) | G84: {=_xlfn.XLOOKUP($F84,LE_tbl[[#All],[Ls_LinesEstategica]],LE_tbl[[#All],[Le_code]],"",0)} | I84: =_xlfn.XLOOKUP($H84,Obj!$D$122:$D$134,Obj!$E$122:$E$134,"",0)

Sheet Formulario PPGR2
H2: ='Formulario PPGR1'!G2 -> Servicio Nacional de Salud
H3: ='Formulario PPGR1'!G3 -> Dirección de Planificación y Desarrollo
H4: =+'Formulario PPGR1'!G4 -> Plan Operativo Anual
H5: Identificación de actividades
H6: Servicio Nacional de Salud | Z6: =IF('Formulario PPGR1'!$M$3="SNS - Dirección Central","ls_Departamento","Ls_DepartamentosSRS") -> ls_Departamento
B8: ID_Dependendencia | C8: POA | D8: SRS | E8: AREA | F8: TIPO | G8: Productos | H8: Código | I8: Actividades Programables Presupuestables | J8: Ene | K8: Feb | L8: Mar | M8: Abr | N8: May | O8: Jun | P8: Jul | Q8: Ago | R8: Sep | S8: Oct | T8: Nov | U8: Dic | V8: Total de Acciones | W8: Medio de Verificación 1 | X8: Medio de Verificación 2 | Y8: Medio de Verificación 3 | Z8: Responsable | AA8: OBSERVACIONES POR EL SRS
B9: =IF('Formulario PPGR2'!$G205="","",CONCATENATE('Formulario PPGR2'!$C205,".",'Formulario PPGR2'!$D205,".",'Formulario PPGR2'!$E205,".",'Formulario PPGR2'!$F205)) -> #REF! | D9: =IF('Formulario PPGR2'!$G205="","",'Formulario PPGR1'!#REF!) -> #REF! | E9: =IF('Formulario PPGR2'!$G205="","",'Formulario PPGR1'!#REF!) -> #REF! | F9: =IF('Formulario PPGR2'!$G205="","",'Formulario PPGR1'!#REF!) -> #REF! | G9: 3.1.1.4 Fortalecimiento del Sistema de Administración de Bienes | H9: 3.1.1.4.01 | I9: Actualización de inventarios CPN y ORS | O9: 1 | U9: 1 | V9: =SUM(Tabla2[[#This Row],[Ene]:[Dic]]) -> 2 | W9: Registro Digital | Z9: Administrativo
B10: =IF('Formulario PPGR2'!$G206="","",CONCATENATE('Formulario PPGR2'!$C206,".",'Formulario PPGR2'!$D206,".",'Formulario PPGR2'!$E206,".",'Formulario PPGR2'!$F206)) -> #REF! | D10: =IF('Formulario PPGR2'!$G206="","",'Formulario PPGR1'!#REF!) -> #REF! | E10: =IF('Formulario PPGR2'!$G206="","",'Formulario PPGR1'!#REF!) -> #REF! | F10: =IF('Formulario PPGR2'!$G206="","",'Formulario PPGR1'!#REF!) -> #REF! | G10: 3.1.1.4 Fortalecimiento del Sistema de Administración de Bienes | H10: 3.1.1.4.02 | I10: Auditoría de cumplimiento del manual de administración de bienes en los EESS | R10: 1 | U10: 1 | V10: =SUM(Tabla2[[#This Row],[Ene]:[Dic]]) -> 2 | W10: Informe | X10: Listado de participación | Z10: Administrativo
B11: =IF('Formulario PPGR2'!$G207="","",CONCATENATE('Formulario PPGR2'!$C207,".",'Formulario PPGR2'!$D207,".",'Formulario PPGR2'!$E207,".",'Formulario PPGR2'!$F207)) -> #REF! | D11: =IF('Formulario PPGR2'!$G207="","",'Formulario PPGR1'!#REF!) -> #REF! | E11: =IF('Formulario PPGR2'!$G207="","",'Formulario PPGR1'!#REF!) -> #REF! | F11: =IF('Formulario PPGR2'!$G207="","",'Formulario PPGR1'!#REF!) -> #REF! | G11: 3.1.1.4 Fortalecimiento del Sistema de Administración de Bienes | H11: 3.1.1.4.03 | I11: Registro de activos en el SIAB de los SRS y EESS | L11: 1 | O11: 1 | R11: 1 | U11: 1 | V11: =SUM(Tabla2[[#This Row],[Ene]:[Dic]]) -> 4 | W11: Reporte | Y11: Reporte del SIAB | Z11: Administrativo
B12: =IF('Formulario PPGR2'!$G208="","",CONCATENATE('Formulario PPGR2'!$C208,".",'Formulario PPGR2'!$D208,".",'Formulario PPGR2'!$E208,".",'Formulario PPGR2'!$F208)) -> #REF! | D12: =IF('Formulario PPGR2'!$G208="","",'Formulario PPGR1'!#REF!) -> #REF! | E12: =IF('Formulario PPGR2'!$G208="","",'Formulario PPGR1'!#REF!) -> #REF! | F12: =IF('Formulario PPGR2'!$G208="","",'Formulario PPGR1'!#REF!) -> #REF! | G12: 3.1.1.4 Fortalecimiento del Sistema de Administración de Bienes | H12: 3.1.1.4.04 | I12: Capacitacion a los EESS en el Sistema de Administracion de Bienes (SIAB) | L12: 1 | O12: 1 | R12: 1 | U12: 1 | V12: =SUM(Tabla2[[#This Row],[Ene]:[Dic]]) -> 4 | W12: Listado de participación | X12: Agenda | Z12: Administrativo
B13: =IF('Formulario PPGR2'!$G214="","",CONCATENATE('Formulario PPGR2'!$C214,".",'Formulario PPGR2'!$D214,".",'Formulario PPGR2'!$E214,".",'Formulario PPGR2'!$F214)) -> #REF! | C13: =IF('Formulario PPGR2'!$G214="","",'Formulario PPGR1'!#REF!) -> #REF! | D13: =IF('Formulario PPGR2'!$G214="","",'Formulario PPGR1'!#REF!) -> #REF! | E13: =IF('Formulario PPGR2'!$G214="","",'Formulario PPGR1'!#REF!) -> #REF! | F13: =IF('Formulario PPGR2'!$G214="","",'Formulario PPGR1'!#REF!) -> #REF! | G13: 3.2.1.1 Ejecución de los procesos de compra en tiempo oportuno | H13: 3.2.1.1.02 | I13: Codificación y carga PACC 2026 | T13: 1 | V13: =SUM(Tabla2[[#This Row],[Ene]:[Dic]]) -> 1 | W13: Registro Digital | Z13: Administrativo
B14: =IF('Formulario PPGR2'!$G215="","",CONCATENATE('Formulario PPGR2'!$C215,".",'Formulario PPGR2'!$D215,".",'Formulario PPGR2'!$E215,".",'Formulario PPGR2'!$F215)) -> #REF! | D14: =IF('Formulario PPGR2'!$G215="","",'Formulario PPGR1'!#REF!) -> #REF! | E14: =IF('Formulario PPGR2'!$G215="","",'Formulario PPGR1'!#REF!) -> #REF! | F14: =IF('Formulario PPGR2'!$G215="","",'Formulario PPGR1'!#REF!) -> #REF! | G14: 3.2.1.1 Ejecución de los procesos de compra en tiempo oportuno | H14: 3.2.1.1.03 | I14: Seguimiento al comportamiento del SISCOMPRA | L14: 1 | O14: 1 | R14: 1 | U14: 1 | V14: =SUM(Tabla2[[#This Row],[Ene]:[Dic]]) -> 4 | W14: Informe | Z14: Administrativo
B15: =IF('Formulario PPGR2'!$G216="","",CONCATENATE('Formulario PPGR2'!$C216,".",'Formulario PPGR2'!$D216,".",'Formulario PPGR2'!$E216,".",'Formulario PPGR2'!$F216)) | D15: =IF('Formulario PPGR2'!$G216="","",'Formulario PPGR1'!#REF!) | E15: =IF('Formulario PPGR2'!$G216="","",'Formulario PPGR1'!#REF!) | F15: =IF('Formulario PPGR2'!$G216="","",'Formulario PPGR1'!#REF!) | G15: 3.2.1.1 Ejecución de los procesos de compra en tiempo oportuno | H15: 3.2.1.1.04 | I15: Acompañamiento a los CEAS en el desempeño de los procesos de compras | L15: 1 | O15: 1 | R15: 1 | U15: 1 | V15: =SUM(Tabla2[[#This Row],[Ene]:[Dic]]) -> 4 | W15: Registro Digital | Z15: Administrativo
B16: =IF('Formulario PPGR2'!$G88="","",CONCATENATE('Formulario PPGR2'!$C88,".",'Formulario PPGR2'!$D88,".",'Formulario PPGR2'!$E88,".",'Formulario PPGR2'!$F88)) -> #REF! | D16: =IF('Formulario PPGR2'!$G88="","",'Formulario PPGR1'!#REF!) -> #REF! | E16: =IF('Formulario PPGR2'!$G88="","",'Formulario PPGR1'!#REF!) -> #REF! | F16: =IF('Formulario PPGR2'!$G88="","",'Formulario PPGR1'!#REF!) -> #REF! | G16: 1.2.2.1 Articulación de la Red SNS | H16: 1.2.2.1.01 | I16: Seguimiento al registro de referencias y contrareferencias de la Red | J16: 1 | K16: 1 | L16: 1 | M16: 1 | N16: 1 | O16: 1 | P16: 1 | Q16: 1 | R16: 1 | S16: 1 | T16: 1 | U16: 1 | V16: =SUM(Tabla2[[#This Row],[Ene]:[Dic]]) -> 12 | W16: Reporte | Z16: Atención a los Usuarios
B17: =IF('Formulario PPGR2'!$G145="","",CONCATENATE('Formulario PPGR2'!$C145,".",'Formulario PPGR2'!$D145,".",'Formulario PPGR2'!$E145,".",'Formulario PPGR2'!$F145)) -> #REF! | C17: =IF('Formulario PPGR2'!$G145="","",'Formulario PPGR1'!#REF!) -> #REF! | D17: =IF('Formulario PPGR2'!$G145="","",'Formulario PPGR1'!#REF!) -> #REF! | E17: =IF('Formulario PPGR2'!$G145="","",'Formulario PPGR1'!#REF!) -> #REF! | F17: =IF('Formulario PPGR2'!$G145="","",'Formulario PPGR1'!#REF!) -> #REF! | G17: 1.3.3.1 Gestión de la Experiencia del Paciente | H17: 1.3.3.1.01 | I17: Implementación de grupos focales para determinar la calidad percibida del servicio | L17: 1 | M17: 1 | N17: 1 | O17: 1 | P17: 1 | Q17: 1 | R17: 1 | S17: 1 | T17: 1 | V17: =SUM(Tabla2[[#This Row],[Ene]:[Dic]]) -> 9 | W17: Fotos | X17: Reporte | Y17: Cronograma de grupos focales | Z17: Atención a los Usuarios | AA17: El SRS debe garantizar al menos un grupo focal anual para cada CEAS de su demarcación. Tienen que identificar en que mes realizarían el grupo focal. El SRS debe realizar esta actividad en todos los hospitales durante el año. Reporte con el registro de participantes (puede ser digital).
B18: =IF('Formulario PPGR2'!$G146="","",CONCATENATE('Formulario PPGR2'!$C146,".",'Formulario PPGR2'!$D146,".",'Formulario PPGR2'!$E146,".",'Formulario PPGR2'!$F146)) -> #REF! | C18: =IF('Formulario PPGR2'!$G146="","",'Formulario PPGR1'!#REF!) -> #REF! | D18: =IF('Formulario PPGR2'!$G146="","",'Formulario PPGR1'!#REF!) -> #REF! | E18: =IF('Formulario PPGR2'!$G146="","",'Formulario PPGR1'!#REF!) -> #REF! | F18: =IF('Formulario PPGR2'!$G146="","",'Formulario PPGR1'!#REF!) -> #REF! | G18: 1.3.3.1 Gestión de la Experiencia del Paciente | H18: 1.3.3.1.02 | I18: Seguimiento a la gestión de los buzones de sugerencias (QDRS) | J18: 1 | K18: 1 | L18: 1 | M18: 1 | N18: 1 | O18: 1 | P18: 1 | Q18: 1 | R18: 1 | S18: 1 | T18: 1 | U18: 1 | V18: =SUM(Tabla2[[#This Row],[Ene]:[Dic]]) -> 12 | W18: Reporte | Z18: Atención a los Usuarios
B19: =IF('Formulario PPGR2'!$G147="","",CONCATENATE('Formulario PPGR2'!$C147,".",'Formulario PPGR2'!$D147,".",'Formulario PPGR2'!$E147,".",'Formulario PPGR2'!$F147)) -> #REF! | C19: =IF('Formulario PPGR2'!$G147="","",'Formulario PPGR1'!#REF!) -> #REF! | D19: =IF('Formulario PPGR2'!$G147="","",'Formulario PPGR1'!#REF!) -> #REF! | E19: =IF('Formulario PPGR2'!$G147="","",'Formulario PPGR1'!#REF!) -> #REF! | F19: =IF('Formulario PPGR2'!$G147="","",'Formulario PPGR1'!#REF!) -> #REF! | G19: 1.3.3.1 Gestión de la Experiencia del Paciente | H19: 1.3.3.1.03 | I19: Visita de supervisión a los CEAS para validar cumplimiento de los atributos de la experiencia del paciente | L19: 1 | O19: 1 | R19: 1 | U19: 1 | V19: =SUM(Tabla2[[#This Row],[Ene]:[Dic]]) -> 4 | W19: Reporte | Y19: Trimestralmente deben cubrir todos los CEAS | Z19: Atención a los Usuarios
B20: =IF('Formulario PPGR2'!$G148="","",CONCATENATE('Formulario PPGR2'!$C148,".",'Formulario PPGR2'!$D148,".",'Formulario PPGR2'!$E148,".",'Formulario PPGR2'!$F148)) -> #REF! | C20: =IF('Formulario PPGR2'!$G148="","",'Formulario PPGR1'!#REF!) -> #REF! | D20: =IF('Formulario PPGR2'!$G148="","",'Formulario PPGR1'!#REF!) -> #REF! | E20: =IF('Formulario PPGR2'!$G148="","",'Formulario PPGR1'!#REF!) -> #REF! | F20: =IF('Formulario PPGR2'!$G148="","",'Formulario PPGR1'!#REF!) -> #REF! | G20: 1.3.3.1 Gestión de la Experiencia del Paciente | H20: 1.3.3.1.04 | I20: Seguimiento a la implementación del plan de mejora de la experiencia del paciente | P20: 1 | U20: 1 | V20: =SUM(Tabla2[[#This Row],[Ene]:[Dic]]) -> 2 | W20: Reporte | Z20: Atención a los Usuarios
B21: =IF('Formulario PPGR2'!$G158="","",CONCATENATE('Formulario PPGR2'!$C158,".",'Formulario PPGR2'!$D158,".",'Formulario PPGR2'!$E158,".",'Formulario PPGR2'!$F158)) -> #REF! | C21: =IF('Formulario PPGR2'!$G158="","",'Formulario PPGR1'!#REF!) -> #REF! | D21: =IF('Formulario PPGR2'!$G158="","",'Formulario PPGR1'!#REF!) -> #REF! | E21: =IF('Formulario PPGR2'!$G158="","",'Formulario PPGR1'!#REF!) -> #REF! | F21: =IF('Formulario PPGR2'!$G158="","",'Formulario PPGR1'!#REF!) -> #REF! | G21: 1.3.4.1 Monitoreo de la Calidad en los Servicios de Salud | H21: 1.3.4.1.01 | I21: Coordinación y logística de la Capacitación en Metodologías, Técnicas y Uso de los Instrumentos para el Monitoreo de la Calidad en los Servicios Priorizados en la Red | M21: 1 | V21: =SUM(Tabla2[[#This Row],[Ene]:[Dic]]) -> 1 | W21: Listado de participación | X21: Fotos | Y21: Correo de confirmación | Z21: Calidad de los Servicios de Salud | AA21: 1 Capacitación por SRS, convocar representantes de c/CEAS. De la sede central (2) serán los facilitadores. Se agrego el correo de confirmacion 10/03/2025
B22: =IF('Formulario PPGR2'!$G159="","",CONCATENATE('Formulario PPGR2'!$C159,".",'Formulario PPGR2'!$D159,".",'Formulario PPGR2'!$E159,".",'Formulario PPGR2'!$F159)) -> #REF! | C22: =IF('Formulario PPGR2'!$G159="","",'Formulario PPGR1'!#REF!) -> #REF! | D22: =IF('Formulario PPGR2'!$G159="","",'Formulario PPGR1'!#REF!) -> #REF! | E22: =IF('Formulario PPGR2'!$G159="","",'Formulario PPGR1'!#REF!) -> #REF! | F22: =IF('Formulario PPGR2'!$G159="","",'Formulario PPGR1'!#REF!) -> #REF! | G22: 1.3.4.1 Monitoreo de la Calidad en los Servicios de Salud | H22: 1.3.4.1.02 | I22: Coordinación y logística de la Capacitación en Humanización de los Servicios | M22: 1 | V22: =SUM(Tabla2[[#This Row],[Ene]:[Dic]]) -> 1 | W22: Listado de participación | X22: Fotos | Y22: Correo de confirmación | Z22: Calidad de los Servicios de Salud | AA22: 1 Capacitación por SRS, convocar médicos y enfermeras de c/CEAS; será facilitado por la sede central. MARZO: Metropolitano, Valdesia y Norcentral. JUNIO: Nordeste, Enriquillo y Este. SEPTIEMBRE: El Valle, Cibao Occidental y Cibao Central.
B23: =IF('Formulario PPGR2'!$G160="","",CONCATENATE('Formulario PPGR2'!$C160,".",'Formulario PPGR2'!$D160,".",'Formulario PPGR2'!$E160,".",'Formulario PPGR2'!$F160)) -> #REF! | C23: =IF('Formulario PPGR2'!$G160="","",'Formulario PPGR1'!#REF!) -> #REF! | D23: =IF('Formulario PPGR2'!$G160="","",'Formulario PPGR1'!#REF!) -> #REF! | E23: =IF('Formulario PPGR2'!$G160="","",'Formulario PPGR1'!#REF!) -> #REF! | F23: =IF('Formulario PPGR2'!$G160="","",'Formulario PPGR1'!#REF!) -> #REF! | G23: 1.3.4.1 Monitoreo de la Calidad en los Servicios de Salud | H23: 1.3.4.1.03 | I23: Elaboración del Cronograma de Supervisión de Calidad en los EES | J23: 1 | M23: 1 | P23: 1 | S23: 1 | V23: =SUM(Tabla2[[#This Row],[Ene]:[Dic]]) -> 4 | W23: Otros | Y23: Cronograma Cada cronograma debe garantizar la visita a varios CEAS en el trimestre, asegurando al menos una visita anual al 100% de los CEAS de su demarcación | Z23: Calidad de los Servicios de Salud | AA23: Favor de identificar actividades priorizadas que se supervisaran. Y Medio de Evidencia. La direccion de Calidad de los Servicios de Salud de la DCSNS estará contantando al SRS para darle los lineamientos e informaciones al respecto.
B24: =IF('Formulario PPGR2'!$G161="","",CONCATENATE('Formulario PPGR2'!$C161,".",'Formulario PPGR2'!$D161,".",'Formulario PPGR2'!$E161,".",'Formulario PPGR2'!$F161)) -> #REF! | C24: =IF('Formulario PPGR2'!$G161="","",'Formulario PPGR1'!#REF!) -> #REF! | D24: =IF('Formulario PPGR2'!$G161="","",'Formulario PPGR1'!#REF!) -> #REF! | E24: =IF('Formulario PPGR2'!$G161="","",'Formulario PPGR1'!#REF!) -> #REF! | F24: =IF('Formulario PPGR2'!$G161="","",'Formulario PPGR1'!#REF!) -> #REF! | G24: 1.3.4.1 Monitoreo de la Calidad en los Servicios de Salud | H24: 1.3.4.1.04 | I24: Ejecución del Cronograma de Supervisión de Calidad en los EES | M24: 1 | Q24: 1 | U24: 1 | V24: =SUM(Tabla2[[#This Row],[Ene]:[Dic]]) -> 3 | W24: Informe | X24: Listado de participación | Y24: Acorde al cronograma de supervisión a realizar y ejecutar por cada SRS. | Z24: Calidad de los Servicios de Salud | AA24: Favor de identificar actiividades priorizadas que se supervisaran. La direccion de Calidad de los Servicios de Salud de la DCSNS estará contantando al SRS para darle los lineamientos e informaciones al respecto.
B25: =IF('Formulario PPGR2'!$G165="","",CONCATENATE('Formulario PPGR2'!$C165,".",'Formulario PPGR2'!$D165,".",'Formulario PPGR2'!$E165,".",'Formulario PPGR2'!$F165)) -> #REF! | C25: =IF('Formulario PPGR2'!$G165="","",'Formulario PPGR1'!#REF!) -> #REF! | D25: =IF('Formulario PPGR2'!$G165="","",'Formulario PPGR1'!#REF!) -> #REF! | E25: =IF('Formulario PPGR2'!$G165="","",'Formulario PPGR1'!#REF!) -> #REF! | F25: =IF('Formulario PPGR2'!$G165="","",'Formulario PPGR1'!#REF!) -> #REF! | G25: 1.3.4.2 Prevención y Control del Riesgo Biológico | H25: 1.3.4.2.01 | I25: Coordinación y logística de las Capacitaciones para el Fortalecimiento de los Procesos de Bioseguridad, Control de Infecciones e Higiene y Desechos Hospitalarios | N25: 1 | V25: =SUM(Tabla2[[#This Row],[Ene]:[Dic]]) -> 1 | W25: Listado de participación | X25: Fotos | Y25: correo electronico de convocatorio que realicen a los EES de su SRS | Z25: Calidad de los Servicios de Salud | AA25: 1 Capacitación por SRS, convocar a epidemiología, salud ocupacional y control de infecciones de cada CEAS. Duración del taller: 2 dias. Los representantes de la sede central (2) serán los facilitadores.
B26: =IF('Formulario PPGR2'!$G166="","",CONCATENATE('Formulario PPGR2'!$C166,".",'Formulario PPGR2'!$D166,".",'Formulario PPGR2'!$E166,".",'Formulario PPGR2'!$F166)) -> #REF! | C26: =IF('Formulario PPGR2'!$G166="","",'Formulario PPGR1'!#REF!) -> #REF! | D26: =IF('Formulario PPGR2'!$G166="","",'Formulario PPGR1'!#REF!) -> #REF! | E26: =IF('Formulario PPGR2'!$G166="","",'Formulario PPGR1'!#REF!) -> #REF! | F26: =IF('Formulario PPGR2'!$G166="","",'Formulario PPGR1'!#REF!) -> #REF! | G26: 1.3.4.2 Prevención y Control del Riesgo Biológico | H26: 1.3.4.2.02 | I26: Seguimiento a los Procesos de Bioseguridad, Control de Infecciones e Higiene y Desechos Hospitalarios (Evaluaciones y Planes de Mejora) | N26: 1 | S26: 1 | V26: =SUM(Tabla2[[#This Row],[Ene]:[Dic]]) -> 2 | W26: Informe | Z26: Calidad de los Servicios de Salud
B27: =IF('Formulario PPGR2'!$G170="","",CONCATENATE('Formulario PPGR2'!$C170,".",'Formulario PPGR2'!$D170,".",'Formulario PPGR2'!$E170,".",'Formulario PPGR2'!$F170)) -> #REF! | C27: =IF('Formulario PPGR2'!$G170="","",'Formulario PPGR1'!#REF!) -> #REF! | D27: =IF('Formulario PPGR2'!$G170="","",'Formulario PPGR1'!#REF!) -> #REF! | E27: =IF('Formulario PPGR2'!$G170="","",'Formulario PPGR1'!#REF!) -> #REF! | F27: =IF('Formulario PPGR2'!$G170="","",'Formulario PPGR1'!#REF!) -> #REF! | G27: 1.3.4.3 Seguimiento a la Habilitación de los Servicios de Salud | H27: 1.3.4.3.01 | I27: Seguimiento a los Procesos de Autoinspección de la Habilitación de los Servicios de Salud | M27: 1 | V27: =SUM(Tabla2[[#This Row],[Ene]:[Dic]]) -> 1 | W27: Reporte | X27: Otros | Y27: Formularios | Z27: Calidad de los Servicios de Salud | AA27: Favor de Considerar Socializacion Previa del proceso con cada EES por personale involucrados em la ejecucion.Febrero B, La direccion de Calidad de los Servicios de Salud de la DCSNS estará contantando al SRS para darle los lineamientos e informaciones al respecto.
B28: =IF('Formulario PPGR2'!$G171="","",CONCATENATE('Formulario PPGR2'!$C171,".",'Formulario PPGR2'!$D171,".",'Formulario PPGR2'!$E171,".",'Formulario PPGR2'!$F171)) -> #REF! | C28: =IF('Formulario PPGR2'!$G171="","",'Formulario PPGR1'!#REF!) -> #REF! | D28: =IF('Formulario PPGR2'!$G171="","",'Formulario PPGR1'!#REF!) -> #REF! | E28: =IF('Formulario PPGR2'!$G171="","",'Formulario PPGR1'!#REF!) -> #REF! | F28: =IF('Formulario PPGR2'!$G171="","",'Formulario PPGR1'!#REF!) -> #REF! | G28: 1.3.4.3 Seguimiento a la Habilitación de los Servicios de Salud | H28: 1.3.4.3.02 | I28: Seguimiento a la implementación de planes de mejoras priorizadas de la Habilitación de los Servicios de Salud | R28: 1 | U28: 1 | V28: =SUM(Tabla2[[#This Row],[Ene]:[Dic]]) -> 2 | W28: Informe | Z28: Calidad de los Servicios de Salud
B29: =IF('Formulario PPGR2'!$G172="","",CONCATENATE('Formulario PPGR2'!$C172,".",'Formulario PPGR2'!$D172,".",'Formulario PPGR2'!$E172,".",'Formulario PPGR2'!$F172)) -> #REF! | C29: =IF('Formulario PPGR2'!$G172="","",'Formulario PPGR1'!#REF!) -> #REF! | D29: =IF('Formulario PPGR2'!$G172="","",'Formulario PPGR1'!#REF!) -> #REF! | E29: =IF('Formulario PPGR2'!$G172="","",'Formulario PPGR1'!#REF!) -> #REF! | F29: =IF('Formulario PPGR2'!$G172="","",'Formulario PPGR1'!#REF!) -> #REF! | G29: 1.3.4.3 Seguimiento a la Habilitación de los Servicios de Salud | H29: 1.3.4.3.03 | I29: Seguimiento a las Solicitudes de Habilitación de los CEAS | N29: 1 | S29: 1 | V29: =SUM(Tabla2[[#This Row],[Ene]:[Dic]]) -> 2 | W29: Reporte | Z29: Calidad de los Servicios de Salud | AA29: Favor de especificar el reporte si sera el recibo de habilitacion o reporte tipo informe. La direccion de Calidad de los Servicios de Salud de la DCSNS estará contantando al SRS para darle los lineamientos e informaciones al respecto.
B30: =IF('Formulario PPGR2'!$G22="","",CONCATENATE('Formulario PPGR2'!$C22,".",'Formulario PPGR2'!$D22,".",'Formulario PPGR2'!$E22,".",'Formulario PPGR2'!$F22)) -> #REF! | D30: =IF('Formulario PPGR2'!$G22="","",'Formulario PPGR1'!#REF!) -> #REF! | E30: =IF('Formulario PPGR2'!$G22="","",'Formulario PPGR1'!#REF!) -> #REF! | F30: =IF('Formulario PPGR2'!$G22="","",'Formulario PPGR1'!#REF!) -> #REF! | G30: 1.1.2.1 Programa de Fortalecimiento del Nivel Especializado | H30: 1.1.2.1.02 | I30: Seguimiento a la elaboracion y ejecución del plan de mejora para la disminución de lista de espera | N30: 1 | Q30: 1 | U30: 1 | V30: =SUM(Tabla2[[#This Row],[Ene]:[Dic]]) -> 3 | W30: Informe | Z30: Centros Hospitalarios
B31: =IF('Formulario PPGR2'!$G23="","",CONCATENATE('Formulario PPGR2'!$C23,".",'Formulario PPGR2'!$D23,".",'Formulario PPGR2'!$E23,".",'Formulario PPGR2'!$F23)) -> #REF! | D31: =IF('Formulario PPGR2'!$G23="","",'Formulario PPGR1'!#REF!) -> #REF! | E31: =IF('Formulario PPGR2'!$G23="","",'Formulario PPGR1'!#REF!) -> #REF! | F31: =IF('Formulario PPGR2'!$G23="","",'Formulario PPGR1'!#REF!) -> #REF! | G31: 1.1.2.1 Programa de Fortalecimiento del Nivel Especializado | H31: 1.1.2.1.03 | I31: Análisis del comportamiento de las objeciones médicas y administrativas (SENASA) y otras ARS del régimen Contributivo | J31: 1 | K31: 1 | L31: 1 | M31: 1 | N31: 1 | O31: 1 | P31: 1 | Q31: 1 | R31: 1 | S31: 1 | T31: 1 | U31: 1 | V31: =SUM(Tabla2[[#This Row],[Ene]:[Dic]]) -> 12 | W31: Informe | Z31: Centros Hospitalarios
B32: =IF('Formulario PPGR2'!$G24="","",CONCATENATE('Formulario PPGR2'!$C24,".",'Formulario PPGR2'!$D24,".",'Formulario PPGR2'!$E24,".",'Formulario PPGR2'!$F24)) -> #REF! | D32: =IF('Formulario PPGR2'!$G24="","",'Formulario PPGR1'!#REF!) -> #REF! | E32: =IF('Formulario PPGR2'!$G24="","",'Formulario PPGR1'!#REF!) -> #REF! | F32: =IF('Formulario PPGR2'!$G24="","",'Formulario PPGR1'!#REF!) -> #REF! | G32: 1.1.2.1 Programa de Fortalecimiento del Nivel Especializado | H32: 1.1.2.1.04 | I32: Seguimiento a la elaboración de los planes de mejora para la disminución de las objeciones médicas, administrativas y el incremento de la facturación de los CEAS | O32: 1 | U32: 1 | V32: =SUM(Tabla2[[#This Row],[Ene]:[Dic]]) -> 2 | W32: Reporte | X32: Plan | Z32: Centros Hospitalarios
B33: =IF('Formulario PPGR2'!$G25="","",CONCATENATE('Formulario PPGR2'!$C25,".",'Formulario PPGR2'!$D25,".",'Formulario PPGR2'!$E25,".",'Formulario PPGR2'!$F25)) -> #REF! | D33: =IF('Formulario PPGR2'!$G25="","",'Formulario PPGR1'!#REF!) -> #REF! | E33: =IF('Formulario PPGR2'!$G25="","",'Formulario PPGR1'!#REF!) -> #REF! | F33: =IF('Formulario PPGR2'!$G25="","",'Formulario PPGR1'!#REF!) -> #REF! | G33: 1.1.2.1 Programa de Fortalecimiento del Nivel Especializado | H33: 1.1.2.1.05 | I33: Seguimiento a la ejecución de los planes de mejora para la disminucion de las glosas y el incremento de la facturación de los CEAS. | P33: 1 | U33: 1 | V33: =SUM(Tabla2[[#This Row],[Ene]:[Dic]]) -> 2 | W33: Informe | X33: Plan | Z33: Centros Hospitalarios
B34: =IF('Formulario PPGR2'!$G26="","",CONCATENATE('Formulario PPGR2'!$C26,".",'Formulario PPGR2'!$D26,".",'Formulario PPGR2'!$E26,".",'Formulario PPGR2'!$F26)) -> #REF! | D34: =IF('Formulario PPGR2'!$G26="","",'Formulario PPGR1'!#REF!) -> #REF! | E34: =IF('Formulario PPGR2'!$G26="","",'Formulario PPGR1'!#REF!) -> #REF! | F34: =IF('Formulario PPGR2'!$G26="","",'Formulario PPGR1'!#REF!) -> #REF! | G34: 1.1.2.1 Programa de Fortalecimiento del Nivel Especializado | H34: 1.1.2.1.06 | I34: Levantamiento de hospitales para conocer estatus de la contratacion de las ARS | P34: 1 | V34: =SUM(Tabla2[[#This Row],[Ene]:[Dic]]) -> 1 | W34: Otros | Y34: Matriz de ARS contratadas por hospital | Z34: Centros Hospitalarios
B35: =IF('Formulario PPGR2'!$G27="","",CONCATENATE('Formulario PPGR2'!$C27,".",'Formulario PPGR2'!$D27,".",'Formulario PPGR2'!$E27,".",'Formulario PPGR2'!$F27)) -> #REF! | D35: =IF('Formulario PPGR2'!$G27="","",'Formulario PPGR1'!#REF!) -> #REF! | E35: =IF('Formulario PPGR2'!$G27="","",'Formulario PPGR1'!#REF!) -> #REF! | F35: =IF('Formulario PPGR2'!$G27="","",'Formulario PPGR1'!#REF!) -> #REF! | G35: 1.1.2.1 Programa de Fortalecimiento del Nivel Especializado | H35: 1.1.2.1.07 | I35: Seguimiento a la implementacion del proceso de prefactura para la optimizacion y efectividad del proceso de factura en los centros priorizados. | M35: 1 | P35: 1 | R35: 1 | U35: 1 | V35: =SUM(Tabla2[[#This Row],[Ene]:[Dic]]) -> 4 | W35: Informe | Z35: Centros Hospitalarios
B36: =IF('Formulario PPGR2'!$G140="","",CONCATENATE('Formulario PPGR2'!$C140,".",'Formulario PPGR2'!$D140,".",'Formulario PPGR2'!$E140,".",'Formulario PPGR2'!$F140)) -> #REF! | D36: =IF('Formulario PPGR2'!$G140="","",'Formulario PPGR1'!#REF!) -> #REF! | E36: =IF('Formulario PPGR2'!$G140="","",'Formulario PPGR1'!#REF!) -> #REF! | F36: =IF('Formulario PPGR2'!$G140="","",'Formulario PPGR1'!#REF!) -> #REF! | G36: 1.2.5.1 Implementación de la Metodología de la Gestión Productiva de Servicios de Salud | H36: 1.2.5.1.01 | I36: Revisión y validación de los autodiagnósticos realizados por hospitales piloto para la implementación de MGPSS | M36: 1 | V36: =SUM(Tabla2[[#This Row],[Ene]:[Dic]]) -> 1 | W36: Reporte | Z36: Centros Hospitalarios
B37: =IF('Formulario PPGR2'!$G141="","",CONCATENATE('Formulario PPGR2'!$C141,".",'Formulario PPGR2'!$D141,".",'Formulario PPGR2'!$E141,".",'Formulario PPGR2'!$F141)) -> #REF! | D37: =IF('Formulario PPGR2'!$G141="","",'Formulario PPGR1'!#REF!) -> #REF! | E37: =IF('Formulario PPGR2'!$G141="","",'Formulario PPGR1'!#REF!) -> #REF! | F37: =IF('Formulario PPGR2'!$G141="","",'Formulario PPGR1'!#REF!) -> #REF! | G37: 1.2.5.1 Implementación de la Metodología de la Gestión Productiva de Servicios de Salud | H37: 1.2.5.1.02 | I37: Seguimiento a la elaboración y ejecución de los planes de mejora de la MGPSS en los centros priorizados del SRS | N37: 1 | T37: 1 | V37: =SUM(Tabla2[[#This Row],[Ene]:[Dic]]) -> 2 | W37: Informe | Z37: Centros Hospitalarios
B38: =IF('Formulario PPGR2'!$G142="","",CONCATENATE('Formulario PPGR2'!$C142,".",'Formulario PPGR2'!$D142,".",'Formulario PPGR2'!$E142,".",'Formulario PPGR2'!$F142)) -> #REF! | C38: =IF('Formulario PPGR2'!$G142="","",'Formulario PPGR1'!#REF!) -> #REF! | D38: =IF('Formulario PPGR2'!$G142="","",'Formulario PPGR1'!#REF!) -> #REF! | E38: =IF('Formulario PPGR2'!$G142="","",'Formulario PPGR1'!#REF!) -> #REF! | F38: =IF('Formulario PPGR2'!$G142="","",'Formulario PPGR1'!#REF!) -> #REF! | G38: 1.2.5.1 Implementación de la Metodología de la Gestión Productiva de Servicios de Salud | H38: 1.2.5.1.03 | I38: Seguimiento a la ejecucion de los planes de mejora de la MGPSS | O38: 1 | U38: 1 | V38: =SUM(Tabla2[[#This Row],[Ene]:[Dic]]) -> 2 | W38: Informe | X38: Plan | Z38: Centros Hospitalarios
B39: =IF('Formulario PPGR2'!$G151="","",CONCATENATE('Formulario PPGR2'!$C151,".",'Formulario PPGR2'!$D151,".",'Formulario PPGR2'!$E151,".",'Formulario PPGR2'!$F151)) -> #REF! | C39: =IF('Formulario PPGR2'!$G151="","",'Formulario PPGR1'!#REF!) -> #REF! | D39: =IF('Formulario PPGR2'!$G151="","",'Formulario PPGR1'!#REF!) -> #REF! | E39: =IF('Formulario PPGR2'!$G151="","",'Formulario PPGR1'!#REF!) -> #REF! | F39: =IF('Formulario PPGR2'!$G151="","",'Formulario PPGR1'!#REF!) -> #REF! | G39: 1.3.3.2 Plan de Hostelería Hospitalaria | H39: 1.3.3.2.01 | I39: Seguimiento a la implementación del procedimiento de hosteleria hospitalaria en los CEAS de su demarcación | Q39: 1 | U39: 1 | V39: =SUM(Tabla2[[#This Row],[Ene]:[Dic]]) -> 2 | W39: Informe | Z39: Centros Hospitalarios
B40: =IF('Formulario PPGR2'!$G167="","",CONCATENATE('Formulario PPGR2'!$C167,".",'Formulario PPGR2'!$D167,".",'Formulario PPGR2'!$E167,".",'Formulario PPGR2'!$F167)) -> #REF! | D40: =IF('Formulario PPGR2'!$G167="","",'Formulario PPGR1'!#REF!) -> #REF! | E40: =IF('Formulario PPGR2'!$G167="","",'Formulario PPGR1'!#REF!) -> #REF! | F40: =IF('Formulario PPGR2'!$G167="","",'Formulario PPGR1'!#REF!) -> #REF! | G40: 1.3.4.2 Prevención y Control del Riesgo Biológico | H40: 1.3.4.2.03 | I40: Seguimiento a la elaboración y ejecución de los planes de mejora de los procesos de bioseguridad hospitalaria | M40: 1 | P40: 1 | S40: 1 | V40: =SUM(Tabla2[[#This Row],[Ene]:[Dic]]) -> 3 | W40: Informe | Z40: Centros Hospitalarios
B41: =IF('Formulario PPGR2'!$G168="","",CONCATENATE('Formulario PPGR2'!$C168,".",'Formulario PPGR2'!$D168,".",'Formulario PPGR2'!$E168,".",'Formulario PPGR2'!$F168)) -> #REF! | D41: =IF('Formulario PPGR2'!$G168="","",'Formulario PPGR1'!#REF!) -> #REF! | E41: =IF('Formulario PPGR2'!$G168="","",'Formulario PPGR1'!#REF!) -> #REF! | F41: =IF('Formulario PPGR2'!$G168="","",'Formulario PPGR1'!#REF!) -> #REF! | G41: 1.3.4.2 Prevención y Control del Riesgo Biológico | H41: 1.3.4.2.04 | I41: Seguimiento a la notificación oportuna de las enfermedades bajo vigilancia epidemiológica | J41: 1 | K41: 1 | L41: 1 | M41: 1 | N41: 1 | O41: 1 | P41: 1 | Q41: 1 | R41: 1 | S41: 1 | T41: 1 | U41: 1 | V41: =SUM(Tabla2[[#This Row],[Ene]:[Dic]]) -> 12 | W41: Reporte | Z41: Centros Hospitalarios
B42: =IF('Formulario PPGR2'!$G218="","",CONCATENATE('Formulario PPGR2'!$C218,".",'Formulario PPGR2'!$D218,".",'Formulario PPGR2'!$E218,".",'Formulario PPGR2'!$F218)) -> #REF! | D42: =IF('Formulario PPGR2'!$G218="","",'Formulario PPGR1'!#REF!) -> #REF! | E42: =IF('Formulario PPGR2'!$G218="","",'Formulario PPGR1'!#REF!) -> #REF! | F42: =IF('Formulario PPGR2'!$G218="","",'Formulario PPGR1'!#REF!) -> #REF! | G42: 3.3.1.1 Implementación del Manual de Señalética e Identidad de la Red SNS (Comunicación estratégica y posicionamiento institucional) | H42: 3.3.1.1.02 | I42: Seguimiento al cumplimiento de la identidad institucional EES. (para el Programa Desempeño SNS). | O42: 1 | U42: 1 | V42: =SUM(Tabla2[[#This Row],[Ene]:[Dic]]) -> 2 | W42: Reporte | Z42: Comunicaciones
B43: =IF('Formulario PPGR2'!$G219="","",CONCATENATE('Formulario PPGR2'!$C219,".",'Formulario PPGR2'!$D219,".",'Formulario PPGR2'!$E219,".",'Formulario PPGR2'!$F219)) -> #REF! | D43: =IF('Formulario PPGR2'!$G219="","",'Formulario PPGR1'!#REF!) -> #REF! | E43: =IF('Formulario PPGR2'!$G219="","",'Formulario PPGR1'!#REF!) -> #REF! | F43: =IF('Formulario PPGR2'!$G219="","",'Formulario PPGR1'!#REF!) -> #REF! | G43: 3.3.1.2 Despliegue Plan Interconexión Red Pública de Servicios de Salud (Educación en Salud) | H43: 3.3.1.2.01 | I43: Seguimiento Plan Interconexión Red Pública de Servicio de Salud (Etrategia de educación en Salud). | L43: 1 | O43: 1 | R43: 1 | U43: 1 | V43: =SUM(Tabla2[[#This Row],[Ene]:[Dic]]) -> 4 | W43: Reporte | Z43: Comunicaciones
B44: =IF('Formulario PPGR2'!$G220="","",CONCATENATE('Formulario PPGR2'!$C220,".",'Formulario PPGR2'!$D220,".",'Formulario PPGR2'!$E220,".",'Formulario PPGR2'!$F220)) -> #REF! | D44: =IF('Formulario PPGR2'!$G220="","",'Formulario PPGR1'!#REF!) -> #REF! | E44: =IF('Formulario PPGR2'!$G220="","",'Formulario PPGR1'!#REF!) -> #REF! | F44: =IF('Formulario PPGR2'!$G220="","",'Formulario PPGR1'!#REF!) -> #REF! | G44: 3.3.1.3 Despliegue Plan de Gestión Ambiental / Responsabilidad Social Institucional | H44: 3.3.1.3.01 | I44: Campaña de promoción del consumo de energía y eficiencia energética (interna / externa). | L44: 1 | O44: 1 | R44: 1 | V44: =SUM(Tabla2[[#This Row],[Ene]:[Dic]]) -> 3 | W44: Otros | Y44: Publicación en medios sociales/correo electrónico | Z44: Comunicaciones
B45: =IF('Formulario PPGR2'!$G221="","",CONCATENATE('Formulario PPGR2'!$C221,".",'Formulario PPGR2'!$D221,".",'Formulario PPGR2'!$E221,".",'Formulario PPGR2'!$F221)) -> #REF! | D45: =IF('Formulario PPGR2'!$G221="","",'Formulario PPGR1'!#REF!) -> #REF! | E45: =IF('Formulario PPGR2'!$G221="","",'Formulario PPGR1'!#REF!) -> #REF! | F45: =IF('Formulario PPGR2'!$G221="","",'Formulario PPGR1'!#REF!) -> #REF! | G45: 3.3.1.3 Despliegue Plan de Gestión Ambiental / Responsabilidad Social Institucional | H45: 3.3.1.3.02 | I45: Campaña para promuever reducción y uso eficiente del agua (interna / externa). | M45: 1 | P45: 1 | S45: 1 | V45: =SUM(Tabla2[[#This Row],[Ene]:[Dic]]) -> 3 | W45: Otros | Y45: Publicación en medios sociales/correo electrónico | Z45: Comunicaciones
B46: =IF('Formulario PPGR2'!$G222="","",CONCATENATE('Formulario PPGR2'!$C222,".",'Formulario PPGR2'!$D222,".",'Formulario PPGR2'!$E222,".",'Formulario PPGR2'!$F222)) -> #REF! | D46: =IF('Formulario PPGR2'!$G222="","",'Formulario PPGR1'!#REF!) -> #REF! | E46: =IF('Formulario PPGR2'!$G222="","",'Formulario PPGR1'!#REF!) -> #REF! | F46: =IF('Formulario PPGR2'!$G222="","",'Formulario PPGR1'!#REF!) -> #REF! | G46: 3.3.1.3 Despliegue Plan de Gestión Ambiental / Responsabilidad Social Institucional | H46: 3.3.1.3.03 | I46: Taller coordinado con la DCOM-SNS: Sensibilización en la Gestión de residuos peligrosos (para Hospitales / SRS). | M46: 1 | P46: 1 | S46: 1 | V46: =SUM(Tabla2[[#This Row],[Ene]:[Dic]]) -> 3 | W46: Listado de participación | X46: Agenda | Z46: Comunicaciones
B47: =IF('Formulario PPGR2'!$G223="","",CONCATENATE('Formulario PPGR2'!$C223,".",'Formulario PPGR2'!$D223,".",'Formulario PPGR2'!$E223,".",'Formulario PPGR2'!$F223)) -> #REF! | D47: =IF('Formulario PPGR2'!$G223="","",'Formulario PPGR1'!#REF!) -> #REF! | E47: =IF('Formulario PPGR2'!$G223="","",'Formulario PPGR1'!#REF!) -> #REF! | F47: =IF('Formulario PPGR2'!$G223="","",'Formulario PPGR1'!#REF!) -> #REF! | G47: 3.3.1.3 Despliegue Plan de Gestión Ambiental / Responsabilidad Social Institucional | H47: 3.3.1.3.04 | I47: Jornada ambiental (reforestación / limpieza de costas/otras) coordinada con instituciones públicas, privada y ONGs. | N47: 1 | Q47: 1 | T47: 1 | V47: =SUM(Tabla2[[#This Row],[Ene]:[Dic]]) -> 3 | W47: Listado de participación | X47: Agenda | Y47: Publicación en medios sociales/fotos | Z47: Comunicaciones
B48: =IF('Formulario PPGR2'!$G269="","",CONCATENATE('Formulario PPGR2'!$C269,".",'Formulario PPGR2'!$D269,".",'Formulario PPGR2'!$E269,".",'Formulario PPGR2'!$F269)) -> #REF! | C48: =IF('Formulario PPGR2'!$G269="","",'Formulario PPGR1'!#REF!) -> #REF! | D48: =IF('Formulario PPGR2'!$G269="","",'Formulario PPGR1'!#REF!) -> #REF! | E48: =IF('Formulario PPGR2'!$G269="","",'Formulario PPGR1'!#REF!) -> #REF! | F48: =IF('Formulario PPGR2'!$G269="","",'Formulario PPGR1'!#REF!) -> #REF! | G48: 3.3.1.3 Despliegue Plan de Gestión Ambiental / Responsabilidad Social Institucional | H48: 3.3.1.3.05 | I48: Jornadas para fomento de actividad física en los colaboradores | U48: 1 | V48: =SUM(Tabla2[[#This Row],[Ene]:[Dic]]) -> 1 | W48: Fotos | X48: Listado de participación | Y48: Otros: Convocatoria y Publicaciones en medios sociales | Z48: Comunicaciones
B49: =IF('Formulario PPGR2'!$G196="","",CONCATENATE('Formulario PPGR2'!$C196,".",'Formulario PPGR2'!$D196,".",'Formulario PPGR2'!$E196,".",'Formulario PPGR2'!$F196)) -> #REF! | C49: =IF('Formulario PPGR2'!$G196="","",'Formulario PPGR1'!#REF!) -> #REF! | D49: =IF('Formulario PPGR2'!$G196="","",'Formulario PPGR1'!#REF!) -> #REF! | E49: =IF('Formulario PPGR2'!$G196="","",'Formulario PPGR1'!#REF!) -> #REF! | F49: =IF('Formulario PPGR2'!$G196="","",'Formulario PPGR1'!#REF!) -> #REF! | G49: 3.1.1.3 Fortalecimiento del sistema de control interno y auditoria de la gestión | H49: 3.1.1.3.01 | I49: Revisar la ejecución de los Anticipos Financieros de los EES y dar seguimiento a la rendición oportuna de los AF de la ORS y CEAS | L49: 1 | M49: 1 | N49: 1 | O49: 1 | P49: 1 | Q49: 1 | R49: 1 | S49: 1 | T49: 1 | U49: 1 | V49: =SUM(Tabla2[[#This Row],[Ene]:[Dic]]) -> 10 | W49: Reporte | Z49: Control y Fiscalización
B50: =IF('Formulario PPGR2'!$G197="","",CONCATENATE('Formulario PPGR2'!$C197,".",'Formulario PPGR2'!$D197,".",'Formulario PPGR2'!$E197,".",'Formulario PPGR2'!$F197)) | D50: =IF('Formulario PPGR2'!$G197="","",'Formulario PPGR1'!#REF!) | E50: =IF('Formulario PPGR2'!$G197="","",'Formulario PPGR1'!#REF!) | F50: =IF('Formulario PPGR2'!$G197="","",'Formulario PPGR1'!#REF!) | G50: 3.1.1.3 Fortalecimiento del sistema de control interno y auditoria de la gestión | H50: 3.1.1.3.02 | I50: Seguimiento y control del comportamiento aceptable de los indicadores de glosas e ingresos de captación directa en los EES | J50: 1 | M50: 1 | P50: 1 | S50: 1 | V50: =SUM(Tabla2[[#This Row],[Ene]:[Dic]]) -> 4 | W50: Informe | X50: Otros | Y50: Correo con el envío del informe a Control y Fiscalización Sede Central | Z50: Control y Fiscalización
B51: =IF('Formulario PPGR2'!$G198="","",CONCATENATE('Formulario PPGR2'!$C198,".",'Formulario PPGR2'!$D198,".",'Formulario PPGR2'!$E198,".",'Formulario PPGR2'!$F198)) -> ... | D51: =IF('Formulario PPGR2'!$G198="","",'Formulario PPGR1'!#REF!) -> #REF! | E51: =IF('Formulario PPGR2'!$G198="","",'Formulario PPGR1'!#REF!) -> #REF! | F51: =IF('Formulario PPGR2'!$G198="","",'Formulario PPGR1'!#REF!) -> #REF! | G51: 3.1.1.3 Fortalecimiento del sistema de control interno y auditoria de la gestión | H51: 3.1.1.3.03 | I51: Compilación y rendición oportuna de los indicadores de ingreso, facturación. nómina, deuda e ingresos de odontología | J51: 1 | M51: 1 | P51: 1 | S51: 1 | V51: =SUM(Tabla2[[#This Row],[Ene]:[Dic]]) -> 4 | W51: Reporte | Y51: Correo con el envío del informe a Control y Fiscalización Sede Central | Z51: Control y Fiscalización
B52: =IF('Formulario PPGR2'!$G199="","",CONCATENATE('Formulario PPGR2'!$C199,".",'Formulario PPGR2'!$D199,".",'Formulario PPGR2'!$E199,".",'Formulario PPGR2'!$F199)) -> #REF! | D52: =IF('Formulario PPGR2'!$G199="","",'Formulario PPGR1'!#REF!) -> #REF! | E52: =IF('Formulario PPGR2'!$G199="","",'Formulario PPGR1'!#REF!) -> #REF! | F52: =IF('Formulario PPGR2'!$G199="","",'Formulario PPGR1'!#REF!) -> #REF! | G52: 3.1.1.3 Fortalecimiento del sistema de control interno y auditoria de la gestión | H52: 3.1.1.3.04 | I52: Seguimiento y compilación de la ejecución presupuestaria consolidada de ingresos y egresos provenientes de las diferentes fuentes de financiamiento | L52: 1 | O52: 1 | R52: 1 | U52: 1 | V52: =SUM(Tabla2[[#This Row],[Ene]:[Dic]]) -> 4 | W52: Reporte | Z52: Control y Fiscalización
B53: =IF('Formulario PPGR2'!$G200="","",CONCATENATE('Formulario PPGR2'!$C200,".",'Formulario PPGR2'!$D200,".",'Formulario PPGR2'!$E200,".",'Formulario PPGR2'!$F200)) -> #REF! | D53: =IF('Formulario PPGR2'!$G200="","",'Formulario PPGR1'!#REF!) -> #REF! | E53: =IF('Formulario PPGR2'!$G200="","",'Formulario PPGR1'!#REF!) -> #REF! | F53: =IF('Formulario PPGR2'!$G200="","",'Formulario PPGR1'!#REF!) -> #REF! | G53: 3.1.1.3 Fortalecimiento del sistema de control interno y auditoria de la gestión | H53: 3.1.1.3.05 | I53: Monitoreo de las cargas financieras en los portales de transparencia (ORS y EES), verificando que estas cumplan con los criterios de calidad dispuestos por las normativas. | J53: 1 | K53: 1 | L53: 1 | M53: 1 | N53: 1 | O53: 1 | P53: 1 | Q53: 1 | R53: 1 | S53: 1 | T53: 1 | U53: 1 | V53: =SUM(Tabla2[[#This Row],[Ene]:[Dic]]) -> 12 | W53: Reporte | Z53: Control y Fiscalización
B54: =IF('Formulario PPGR2'!$G201="","",CONCATENATE('Formulario PPGR2'!$C201,".",'Formulario PPGR2'!$D201,".",'Formulario PPGR2'!$E201,".",'Formulario PPGR2'!$F201)) -> #REF! | D54: =IF('Formulario PPGR2'!$G201="","",'Formulario PPGR1'!#REF!) -> #REF! | E54: =IF('Formulario PPGR2'!$G201="","",'Formulario PPGR1'!#REF!) -> #REF! | F54: =IF('Formulario PPGR2'!$G201="","",'Formulario PPGR1'!#REF!) -> #REF! | G54: 3.1.1.3 Fortalecimiento del sistema de control interno y auditoria de la gestión | H54: 3.1.1.3.06 | I54: Cumplimiento del cierre de operaciones del año fiscal de acuerdo con las normativas emitidas por la DIGECOG y dar seguimiento al cierre de los establecimientos. | U54: 1 | V54: =SUM(Tabla2[[#This Row],[Ene]:[Dic]]) -> 1 | W54: Informe | Z54: Control y Fiscalización
B55: =IF('Formulario PPGR2'!$G202="","",CONCATENATE('Formulario PPGR2'!$C202,".",'Formulario PPGR2'!$D202,".",'Formulario PPGR2'!$E202,".",'Formulario PPGR2'!$F202)) -> #REF! | D55: =IF('Formulario PPGR2'!$G202="","",'Formulario PPGR1'!#REF!) -> #REF! | E55: =IF('Formulario PPGR2'!$G202="","",'Formulario PPGR1'!#REF!) -> #REF! | F55: =IF('Formulario PPGR2'!$G202="","",'Formulario PPGR1'!#REF!) -> #REF! | G55: 3.1.1.3 Fortalecimiento del sistema de control interno y auditoria de la gestión | H55: 3.1.1.3.07 | I55: Seguimiento al comportamiento de la deuda en los hospitales. | L55: 1 | O55: 1 | R55: 1 | U55: 1 | V55: =SUM(Tabla2[[#This Row],[Ene]:[Dic]]) -> 4 | W55: Reporte | Z55: Control y Fiscalización
B56: =IF('Formulario PPGR2'!$G28="","",CONCATENATE('Formulario PPGR2'!$C28,".",'Formulario PPGR2'!$D28,".",'Formulario PPGR2'!$E28,".",'Formulario PPGR2'!$F28)) -> #REF! | D56: =IF('Formulario PPGR2'!$G28="","",'Formulario PPGR1'!#REF!) -> #REF! | E56: =IF('Formulario PPGR2'!$G28="","",'Formulario PPGR1'!#REF!) -> #REF! | F56: =IF('Formulario PPGR2'!$G28="","",'Formulario PPGR1'!#REF!) -> #REF! | G56: 1.1.2.2 Operaciones de emergencias y gestión de riesgos | H56: 1.1.2.2.01 | I56: Reunion de coordinación para la gestión de la red de emergencias médicas de su demarcación | P56: 1 | V56: =SUM(Tabla2[[#This Row],[Ene]:[Dic]]) -> 1 | W56: Listado de participación | X56: Minuta | Z56: Emergencias
B57: =IF('Formulario PPGR2'!$G29="","",CONCATENATE('Formulario PPGR2'!$C29,".",'Formulario PPGR2'!$D29,".",'Formulario PPGR2'!$E29,".",'Formulario PPGR2'!$F29)) -> #REF! | D57: =IF('Formulario PPGR2'!$G29="","",'Formulario PPGR1'!#REF!) -> #REF! | E57: =IF('Formulario PPGR2'!$G29="","",'Formulario PPGR1'!#REF!) -> #REF! | F57: =IF('Formulario PPGR2'!$G29="","",'Formulario PPGR1'!#REF!) -> #REF! | G57: 1.1.2.2 Operaciones de emergencias y gestión de riesgos | H57: 1.1.2.2.02 | I57: Reunion de Coordinación de la implementación del Modelo Integrado de Atención de Emergencias y Urgencias | P57: 1 | U57: 1 | V57: =SUM(Tabla2[[#This Row],[Ene]:[Dic]]) -> 2 | W57: Listado de participación | X57: Minuta | Z57: Emergencias
B58: =IF('Formulario PPGR2'!$G30="","",CONCATENATE('Formulario PPGR2'!$C30,".",'Formulario PPGR2'!$D30,".",'Formulario PPGR2'!$E30,".",'Formulario PPGR2'!$F30)) -> #REF! | D58: =IF('Formulario PPGR2'!$G30="","",'Formulario PPGR1'!#REF!) -> #REF! | E58: =IF('Formulario PPGR2'!$G30="","",'Formulario PPGR1'!#REF!) -> #REF! | F58: =IF('Formulario PPGR2'!$G30="","",'Formulario PPGR1'!#REF!) -> #REF! | G58: 1.1.2.2 Operaciones de emergencias y gestión de riesgos | H58: 1.1.2.2.03 | I58: Supervisión de Oficiales RAC-Triaje y la implementación de RAC-Triaje en Salas de Emergencias Hospitalarias | L58: 1 | O58: 1 | R58: 1 | V58: =SUM(Tabla2[[#This Row],[Ene]:[Dic]]) -> 3 | W58: Reporte | X58: Otros | Y58: Formularios | Z58: Emergencias
B59: =IF('Formulario PPGR2'!$G31="","",CONCATENATE('Formulario PPGR2'!$C31,".",'Formulario PPGR2'!$D31,".",'Formulario PPGR2'!$E31,".",'Formulario PPGR2'!$F31)) -> #REF! | D59: =IF('Formulario PPGR2'!$G31="","",'Formulario PPGR1'!#REF!) -> #REF! | E59: =IF('Formulario PPGR2'!$G31="","",'Formulario PPGR1'!#REF!) -> #REF! | F59: =IF('Formulario PPGR2'!$G31="","",'Formulario PPGR1'!#REF!) -> #REF! | G59: 1.1.2.2 Operaciones de emergencias y gestión de riesgos | H59: 1.1.2.2.04 | I59: Supervisión al llenado de historia clinica de emergencias, reporte de indicadores y del registro de los pacientes en el libro de emergencias | P59: 1 | T59: 1 | V59: =SUM(Tabla2[[#This Row],[Ene]:[Dic]]) -> 2 | W59: Reporte | Z59: Emergencias
B60: =IF('Formulario PPGR2'!$G32="","",CONCATENATE('Formulario PPGR2'!$C32,".",'Formulario PPGR2'!$D32,".",'Formulario PPGR2'!$E32,".",'Formulario PPGR2'!$F32)) -> #REF! | D60: =IF('Formulario PPGR2'!$G32="","",'Formulario PPGR1'!#REF!) -> #REF! | E60: =IF('Formulario PPGR2'!$G32="","",'Formulario PPGR1'!#REF!) -> #REF! | F60: =IF('Formulario PPGR2'!$G32="","",'Formulario PPGR1'!#REF!) -> #REF! | G60: 1.1.2.2 Operaciones de emergencias y gestión de riesgos | H60: 1.1.2.2.05 | I60: Supervisión procedimiento de entrega, recibo y reposicion de carro de paro en salas de emergencias | O60: 1 | S60: 1 | V60: =SUM(Tabla2[[#This Row],[Ene]:[Dic]]) -> 2 | W60: Otros | Y60: Formularios | Z60: Emergencias
B61: =IF('Formulario PPGR2'!$G33="","",CONCATENATE('Formulario PPGR2'!$C33,".",'Formulario PPGR2'!$D33,".",'Formulario PPGR2'!$E33,".",'Formulario PPGR2'!$F33)) -> #REF! | D61: =IF('Formulario PPGR2'!$G33="","",'Formulario PPGR1'!#REF!) -> #REF! | E61: =IF('Formulario PPGR2'!$G33="","",'Formulario PPGR1'!#REF!) -> #REF! | F61: =IF('Formulario PPGR2'!$G33="","",'Formulario PPGR1'!#REF!) -> #REF! | G61: 1.1.2.2 Operaciones de emergencias y gestión de riesgos | H61: 1.1.2.2.06 | I61: Monitoreo del tablero de Indicadores de Gestión de las Salas de Emergencias Hospitalaria | L61: 1 | O61: 1 | R61: 1 | U61: 1 | V61: =SUM(Tabla2[[#This Row],[Ene]:[Dic]]) -> 4 | W61: Reporte | Z61: Emergencias
B62: =IF('Formulario PPGR2'!$G34="","",CONCATENATE('Formulario PPGR2'!$C34,".",'Formulario PPGR2'!$D34,".",'Formulario PPGR2'!$E34,".",'Formulario PPGR2'!$F34)) -> #REF! | D62: =IF('Formulario PPGR2'!$G34="","",'Formulario PPGR1'!#REF!) -> #REF! | E62: =IF('Formulario PPGR2'!$G34="","",'Formulario PPGR1'!#REF!) -> #REF! | F62: =IF('Formulario PPGR2'!$G34="","",'Formulario PPGR1'!#REF!) -> #REF! | G62: 1.1.2.2 Operaciones de emergencias y gestión de riesgos | H62: 1.1.2.2.07 | I62: Seguimiento del Plan de Mejora de los Servicios de emergencias Centros hospitalario | K62: 1 | S62: 1 | V62: =SUM(Tabla2[[#This Row],[Ene]:[Dic]]) -> 2 | W62: Plan | X62: Listado de participación | Y62: Reporte | Z62: Emergencias
B63: =IF('Formulario PPGR2'!$G35="","",CONCATENATE('Formulario PPGR2'!$C35,".",'Formulario PPGR2'!$D35,".",'Formulario PPGR2'!$E35,".",'Formulario PPGR2'!$F35)) -> #REF! | D63: =IF('Formulario PPGR2'!$G35="","",'Formulario PPGR1'!#REF!) -> #REF! | E63: =IF('Formulario PPGR2'!$G35="","",'Formulario PPGR1'!#REF!) -> #REF! | F63: =IF('Formulario PPGR2'!$G35="","",'Formulario PPGR1'!#REF!) -> #REF! | G63: 1.1.2.2 Operaciones de emergencias y gestión de riesgos | H63: 1.1.2.2.08 | I63: Seguimiento a la elaboración y/o actualización de los Planes de Emergencias de Salud y Desastres Naturales ORS y CEAS | L63: 1 | V63: =SUM(Tabla2[[#This Row],[Ene]:[Dic]]) -> 1 | W63: Informe | X63: Otros | Y63: Plan en registro digital | Z63: Emergencias
B64: =IF('Formulario PPGR2'!$G36="","",CONCATENATE('Formulario PPGR2'!$C36,".",'Formulario PPGR2'!$D36,".",'Formulario PPGR2'!$E36,".",'Formulario PPGR2'!$F36)) -> #REF! | D64: =IF('Formulario PPGR2'!$G36="","",'Formulario PPGR1'!#REF!) -> #REF! | E64: =IF('Formulario PPGR2'!$G36="","",'Formulario PPGR1'!#REF!) -> #REF! | F64: =IF('Formulario PPGR2'!$G36="","",'Formulario PPGR1'!#REF!) -> #REF! | G64: 1.1.2.2 Operaciones de emergencias y gestión de riesgos | H64: 1.1.2.2.09 | I64: Supervisión y seguimiento a la funcionalidad de los Planes de Emergencias y Desastres Hospitalarios a traves de simulacros | S64: 1 | V64: =SUM(Tabla2[[#This Row],[Ene]:[Dic]]) -> 1 | W64: Informe | Z64: Emergencias
B65: =IF('Formulario PPGR2'!$G37="","",CONCATENATE('Formulario PPGR2'!$C37,".",'Formulario PPGR2'!$D37,".",'Formulario PPGR2'!$E37,".",'Formulario PPGR2'!$F37)) -> #REF! | D65: =IF('Formulario PPGR2'!$G37="","",'Formulario PPGR1'!#REF!) -> #REF! | E65: =IF('Formulario PPGR2'!$G37="","",'Formulario PPGR1'!#REF!) -> #REF! | F65: =IF('Formulario PPGR2'!$G37="","",'Formulario PPGR1'!#REF!) -> #REF! | G65: 1.1.2.2 Operaciones de emergencias y gestión de riesgos | H65: 1.1.2.2.10 | I65: Reunión de coordinación de Operativo Feriado Navidad y Año Nuevo | U65: 1 | V65: =SUM(Tabla2[[#This Row],[Ene]:[Dic]]) -> 1 | W65: Listado de participación | X65: Minuta | Z65: Emergencias
B66: =IF('Formulario PPGR2'!$G38="","",CONCATENATE('Formulario PPGR2'!$C38,".",'Formulario PPGR2'!$D38,".",'Formulario PPGR2'!$E38,".",'Formulario PPGR2'!$F38)) -> #REF! | D66: =IF('Formulario PPGR2'!$G38="","",'Formulario PPGR1'!#REF!) -> #REF! | E66: =IF('Formulario PPGR2'!$G38="","",'Formulario PPGR1'!#REF!) -> #REF! | F66: =IF('Formulario PPGR2'!$G38="","",'Formulario PPGR1'!#REF!) -> #REF! | G66: 1.1.2.2 Operaciones de emergencias y gestión de riesgos | H66: 1.1.2.2.11 | I66: Reunion de coordinación preparativos Operativo Semana Santa | L66: 1 | V66: =SUM(Tabla2[[#This Row],[Ene]:[Dic]]) -> 1 | W66: Listado de participación | X66: Minuta | Z66: Emergencias
B67: =IF('Formulario PPGR2'!$G39="","",CONCATENATE('Formulario PPGR2'!$C39,".",'Formulario PPGR2'!$D39,".",'Formulario PPGR2'!$E39,".",'Formulario PPGR2'!$F39)) -> #REF! | D67: =IF('Formulario PPGR2'!$G39="","",'Formulario PPGR1'!#REF!) -> #REF! | E67: =IF('Formulario PPGR2'!$G39="","",'Formulario PPGR1'!#REF!) -> #REF! | F67: =IF('Formulario PPGR2'!$G39="","",'Formulario PPGR1'!#REF!) -> #REF! | G67: 1.1.2.2 Operaciones de emergencias y gestión de riesgos | H67: 1.1.2.2.12 | I67: Reunion coordinación preparativos y pespuesta a Temporada Ciclónica y Eventos de Salud Pública consecuentes | N67: 1 | V67: =SUM(Tabla2[[#This Row],[Ene]:[Dic]]) -> 1 | W67: Listado de participación | X67: Minuta | Z67: Emergencias
B68: =IF('Formulario PPGR2'!$G40="","",CONCATENATE('Formulario PPGR2'!$C40,".",'Formulario PPGR2'!$D40,".",'Formulario PPGR2'!$E40,".",'Formulario PPGR2'!$F40)) -> #REF! | D68: =IF('Formulario PPGR2'!$G40="","",'Formulario PPGR1'!#REF!) -> #REF! | E68: =IF('Formulario PPGR2'!$G40="","",'Formulario PPGR1'!#REF!) -> #REF! | F68: =IF('Formulario PPGR2'!$G40="","",'Formulario PPGR1'!#REF!) -> #REF! | G68: 1.1.2.2 Operaciones de emergencias y gestión de riesgos | H68: 1.1.2.2.13 | I68: Reunión de análisis situacional de salud pública y desastres naturales de su demarcación | N68: 1 | V68: =SUM(Tabla2[[#This Row],[Ene]:[Dic]]) -> 1 | W68: Listado de participación | X68: Minuta | Z68: Emergencias
B69: =IF('Formulario PPGR2'!$G174="","",CONCATENATE('Formulario PPGR2'!$C174,".",'Formulario PPGR2'!$D174,".",'Formulario PPGR2'!$E174,".",'Formulario PPGR2'!$F174)) -> #REF! | C69: =IF('Formulario PPGR2'!$G174="","",'Formulario PPGR1'!#REF!) -> #REF! | D69: =IF('Formulario PPGR2'!$G174="","",'Formulario PPGR1'!#REF!) -> #REF! | E69: =IF('Formulario PPGR2'!$G174="","",'Formulario PPGR1'!#REF!) -> #REF! | F69: =IF('Formulario PPGR2'!$G174="","",'Formulario PPGR1'!#REF!) -> #REF! | G69: 1.3.4.4 Continuidad implementacion de la Politica de estandar de los cuidados de enfemeria como indicadores de calidad | H69: 1.3.4.4.01 | I69: Supervisión de la aplicación del carnet de cita en los EES (PNA y NE) en los programas de materno infantil y adolescentes | L69: 1 | T69: 1 | V69: =SUM(Tabla2[[#This Row],[Ene]:[Dic]]) -> 2 | W69: Listado de participación | X69: Reporte | Z69: Enfermería
B70: =IF('Formulario PPGR2'!$G175="","",CONCATENATE('Formulario PPGR2'!$C175,".",'Formulario PPGR2'!$D175,".",'Formulario PPGR2'!$E175,".",'Formulario PPGR2'!$F175)) -> #REF! | C70: =IF('Formulario PPGR2'!$G175="","",'Formulario PPGR1'!#REF!) -> #REF! | D70: =IF('Formulario PPGR2'!$G175="","",'Formulario PPGR1'!#REF!) -> #REF! | E70: =IF('Formulario PPGR2'!$G175="","",'Formulario PPGR1'!#REF!) -> #REF! | F70: =IF('Formulario PPGR2'!$G175="","",'Formulario PPGR1'!#REF!) -> #REF! | G70: 1.3.4.4 Continuidad implementacion de la Politica de estandar de los cuidados de enfemeria como indicadores de calidad | H70: 1.3.4.4.02 | I70: Seguimiento a la implementación de los instrumentos de Enfermería del expediente clinico y su aplicación para la mejora en la calidad de los cuidados por encargadas regionales de enfermería | N70: 1 | Q70: 1 | S70: 1 | V70: =SUM(Tabla2[[#This Row],[Ene]:[Dic]]) -> 3 | W70: Listado de participación | X70: Minuta | Z70: Enfermería
B71: =IF('Formulario PPGR2'!$G176="","",CONCATENATE('Formulario PPGR2'!$C176,".",'Formulario PPGR2'!$D176,".",'Formulario PPGR2'!$E176,".",'Formulario PPGR2'!$F176)) -> #REF! | C71: =IF('Formulario PPGR2'!$G176="","",'Formulario PPGR1'!#REF!) -> #REF! | D71: =IF('Formulario PPGR2'!$G176="","",'Formulario PPGR1'!#REF!) -> #REF! | E71: =IF('Formulario PPGR2'!$G176="","",'Formulario PPGR1'!#REF!) -> #REF! | F71: =IF('Formulario PPGR2'!$G176="","",'Formulario PPGR1'!#REF!) -> #REF! | G71: 1.3.4.4 Continuidad implementacion de la Politica de estandar de los cuidados de enfemeria como indicadores de calidad | H71: 1.3.4.4.03 | I71: Monitoreo de los cuidados que ofrece el personal de enfermería a los usuarios en los EES de la red publica en el ambito ambulatorio y hospitalario | L71: 1 | O71: 1 | R71: 1 | U71: 1 | V71: =SUM(Tabla2[[#This Row],[Ene]:[Dic]]) -> 4 | W71: Listado de participación | X71: Otros | Y71: Formulario de supervisión | Z71: Enfermería
B72: =IF('Formulario PPGR2'!$G177="","",CONCATENATE('Formulario PPGR2'!$C177,".",'Formulario PPGR2'!$D177,".",'Formulario PPGR2'!$E177,".",'Formulario PPGR2'!$F177)) -> #REF! | C72: =IF('Formulario PPGR2'!$G177="","",'Formulario PPGR1'!#REF!) -> #REF! | D72: =IF('Formulario PPGR2'!$G177="","",'Formulario PPGR1'!#REF!) -> #REF! | E72: =IF('Formulario PPGR2'!$G177="","",'Formulario PPGR1'!#REF!) -> #REF! | F72: =IF('Formulario PPGR2'!$G177="","",'Formulario PPGR1'!#REF!) -> #REF! | G72: 1.3.4.4 Continuidad implementacion de la Politica de estandar de los cuidados de enfemeria como indicadores de calidad | H72: 1.3.4.4.04 | I72: Seguimiento a la aplicación del estandar Prevención y control de infecciones asociadas a la atención de salud. (IAAS) Por el personal de enfermería | N72: 1 | R72: 1 | V72: =SUM(Tabla2[[#This Row],[Ene]:[Dic]]) -> 2 | W72: Listado de participación | X72: Otros | Y72: Formulario | Z72: Enfermería
B73: =IF('Formulario PPGR2'!$G178="","",CONCATENATE('Formulario PPGR2'!$C178,".",'Formulario PPGR2'!$D178,".",'Formulario PPGR2'!$E178,".",'Formulario PPGR2'!$F178)) -> #REF! | C73: =IF('Formulario PPGR2'!$G178="","",'Formulario PPGR1'!#REF!) -> #REF! | D73: =IF('Formulario PPGR2'!$G178="","",'Formulario PPGR1'!#REF!) -> #REF! | E73: =IF('Formulario PPGR2'!$G178="","",'Formulario PPGR1'!#REF!) -> #REF! | F73: =IF('Formulario PPGR2'!$G178="","",'Formulario PPGR1'!#REF!) -> #REF! | G73: 1.3.4.4 Continuidad implementacion de la Politica de estandar de los cuidados de enfemeria como indicadores de calidad | H73: 1.3.4.4.05 | I73: Seguimiento a la implementación de visitas domiciliarias para socializar el plan de parto en EES (CPN y CEAS) | L73: 1 | O73: 1 | R73: 1 | U73: 1 | V73: =SUM(Tabla2[[#This Row],[Ene]:[Dic]]) -> 4 | W73: Listado de participación | X73: Otros | Y73: Fotos | Z73: Enfermería
B74: =IF('Formulario PPGR2'!$G182="","",CONCATENATE('Formulario PPGR2'!$C182,".",'Formulario PPGR2'!$D182,".",'Formulario PPGR2'!$E182,".",'Formulario PPGR2'!$F182)) -> #REF! | D74: =IF('Formulario PPGR2'!$G182="","",'Formulario PPGR1'!#REF!) -> #REF! | E74: =IF('Formulario PPGR2'!$G182="","",'Formulario PPGR1'!#REF!) -> #REF! | F74: =IF('Formulario PPGR2'!$G182="","",'Formulario PPGR1'!#REF!) -> #REF! | G74: 2.1.1.1 Programa Cuidados de enfermería en plataforma de capacitación | H74: 2.1.1.1.01 | I74: Taller de capacitación de herramientas para las unidades de nutrición clinica y dietoterapia | M74: 1 | U74: 1 | V74: =SUM(Tabla2[[#This Row],[Ene]:[Dic]]) -> 2 | W74: Listado de participación | X74: Agenda | Z74: Enfermería
B75: =IF('Formulario PPGR2'!$G183="","",CONCATENATE('Formulario PPGR2'!$C183,".",'Formulario PPGR2'!$D183,".",'Formulario PPGR2'!$E183,".",'Formulario PPGR2'!$F183)) -> #REF! | D75: =IF('Formulario PPGR2'!$G183="","",'Formulario PPGR1'!#REF!) -> #REF! | E75: =IF('Formulario PPGR2'!$G183="","",'Formulario PPGR1'!#REF!) -> #REF! | F75: =IF('Formulario PPGR2'!$G183="","",'Formulario PPGR1'!#REF!) -> #REF! | G75: 2.1.1.1 Programa Cuidados de enfermería en plataforma de capacitación | H75: 2.1.1.1.02 | I75: Seguimiento a capacitación Estandar Proceso de Atención de Enfermería en el ámbito ambulatorio y hospitalario | M75: 1 | P75: 1 | T75: 1 | V75: =SUM(Tabla2[[#This Row],[Ene]:[Dic]]) -> 3 | W75: Listado de participación | X75: Informe | Z75: Enfermería
B76: =IF('Formulario PPGR2'!$G184="","",CONCATENATE('Formulario PPGR2'!$C184,".",'Formulario PPGR2'!$D184,".",'Formulario PPGR2'!$E184,".",'Formulario PPGR2'!$F184)) -> #REF! | D76: =IF('Formulario PPGR2'!$G184="","",'Formulario PPGR1'!#REF!) -> #REF! | E76: =IF('Formulario PPGR2'!$G184="","",'Formulario PPGR1'!#REF!) -> #REF! | F76: =IF('Formulario PPGR2'!$G184="","",'Formulario PPGR1'!#REF!) -> #REF! | G76: 2.1.1.1 Programa Cuidados de enfermería en plataforma de capacitación | H76: 2.1.1.1.03 | I76: Seguimiento a las capacitaciones de Liderazgo y Gestión por las encargadas regionales de enfermería en los EES | M76: 1 | S76: 1 | V76: =SUM(Tabla2[[#This Row],[Ene]:[Dic]]) -> 2 | W76: Listado de participación | X76: Agenda | Z76: Enfermería
B77: =IF('Formulario PPGR2'!$G185="","",CONCATENATE('Formulario PPGR2'!$C185,".",'Formulario PPGR2'!$D185,".",'Formulario PPGR2'!$E185,".",'Formulario PPGR2'!$F185)) -> #REF! | D77: =IF('Formulario PPGR2'!$G185="","",'Formulario PPGR1'!#REF!) -> #REF! | E77: =IF('Formulario PPGR2'!$G185="","",'Formulario PPGR1'!#REF!) -> #REF! | F77: =IF('Formulario PPGR2'!$G185="","",'Formulario PPGR1'!#REF!) -> #REF! | G77: 2.1.1.1 Programa Cuidados de enfermería en plataforma de capacitación | H77: 2.1.1.1.04 | I77: Capacitacion al personal de enfermería basada a la importancia de atención prenatal en los EES | L77: 1 | O77: 1 | R77: 1 | U77: 1 | V77: =SUM(Tabla2[[#This Row],[Ene]:[Dic]]) -> 4 | W77: Listado de participación | X77: Informe | Z77: Enfermería
B78: =IF('Formulario PPGR2'!$G203="","",CONCATENATE('Formulario PPGR2'!$C203,".",'Formulario PPGR2'!$D203,".",'Formulario PPGR2'!$E203,".",'Formulario PPGR2'!$F203)) -> #REF! | D78: =IF('Formulario PPGR2'!$G203="","",'Formulario PPGR1'!#REF!) -> #REF! | E78: =IF('Formulario PPGR2'!$G203="","",'Formulario PPGR1'!#REF!) -> #REF! | F78: =IF('Formulario PPGR2'!$G203="","",'Formulario PPGR1'!#REF!) -> #REF! | G78: 3.1.1.3 Fortalecimiento del sistema de control interno y auditoria de la gestión | H78: 3.1.1.3.08 | I78: Elaboración de Estados Financieros ORS y seguimiento a los Estados Financieros de los CEAS (con sus anexos) | J78: 1 | K78: 1 | L78: 1 | M78: 1 | N78: 1 | O78: 1 | P78: 1 | Q78: 1 | R78: 1 | S78: 1 | T78: 1 | U78: 1 | V78: =SUM(Tabla2[[#This Row],[Ene]:[Dic]]) -> 12 | W78: Reporte | X78: Otros | Y78: Estados Financieros (registro digital) | Z78: Financiero
B79: =IF('Formulario PPGR2'!$G247="","",CONCATENATE('Formulario PPGR2'!$C247,".",'Formulario PPGR2'!$D247,".",'Formulario PPGR2'!$E247,".",'Formulario PPGR2'!$F247)) -> #REF! | D79: =IF('Formulario PPGR2'!$G247="","",'Formulario PPGR1'!#REF!) -> #REF! | E79: =IF('Formulario PPGR2'!$G247="","",'Formulario PPGR1'!#REF!) -> #REF! | F79: =IF('Formulario PPGR2'!$G247="","",'Formulario PPGR1'!#REF!) -> #REF! | G79: 3.7.1.2 Fortalecimiento del modelo de gestión y monitoreo de la calidad institucional | H79: 3.7.1.2.11 | I79: Formulación del presupuesto 2026 de la OR y coordinación de los CEAS | Q79: 1 | V79: =SUM(Tabla2[[#This Row],[Ene]:[Dic]]) -> 1 | W79: Plan | Z79: Financiero
B80: =IF('Formulario PPGR2'!$G46="","",CONCATENATE('Formulario PPGR2'!$C46,".",'Formulario PPGR2'!$D46,".",'Formulario PPGR2'!$E46,".",'Formulario PPGR2'!$F46)) -> #REF! | D80: =IF('Formulario PPGR2'!$G46="","",'Formulario PPGR1'!#REF!) -> #REF! | E80: =IF('Formulario PPGR2'!$G46="","",'Formulario PPGR1'!#REF!) -> #REF! | F80: =IF('Formulario PPGR2'!$G46="","",'Formulario PPGR1'!#REF!) -> #REF! | G80: 1.1.2.5 Fotalecimiento de los servicios de la red de servicios de Salud Mental | H80: 1.1.2.5.01 | I80: Visitas de supervisión con el objetivo de identificar brechas en la atención de salud mental, con el fin de desarrollar planes de mejora para fortalecer los servicios. | L80: 1 | M80: 1 | N80: 1 | O80: 1 | P80: 1 | Q80: 1 | R80: 1 | S80: 1 | T80: 1 | V80: =SUM(Tabla2[[#This Row],[Ene]:[Dic]]) -> 9 | W80: Listado de participación | X80: Informe | Z80: Gestión Clínica | AA80: Salud mental
B81: =IF('Formulario PPGR2'!$G47="","",CONCATENATE('Formulario PPGR2'!$C47,".",'Formulario PPGR2'!$D47,".",'Formulario PPGR2'!$E47,".",'Formulario PPGR2'!$F47)) -> #REF! | D81: =IF('Formulario PPGR2'!$G47="","",'Formulario PPGR1'!#REF!) -> #REF! | E81: =IF('Formulario PPGR2'!$G47="","",'Formulario PPGR1'!#REF!) -> #REF! | F81: =IF('Formulario PPGR2'!$G47="","",'Formulario PPGR1'!#REF!) -> #REF! | G81: 1.1.2.5 Fotalecimiento de los servicios de la red de servicios de Salud Mental | H81: 1.1.2.5.02 | I81: Taller de capacitación en el fortalecimiento de buenas prácticas en protocolos y documentación estandarizada. | P81: 1 | S81: 1 | V81: =SUM(Tabla2[[#This Row],[Ene]:[Dic]]) -> 2 | W81: Listado de participación | X81: Agenda | Z81: Gestión Clínica | AA81: Salud mental
B82: =IF('Formulario PPGR2'!$G48="","",CONCATENATE('Formulario PPGR2'!$C48,".",'Formulario PPGR2'!$D48,".",'Formulario PPGR2'!$E48,".",'Formulario PPGR2'!$F48)) -> #REF! | D82: =IF('Formulario PPGR2'!$G48="","",'Formulario PPGR1'!#REF!) -> #REF! | E82: =IF('Formulario PPGR2'!$G48="","",'Formulario PPGR1'!#REF!) -> #REF! | F82: =IF('Formulario PPGR2'!$G48="","",'Formulario PPGR1'!#REF!) -> #REF! | G82: 1.1.2.5 Fotalecimiento de los servicios de la red de servicios de Salud Mental | H82: 1.1.2.5.04 | I82: Visitas de Supervision a las Unidades de Intervención en Crisis en funcionamiento en la región. | L82: 1 | M82: 1 | N82: 1 | O82: 1 | P82: 1 | Q82: 1 | R82: 1 | S82: 1 | T82: 1 | V82: =SUM(Tabla2[[#This Row],[Ene]:[Dic]]) -> 9 | W82: Listado de participación | X82: Informe | Z82: Gestión Clínica | AA82: Salud mental
B83: =IF('Formulario PPGR2'!$G49="","",CONCATENATE('Formulario PPGR2'!$C49,".",'Formulario PPGR2'!$D49,".",'Formulario PPGR2'!$E49,".",'Formulario PPGR2'!$F49)) -> #REF! | D83: =IF('Formulario PPGR2'!$G49="","",'Formulario PPGR1'!#REF!) -> #REF! | E83: =IF('Formulario PPGR2'!$G49="","",'Formulario PPGR1'!#REF!) -> #REF! | F83: =IF('Formulario PPGR2'!$G49="","",'Formulario PPGR1'!#REF!) -> #REF! | G83: 1.1.2.6 Seguimiento a la aplicación de los protocolos de las enfermedades zoonóticas | H83: 1.1.2.6.01 | I83: Supervisión a la implementación del DTIR (Detección, tratamiento, investigación y Respuesta) en Establecimientos de Salud del Primer Nivel de Atención y Nivel Especializado. | K83: 1 | M83: 1 | O83: 1 | Q83: 1 | S83: 1 | U83: 1 | V83: =SUM(Tabla2[[#This Row],[Ene]:[Dic]]) -> 6 | W83: Listado de participación | X83: Informe | Z83: Gestión Clínica | AA83: Gestión Clínica
B84: =IF('Formulario PPGR2'!$G50="","",CONCATENATE('Formulario PPGR2'!$C50,".",'Formulario PPGR2'!$D50,".",'Formulario PPGR2'!$E50,".",'Formulario PPGR2'!$F50)) -> ... | D84: =IF('Formulario PPGR2'!$G50="","",'Formulario PPGR1'!#REF!) -> #REF! | E84: =IF('Formulario PPGR2'!$G50="","",'Formulario PPGR1'!#REF!) -> #REF! | F84: =IF('Formulario PPGR2'!$G50="","",'Formulario PPGR1'!#REF!) -> #REF! | G84: 1.1.2.6 Seguimiento a la aplicación de los protocolos de las enfermedades zoonóticas | H84: 1.1.2.6.02 | I84: Seguimiento al proceso de atención del paciente con mordedura en 1 EESS. | L84: 1 | N84: 1 | P84: 1 | R84: 1 | T84: 1 | V84: =SUM(Tabla2[[#This Row],[Ene]:[Dic]]) -> 5 | W84: Listado de participación | X84: Informe | Z84: Gestión Clínica | AA84: Gestión Clínica
B85: =IF('Formulario PPGR2'!$G51="","",CONCATENATE('Formulario PPGR2'!$C51,".",'Formulario PPGR2'!$D51,".",'Formulario PPGR2'!$E51,".",'Formulario PPGR2'!$F51)) -> #REF! | D85: =IF('Formulario PPGR2'!$G51="","",'Formulario PPGR1'!#REF!) -> #REF! | E85: =IF('Formulario PPGR2'!$G51="","",'Formulario PPGR1'!#REF!) -> #REF! | F85: =IF('Formulario PPGR2'!$G51="","",'Formulario PPGR1'!#REF!) -> #REF! | G85: 1.1.2.6 Seguimiento a la aplicación de los protocolos de las enfermedades zoonóticas | H85: 1.1.2.6.03 | I85: Taller de actualización en manejo de Arbovirosis dirigido al personal de los centros de salud del Primer Nivel de Atención. | M85: 1 | V85: =SUM(Tabla2[[#This Row],[Ene]:[Dic]]) -> 1 | W85: Listado de participación | X85: Agenda | Z85: Gestión Clínica | AA85: Gestión Clínica
B86: =IF('Formulario PPGR2'!$G52="","",CONCATENATE('Formulario PPGR2'!$C52,".",'Formulario PPGR2'!$D52,".",'Formulario PPGR2'!$E52,".",'Formulario PPGR2'!$F52)) -> #REF! | D86: =IF('Formulario PPGR2'!$G52="","",'Formulario PPGR1'!#REF!) -> #REF! | E86: =IF('Formulario PPGR2'!$G52="","",'Formulario PPGR1'!#REF!) -> #REF! | F86: =IF('Formulario PPGR2'!$G52="","",'Formulario PPGR1'!#REF!) -> #REF! | G86: 1.1.2.6 Seguimiento a la aplicación de los protocolos de las enfermedades zoonóticas | H86: 1.1.2.6.04 | I86: Taller de actualización en detección y manejo de la leptospirosis dirigido al personal de los centros de salud de 2do y 3er nivel de atención.. | S86: 1 | V86: =SUM(Tabla2[[#This Row],[Ene]:[Dic]]) -> 1 | W86: Listado de participación | X86: Agenda | Z86: Gestión Clínica | AA86: Gestión Clínica
B87: =IF('Formulario PPGR2'!$G55="","",CONCATENATE('Formulario PPGR2'!$C55,".",'Formulario PPGR2'!$D55,".",'Formulario PPGR2'!$E55,".",'Formulario PPGR2'!$F55)) -> #REF! | D87: =IF('Formulario PPGR2'!$G55="","",'Formulario PPGR1'!#REF!) -> #REF! | E87: =IF('Formulario PPGR2'!$G55="","",'Formulario PPGR1'!#REF!) -> #REF! | F87: =IF('Formulario PPGR2'!$G55="","",'Formulario PPGR1'!#REF!) -> #REF! | G87: 1.1.3.1 Aumento de la provisión de servicios de salud sexual y reproductiva en la Red SNS | H87: 1.1.3.1.03 | I87: Visitas de seguimiento para el fortalecimiento de los Servicios de Infecciones de Transmisión Sexual (ITS) de los puestos centinelas establecidos. | K87: 1 | N87: 1 | Q87: 1 | T87: 1 | V87: =SUM(Tabla2[[#This Row],[Ene]:[Dic]]) -> 4 | W87: Listado de participación | X87: Informe | Z87: Gestión Clínica | AA87: VIH
B88: =IF('Formulario PPGR2'!$G56="","",CONCATENATE('Formulario PPGR2'!$C56,".",'Formulario PPGR2'!$D56,".",'Formulario PPGR2'!$E56,".",'Formulario PPGR2'!$F56)) -> #REF! | D88: =IF('Formulario PPGR2'!$G56="","",'Formulario PPGR1'!#REF!) -> #REF! | E88: =IF('Formulario PPGR2'!$G56="","",'Formulario PPGR1'!#REF!) -> #REF! | F88: =IF('Formulario PPGR2'!$G56="","",'Formulario PPGR1'!#REF!) -> #REF! | G88: 1.1.3.1 Aumento de la provisión de servicios de salud sexual y reproductiva en la Red SNS | H88: 1.1.3.1.04 | I88: Auditoria de la calidad de los datos en los Puestos Centinelas de ITS establecidos. | L88: 1 | P88: 1 | R88: 1 | V88: =SUM(Tabla2[[#This Row],[Ene]:[Dic]]) -> 3 | W88: Listado de participación | X88: Informe | Z88: Gestión Clínica | AA88: VIH
B89: =IF('Formulario PPGR2'!$G57="","",CONCATENATE('Formulario PPGR2'!$C57,".",'Formulario PPGR2'!$D57,".",'Formulario PPGR2'!$E57,".",'Formulario PPGR2'!$F57)) -> #REF! | D89: =IF('Formulario PPGR2'!$G57="","",'Formulario PPGR1'!#REF!) -> #REF! | E89: =IF('Formulario PPGR2'!$G57="","",'Formulario PPGR1'!#REF!) -> #REF! | F89: =IF('Formulario PPGR2'!$G57="","",'Formulario PPGR1'!#REF!) -> #REF! | G89: 1.1.3.1 Aumento de la provisión de servicios de salud sexual y reproductiva en la Red SNS | H89: 1.1.3.1.05 | I89: Visitas de supervisión para la Mejora de la Calidad de los Datos y el Registro Oportuno en el Sistema de Registro Nominal de Pruebas de VIH (SIRENP) para resultados de pruebas de VIH, Hepatitis B, Hepatitis C y Sífilis | O89: 1 | S89: 2 | V89: =SUM(Tabla2[[#This Row],[Ene]:[Dic]]) -> 3 | W89: Listado de participación | X89: Informe | Z89: Gestión Clínica | AA89: VIH
B90: =IF('Formulario PPGR2'!$G71="","",CONCATENATE('Formulario PPGR2'!$C71,".",'Formulario PPGR2'!$D71,".",'Formulario PPGR2'!$E71,".",'Formulario PPGR2'!$F71)) -> #REF! | D90: =IF('Formulario PPGR2'!$G71="","",'Formulario PPGR1'!#REF!) -> #REF! | E90: =IF('Formulario PPGR2'!$G71="","",'Formulario PPGR1'!#REF!) -> #REF! | F90: =IF('Formulario PPGR2'!$G71="","",'Formulario PPGR1'!#REF!) -> #REF! | G90: 1.1.3.2 Mejorada la atención de enfermedades transmisibles | H90: 1.1.3.2.02 | I90: Visita de supervisión a los Establecimientos de Salud (EES) para verificación de la disponibilidad de los servicios integrales de salud | L90: 1 | V90: =SUM(Tabla2[[#This Row],[Ene]:[Dic]]) -> 1 | W90: Informe | X90: Listado de participación | Z90: Gestión Clínica | AA90: VIH
B91: =IF('Formulario PPGR2'!$G72="","",CONCATENATE('Formulario PPGR2'!$C72,".",'Formulario PPGR2'!$D72,".",'Formulario PPGR2'!$E72,".",'Formulario PPGR2'!$F72)) -> #REF! | D91: =IF('Formulario PPGR2'!$G72="","",'Formulario PPGR1'!#REF!) -> #REF! | E91: =IF('Formulario PPGR2'!$G72="","",'Formulario PPGR1'!#REF!) -> #REF! | F91: =IF('Formulario PPGR2'!$G72="","",'Formulario PPGR1'!#REF!) -> #REF! | G91: 1.1.3.3 Fortalecimiento de la capacidad de los servicios de salud de VIH para garantizar la atencion integral y de calidad centrada en el paciente de VIH para cumplir las metas 95-95-95 al 2030 y el PoR 42 | H91: 1.1.3.3.01 | I91: Mesas de trabajo con el personal de los Servicios de Atención Integral para seguimiento al cumplimiento de indicadores de la cascada 95-95-95 del Programa de VIH | L91: 1 | O91: 1 | R91: 1 | U91: 1 | V91: =SUM(Tabla2[[#This Row],[Ene]:[Dic]]) -> 4 | W91: Listado de participación | X91: Minuta | Z91: Gestión Clínica | AA91: VIH
B92: =IF('Formulario PPGR2'!$G73="","",CONCATENATE('Formulario PPGR2'!$C73,".",'Formulario PPGR2'!$D73,".",'Formulario PPGR2'!$E73,".",'Formulario PPGR2'!$F73)) -> #REF! | D92: =IF('Formulario PPGR2'!$G73="","",'Formulario PPGR1'!#REF!) -> #REF! | E92: =IF('Formulario PPGR2'!$G73="","",'Formulario PPGR1'!#REF!) -> #REF! | F92: =IF('Formulario PPGR2'!$G73="","",'Formulario PPGR1'!#REF!) -> #REF! | G92: 1.1.3.3 Fortalecimiento de la capacidad de los servicios de salud de VIH para garantizar la atencion integral y de calidad centrada en el paciente de VIH para cumplir las metas 95-95-95 al 2030 y el PoR 44 | H92: 1.1.3.3.03 | I92: Visitas de seguimiento para el fortalecimiento del Sistema de Registro Nominal de Atención Integral (SIRNAI) a nivel nacional. | J92: 1 | M92: 1 | P92: 1 | V92: =SUM(Tabla2[[#This Row],[Ene]:[Dic]]) -> 3 | W92: Listado de participación | X92: Informe | Z92: Gestión Clínica | AA92: VIH
B93: =IF('Formulario PPGR2'!$G74="","",CONCATENATE('Formulario PPGR2'!$C74,".",'Formulario PPGR2'!$D74,".",'Formulario PPGR2'!$E74,".",'Formulario PPGR2'!$F74)) -> #REF! | D93: =IF('Formulario PPGR2'!$G74="","",'Formulario PPGR1'!#REF!) -> #REF! | E93: =IF('Formulario PPGR2'!$G74="","",'Formulario PPGR1'!#REF!) -> #REF! | F93: =IF('Formulario PPGR2'!$G74="","",'Formulario PPGR1'!#REF!) -> #REF! | G93: 1.1.3.3 Fortalecimiento de la capacidad de los servicios de salud de VIH para garantizar la atencion integral y de calidad centrada en el paciente de VIH para cumplir las metas 95-95-95 al 2030 y el PoR 45 | H93: 1.1.3.3.04 | I93: Visitas de supervisión a las Áreas de Consejería para pruebas de VIH en los EES priorizados, con el fin de verificar la entrega y el registro oportuno de la pre y post consejería en el SIRENP. | L93: 1 | O93: 1 | R93: 1 | V93: =SUM(Tabla2[[#This Row],[Ene]:[Dic]]) -> 3 | W93: Listado de participación | X93: Informe | Z93: Gestión Clínica | AA93: VIH
B94: =IF('Formulario PPGR2'!$G75="","",CONCATENATE('Formulario PPGR2'!$C75,".",'Formulario PPGR2'!$D75,".",'Formulario PPGR2'!$E75,".",'Formulario PPGR2'!$F75)) -> #REF! | D94: =IF('Formulario PPGR2'!$G75="","",'Formulario PPGR1'!#REF!) -> #REF! | E94: =IF('Formulario PPGR2'!$G75="","",'Formulario PPGR1'!#REF!) -> #REF! | F94: =IF('Formulario PPGR2'!$G75="","",'Formulario PPGR1'!#REF!) -> #REF! | G94: 1.1.3.3 Fortalecimiento de la capacidad de los servicios de salud de VIH para garantizar la atencion integral y de calidad centrada en el paciente de VIH para cumplir las metas 95-95-95 al 2030 y el PoR 46 | H94: 1.1.3.3.05 | I94: Supervisión de los Servicios de Preexposición al VIH (PrEP) en los EES para el fortalecimiento Integral de la Estrategia de Prevención del VIH. | K94: 1 | P94: 1 | T94: 1 | V94: =SUM(Tabla2[[#This Row],[Ene]:[Dic]]) -> 3 | W94: Listado de participación | X94: Informe | Z94: Gestión Clínica | AA94: VIH
B95: =IF('Formulario PPGR2'!$G76="","",CONCATENATE('Formulario PPGR2'!$C76,".",'Formulario PPGR2'!$D76,".",'Formulario PPGR2'!$E76,".",'Formulario PPGR2'!$F76)) -> #REF! | D95: =IF('Formulario PPGR2'!$G76="","",'Formulario PPGR1'!#REF!) -> #REF! | E95: =IF('Formulario PPGR2'!$G76="","",'Formulario PPGR1'!#REF!) -> #REF! | F95: =IF('Formulario PPGR2'!$G76="","",'Formulario PPGR1'!#REF!) -> #REF! | G95: 1.1.3.3 Fortalecimiento de la capacidad de los servicios de salud de VIH para garantizar la atencion integral y de calidad centrada en el paciente de VIH para cumplir las metas 95-95-95 al 2030 y el PoR 47 | H95: 1.1.3.3.06 | I95: Reuniones de seguimiento al cumplimiento de indicadores del PoR 42 en las regiones priorizadas (SRS) | L95: 1 | O95: 1 | R95: 1 | U95: 1 | V95: =SUM(Tabla2[[#This Row],[Ene]:[Dic]]) -> 4 | W95: Listado de participación | X95: Minuta | Z95: Gestión Clínica | AA95: VIH
B96: =IF('Formulario PPGR2'!$G77="","",CONCATENATE('Formulario PPGR2'!$C77,".",'Formulario PPGR2'!$D77,".",'Formulario PPGR2'!$E77,".",'Formulario PPGR2'!$F77)) -> #REF! | D96: =IF('Formulario PPGR2'!$G77="","",'Formulario PPGR1'!#REF!) -> #REF! | E96: =IF('Formulario PPGR2'!$G77="","",'Formulario PPGR1'!#REF!) -> #REF! | F96: =IF('Formulario PPGR2'!$G77="","",'Formulario PPGR1'!#REF!) -> #REF! | G96: 1.1.3.3 Fortalecimiento de la capacidad de los servicios de salud de VIH para garantizar la atencion integral y de calidad centrada en el paciente de VIH para cumplir las metas 95-95-95 al 2030 y el PoR 48 | H96: 1.1.3.3.07 | I96: Supervisión de las Intervenciones Implementadas para el Fortalecimiento de la Adherencia por el Personal del Programa 42 | K96: 1 | N96: 1 | Q96: 1 | T96: 1 | V96: =SUM(Tabla2[[#This Row],[Ene]:[Dic]]) -> 4 | W96: Listado de participación | X96: Informe | Z96: Gestión Clínica | AA96: VIH
B97: =IF('Formulario PPGR2'!$G78="","",CONCATENATE('Formulario PPGR2'!$C78,".",'Formulario PPGR2'!$D78,".",'Formulario PPGR2'!$E78,".",'Formulario PPGR2'!$F78)) -> #REF! | D97: =IF('Formulario PPGR2'!$G78="","",'Formulario PPGR1'!#REF!) -> #REF! | E97: =IF('Formulario PPGR2'!$G78="","",'Formulario PPGR1'!#REF!) -> #REF! | F97: =IF('Formulario PPGR2'!$G78="","",'Formulario PPGR1'!#REF!) -> #REF! | G97: 1.1.3.4 Fortalecimiento de la capacidad de respuesta para brindar atencion integral centrada en el paciente de Tb en todas sus fases para garantizar el cumplimiento de las metas de fin de la TB al 2030 y PoR 41 | H97: 1.1.3.4.01 | I97: Visitas de auditoria al Sistema de Información Operacional y Epidemiológico de TB (SIOE) en los EESS para fortalecimiento de la calidad del dato. | L97: 5 | M97: 5 | N97: 5 | O97: 5 | P97: 5 | Q97: 5 | R97: 5 | S97: 5 | T97: 5 | U97: 5 | V97: =SUM(Tabla2[[#This Row],[Ene]:[Dic]]) -> 50 | W97: Listado de participación | X97: Informe | Z97: Gestión Clínica | AA97: TB
B98: =IF('Formulario PPGR2'!$G79="","",CONCATENATE('Formulario PPGR2'!$C79,".",'Formulario PPGR2'!$D79,".",'Formulario PPGR2'!$E79,".",'Formulario PPGR2'!$F79)) -> #REF! | D98: =IF('Formulario PPGR2'!$G79="","",'Formulario PPGR1'!#REF!) -> #REF! | E98: =IF('Formulario PPGR2'!$G79="","",'Formulario PPGR1'!#REF!) -> #REF! | F98: =IF('Formulario PPGR2'!$G79="","",'Formulario PPGR1'!#REF!) -> #REF! | G98: 1.1.3.4 Fortalecimiento de la capacidad de respuesta para brindar atencion integral centrada en el paciente de Tb en todas sus fases para garantizar el cumplimiento de las metas de fin de la TB al 2030 y PoR 42 | H98: 1.1.3.4.02 | I98: Implementación y seguimiento a la Terapia Preventiva de Tuberculosis (TPT) en los SAIs de la región | L98: 4 | O98: 4 | R98: 4 | U98: 4 | V98: =SUM(Tabla2[[#This Row],[Ene]:[Dic]]) -> 16 | W98: Reporte | Z98: Gestión Clínica | AA98: TB
B99: =IF('Formulario PPGR2'!$G80="","",CONCATENATE('Formulario PPGR2'!$C80,".",'Formulario PPGR2'!$D80,".",'Formulario PPGR2'!$E80,".",'Formulario PPGR2'!$F80)) -> #REF! | D99: =IF('Formulario PPGR2'!$G80="","",'Formulario PPGR1'!#REF!) -> #REF! | E99: =IF('Formulario PPGR2'!$G80="","",'Formulario PPGR1'!#REF!) -> #REF! | F99: =IF('Formulario PPGR2'!$G80="","",'Formulario PPGR1'!#REF!) -> #REF! | G99: 1.1.3.4 Fortalecimiento de la capacidad de respuesta para brindar atencion integral centrada en el paciente de Tb en todas sus fases para garantizar el cumplimiento de las metas de fin de la TB al 2030 y PoR 43 | H99: 1.1.3.4.03 | I99: Visitas de seguimiento a los centros penitenciarios para validacion de la aplicación de protocolos de atencion y calidad del dato. | K99: 2 | M99: 2 | O99: 2 | Q99: 2 | S99: 2 | V99: =SUM(Tabla2[[#This Row],[Ene]:[Dic]]) -> 10 | W99: Listado de participación | X99: Informe | Z99: Gestión Clínica | AA99: TB. Sugerimos que sólo sea 1 visita bimensual. No aplica esta sugerencias, nos informan desde el area ecargada
B100: =IF('Formulario PPGR2'!$G81="","",CONCATENATE('Formulario PPGR2'!$C81,".",'Formulario PPGR2'!$D81,".",'Formulario PPGR2'!$E81,".",'Formulario PPGR2'!$F81)) -> #REF! | D100: =IF('Formulario PPGR2'!$G81="","",'Formulario PPGR1'!#REF!) -> #REF! | E100: =IF('Formulario PPGR2'!$G81="","",'Formulario PPGR1'!#REF!) -> #REF! | F100: =IF('Formulario PPGR2'!$G81="","",'Formulario PPGR1'!#REF!) -> #REF! | G100: 1.1.3.4 Fortalecimiento de la capacidad de respuesta para brindar atencion integral centrada en el paciente de Tb en todas sus fases para garantizar el cumplimiento de las metas de fin de la TB al 2030 y PoR 44 | H100: 1.1.3.4.04 | I100: Visitas a las Unidades Técnicas Regionales (UTR) para Monitoreo el cumplimiento de protocolos establecidos para el manejo de los pacientes Drogoresistentes. Estas unidades están ubicadas en las regiones en hospitales específicos como: Hospitales Regionales, Hosp. Cabral Y Báez, Hosp. Juan Pablo Pina, Hosp. Luis L. Bogaert, Hosp. Dr. Antonio Musa, Hosp. San Vicente de Paul, Hospital Luis Morillo King, Hospital Simón Stridel, CPNA Anti TB de Adultos. | L100: 2 | O100: 2 | R100: 2 | U100: 2 | V100: =SUM(Tabla2[[#This Row],[Ene]:[Dic]]) -> 8 | W100: Listado de participación | X100: Informe | Z100: Gestión Clínica | AA100: TB. Sugerimos que sólo sea 1 visita trimestral. A la vez le pedimos que modifiquen el medio de verificación, ya que debería ser una minuta.No aplica esta sugerencias, nos informan desde el area ecargada
B101: =IF('Formulario PPGR2'!$G82="","",CONCATENATE('Formulario PPGR2'!$C82,".",'Formulario PPGR2'!$D82,".",'Formulario PPGR2'!$E82,".",'Formulario PPGR2'!$F82)) -> #REF! | D101: =IF('Formulario PPGR2'!$G82="","",'Formulario PPGR1'!#REF!) -> #REF! | E101: =IF('Formulario PPGR2'!$G82="","",'Formulario PPGR1'!#REF!) -> #REF! | F101: =IF('Formulario PPGR2'!$G82="","",'Formulario PPGR1'!#REF!) -> #REF! | G101: 1.1.3.4 Fortalecimiento de la capacidad de respuesta para brindar atencion integral centrada en el paciente de Tb en todas sus fases para garantizar el cumplimiento de las metas de fin de la TB al 2030 y PoR 45 | H101: 1.1.3.4.05 | I101: Mesa de Trabajo con el nivel intermedio (Gerencias de Áreas de los SRS) para revisión de los indicadores y realización de planes de mejora en los servicios de TB | L101: 1 | M101: 1 | N101: 1 | O101: 1 | P101: 1 | Q101: 1 | R101: 1 | S101: 1 | T101: 1 | U101: 1 | V101: =SUM(Tabla2[[#This Row],[Ene]:[Dic]]) -> 10 | W101: Listado de participación | X101: Informe | Z101: Gestión Clínica | AA101: TB. El segundo medio de verificación sugerimos que sea una minuta.No aplica esta sugerencias, nos informan desde el area ecargada
B102: =IF('Formulario PPGR2'!$G83="","",CONCATENATE('Formulario PPGR2'!$C83,".",'Formulario PPGR2'!$D83,".",'Formulario PPGR2'!$E83,".",'Formulario PPGR2'!$F83)) -> #REF! | D102: =IF('Formulario PPGR2'!$G83="","",'Formulario PPGR1'!#REF!) -> #REF! | E102: =IF('Formulario PPGR2'!$G83="","",'Formulario PPGR1'!#REF!) -> #REF! | F102: =IF('Formulario PPGR2'!$G83="","",'Formulario PPGR1'!#REF!) -> #REF! | G102: 1.1.3.4 Fortalecimiento de la capacidad de respuesta para brindar atencion integral centrada en el paciente de Tb en todas sus fases para garantizar el cumplimiento de las metas de fin de la TB al 2030 y PoR 46 | H102: 1.1.3.4.06 | I102: Mesa de trabajo para fortalecimientode la Red de Pediatria para el seguimiento a la TB Infantil. | K102: 1 | N102: 1 | R102: 1 | V102: =SUM(Tabla2[[#This Row],[Ene]:[Dic]]) -> 3 | W102: Listado de participación | X102: Minuta | Z102: Gestión Clínica | AA102: TB
...

Sheet Formulario PPGR3
S1: Venta Servicios
I2: ='Formulario PPGR1'!G2 -> Servicio Nacional de Salud
I3: ='Formulario PPGR1'!G3 -> Dirección de Planificación y Desarrollo
I4: ='Formulario PPGR1'!G4 -> Plan Operativo Anual
I5: Identificación de necesidades de insumos
I6: ='Formulario PPGR1'!$M$3 -> SNS - Dirección Central
B8: ID_Dependendencia | C8: POA | D8: SRS | E8: AREA | F8: TIPO | G8: Código_Actividad | H8: Actividad | I8: Total de Actividades | J8: Insumos | K8: InsumoAbrev | L8: Descripción | M8: Unidad de Medida | N8: Cantidad de Insumos | O8: Precio Unitario | P8: Valor Total | Q8: Código Presupuestario | R8: Fuente de Financiamiento
B9: =IF('Formulario PPGR3'!$G9="","",CONCATENATE('Formulario PPGR3'!$C9,".",'Formulario PPGR3'!$D9,".",'Formulario PPGR3'!$E9,".",'Formulario PPGR3'!$F9)) -> #REF! | C9: =IF('Formulario PPGR3'!$G9="","",'Formulario PPGR1'!#REF!) -> #REF! | D9: =IF('Formulario PPGR3'!$G9="","",'Formulario PPGR1'!#REF!) -> #REF! | E9: =IF('Formulario PPGR3'!$G9="","",'Formulario PPGR1'!#REF!) -> #REF! | F9: =IF('Formulario PPGR3'!$G9="","",'Formulario PPGR1'!#REF!) -> #REF! | G9: 1.3.3.1.01 | H9: =IF(Tabla1[[#This Row],[Código_Actividad]]="","",_xlfn.XLOOKUP(Tabla1[[#This Row],[Código_Actividad]],Tabla2[Código],Tabla2[Actividades Programables Presupuestables],"",0)) -> Implementación de grupos focales para determinar la calidad percibida del servicio | I9: =IFERROR(VLOOKUP('Formulario PPGR3'!$G9,'Formulario PPGR2'!$H$9:$V$269,15,FALSE),"") -> 9 | J9: Gasoil | K9: =IF(Tabla1[[#This Row],[Insumos]]="","",_xlfn.XLOOKUP(Tabla1[[#This Row],[Insumos]],Tabla10[Insumo],Tabla10[InsumoAbrev],"",0)) -> lsGasoil | L9: Galones de Gasoil Regular | M9: =IF(Tabla1[[#This Row],[Descripción]]="","",_xlfn.XLOOKUP(Tabla1[[#This Row],[Descripción]],Tabla10[Descripción],Tabla10[Unidad de Medida],"",0)) -> galon | N9: 80 | O9: =IF(Tabla1[[#This Row],[Descripción]]="","",_xlfn.XLOOKUP(Tabla1[[#This Row],[Descripción]],Tabla10[Descripción],Tabla10[Precio Unitario],0)) -> 240 | P9: =IF(Tabla1[[#This Row],[Cantidad de Insumos]]="","",Tabla1[[#This Row],[Precio Unitario]]*Tabla1[[#This Row],[Cantidad de Insumos]]) -> 19200 | Q9: =IF(Tabla1[[#This Row],[Descripción]]="","",_xlfn.XLOOKUP(Tabla1[[#This Row],[Descripción]],Tabla10[Descripción],Tabla10[CODIGO PRESUPUESTARIO],0)) -> 2.3.7.1.02
B10: =IF('Formulario PPGR3'!$G10="","",CONCATENATE('Formulario PPGR3'!$C10,".",'Formulario PPGR3'!$D10,".",'Formulario PPGR3'!$E10,".",'Formulario PPGR3'!$F10)) -> #REF! | C10: =IF('Formulario PPGR3'!$G10="","",'Formulario PPGR1'!#REF!) -> #REF! | D10: =IF('Formulario PPGR3'!$G10="","",'Formulario PPGR1'!#REF!) -> #REF! | E10: =IF('Formulario PPGR3'!$G10="","",'Formulario PPGR1'!#REF!) -> #REF! | F10: =IF('Formulario PPGR3'!$G10="","",'Formulario PPGR1'!#REF!) -> #REF! | G10: 1.3.3.1.01 | H10: =IF(Tabla1[[#This Row],[Código_Actividad]]="","",_xlfn.XLOOKUP(Tabla1[[#This Row],[Código_Actividad]],Tabla2[Código],Tabla2[Actividades Programables Presupuestables],"",0)) -> Implementación de grupos focales para determinar la calidad percibida del servicio | I10: =IFERROR(VLOOKUP('Formulario PPGR3'!$G10,'Formulario PPGR2'!$H$9:$V$269,15,FALSE),"") -> 9 | J10: Viáticos dentro del país | K10: =IF(Tabla1[[#This Row],[Insumos]]="","",_xlfn.XLOOKUP(Tabla1[[#This Row],[Insumos]],Tabla10[Insumo],Tabla10[InsumoAbrev],"",0)) -> lsViaticosDP | L10: Viaticos Chofer sin Hospedaje | M10: =IF(Tabla1[[#This Row],[Descripción]]="","",_xlfn.XLOOKUP(Tabla1[[#This Row],[Descripción]],Tabla10[Descripción],Tabla10[Unidad de Medida],"",0)) -> Depósito | N10: 11 | O10: =IF(Tabla1[[#This Row],[Descripción]]="","",_xlfn.XLOOKUP(Tabla1[[#This Row],[Descripción]],Tabla10[Descripción],Tabla10[Precio Unitario],0)) -> 1700 | P10: =IF(Tabla1[[#This Row],[Cantidad de Insumos]]="","",Tabla1[[#This Row],[Precio Unitario]]*Tabla1[[#This Row],[Cantidad de Insumos]]) -> 18700 | Q10: =IF(Tabla1[[#This Row],[Descripción]]="","",_xlfn.XLOOKUP(Tabla1[[#This Row],[Descripción]],Tabla10[Descripción],Tabla10[CODIGO PRESUPUESTARIO],0)) -> 2.2.3.1.01
B11: =IF('Formulario PPGR3'!$G11="","",CONCATENATE('Formulario PPGR3'!$C11,".",'Formulario PPGR3'!$D11,".",'Formulario PPGR3'!$E11,".",'Formulario PPGR3'!$F11)) -> #REF! | C11: =IF('Formulario PPGR3'!$G11="","",'Formulario PPGR1'!#REF!) -> #REF! | D11: =IF('Formulario PPGR3'!$G11="","",'Formulario PPGR1'!#REF!) -> #REF! | E11: =IF('Formulario PPGR3'!$G11="","",'Formulario PPGR1'!#REF!) -> #REF! | F11: =IF('Formulario PPGR3'!$G11="","",'Formulario PPGR1'!#REF!) -> #REF! | G11: 1.3.3.1.01 | H11: =IF(Tabla1[[#This Row],[Código_Actividad]]="","",_xlfn.XLOOKUP(Tabla1[[#This Row],[Código_Actividad]],Tabla2[Código],Tabla2[Actividades Programables Presupuestables],"",0)) -> Implementación de grupos focales para determinar la calidad percibida del servicio | I11: =IFERROR(VLOOKUP('Formulario PPGR3'!$G11,'Formulario PPGR2'!$H$9:$V$269,15,FALSE),"") -> 9 | J11: Viáticos dentro del país | K11: =IF(Tabla1[[#This Row],[Insumos]]="","",_xlfn.XLOOKUP(Tabla1[[#This Row],[Insumos]],Tabla10[Insumo],Tabla10[InsumoAbrev],"",0)) -> lsViaticosDP | L11: Viaticos Técnicos sin Hospedaje | M11: =IF(Tabla1[[#This Row],[Descripción]]="","",_xlfn.XLOOKUP(Tabla1[[#This Row],[Descripción]],Tabla10[Descripción],Tabla10[Unidad de Medida],"",0)) -> Depósito | N11: 11 | O11: =IF(Tabla1[[#This Row],[Descripción]]="","",_xlfn.XLOOKUP(Tabla1[[#This Row],[Descripción]],Tabla10[Descripción],Tabla10[Precio Unitario],0)) -> 1900 | P11: =IF(Tabla1[[#This Row],[Cantidad de Insumos]]="","",Tabla1[[#This Row],[Precio Unitario]]*Tabla1[[#This Row],[Cantidad de Insumos]]) -> 20900 | Q11: =IF(Tabla1[[#This Row],[Descripción]]="","",_xlfn.XLOOKUP(Tabla1[[#This Row],[Descripción]],Tabla10[Descripción],Tabla10[CODIGO PRESUPUESTARIO],0)) -> 2.2.3.1.01
B12: =IF('Formulario PPGR3'!$G12="","",CONCATENATE('Formulario PPGR3'!$C12,".",'Formulario PPGR3'!$D12,".",'Formulario PPGR3'!$E12,".",'Formulario PPGR3'!$F12)) -> #REF! | C12: =IF('Formulario PPGR3'!$G12="","",'Formulario PPGR1'!#REF!) -> #REF! | D12: =IF('Formulario PPGR3'!$G12="","",'Formulario PPGR1'!#REF!) -> #REF! | E12: =IF('Formulario PPGR3'!$G12="","",'Formulario PPGR1'!#REF!) -> #REF! | F12: =IF('Formulario PPGR3'!$G12="","",'Formulario PPGR1'!#REF!) -> #REF! | G12: 1.3.3.1.03 | H12: =IF(Tabla1[[#This Row],[Código_Actividad]]="","",_xlfn.XLOOKUP(Tabla1[[#This Row],[Código_Actividad]],Tabla2[Código],Tabla2[Actividades Programables Presupuestables],"",0)) -> Visita de supervisión a los CEAS para validar cumplimiento de los atributos de la experiencia del paciente | I12: =IFERROR(VLOOKUP('Formulario PPGR3'!$G12,'Formulario PPGR2'!$H$9:$V$269,15,FALSE),"") -> 4 | J12: Gasoil | K12: =IF(Tabla1[[#This Row],[Insumos]]="","",_xlfn.XLOOKUP(Tabla1[[#This Row],[Insumos]],Tabla10[Insumo],Tabla10[InsumoAbrev],"",0)) -> lsGasoil | L12: Galones de Gasoil Regular | M12: =IF(Tabla1[[#This Row],[Descripción]]="","",_xlfn.XLOOKUP(Tabla1[[#This Row],[Descripción]],Tabla10[Descripción],Tabla10[Unidad de Medida],"",0)) -> galon | N12: 160 | O12: =IF(Tabla1[[#This Row],[Descripción]]="","",_xlfn.XLOOKUP(Tabla1[[#This Row],[Descripción]],Tabla10[Descripción],Tabla10[Precio Unitario],0)) -> 240 | P12: =IF(Tabla1[[#This Row],[Cantidad de Insumos]]="","",Tabla1[[#This Row],[Precio Unitario]]*Tabla1[[#This Row],[Cantidad de Insumos]]) -> 38400 | Q12: =IF(Tabla1[[#This Row],[Descripción]]="","",_xlfn.XLOOKUP(Tabla1[[#This Row],[Descripción]],Tabla10[Descripción],Tabla10[CODIGO PRESUPUESTARIO],0)) -> 2.3.7.1.02
B13: =IF('Formulario PPGR3'!$G13="","",CONCATENATE('Formulario PPGR3'!$C13,".",'Formulario PPGR3'!$D13,".",'Formulario PPGR3'!$E13,".",'Formulario PPGR3'!$F13)) -> #REF! | C13: =IF('Formulario PPGR3'!$G13="","",'Formulario PPGR1'!#REF!) -> #REF! | D13: =IF('Formulario PPGR3'!$G13="","",'Formulario PPGR1'!#REF!) -> #REF! | E13: =IF('Formulario PPGR3'!$G13="","",'Formulario PPGR1'!#REF!) -> #REF! | F13: =IF('Formulario PPGR3'!$G13="","",'Formulario PPGR1'!#REF!) -> #REF! | G13: 1.3.3.1.03 | H13: =IF(Tabla1[[#This Row],[Código_Actividad]]="","",_xlfn.XLOOKUP(Tabla1[[#This Row],[Código_Actividad]],Tabla2[Código],Tabla2[Actividades Programables Presupuestables],"",0)) -> Visita de supervisión a los CEAS para validar cumplimiento de los atributos de la experiencia del paciente | I13: =IFERROR(VLOOKUP('Formulario PPGR3'!$G13,'Formulario PPGR2'!$H$9:$V$269,15,FALSE),"") -> 4 | J13: Viáticos dentro del país | K13: =IF(Tabla1[[#This Row],[Insumos]]="","",_xlfn.XLOOKUP(Tabla1[[#This Row],[Insumos]],Tabla10[Insumo],Tabla10[InsumoAbrev],"",0)) -> lsViaticosDP | L13: Viaticos Chofer sin Hospedaje | M13: =IF(Tabla1[[#This Row],[Descripción]]="","",_xlfn.XLOOKUP(Tabla1[[#This Row],[Descripción]],Tabla10[Descripción],Tabla10[Unidad de Medida],"",0)) -> Depósito | N13: 44 | O13: =IF(Tabla1[[#This Row],[Descripción]]="","",_xlfn.XLOOKUP(Tabla1[[#This Row],[Descripción]],Tabla10[Descripción],Tabla10[Precio Unitario],0)) -> 1700 | P13: =IF(Tabla1[[#This Row],[Cantidad de Insumos]]="","",Tabla1[[#This Row],[Precio Unitario]]*Tabla1[[#This Row],[Cantidad de Insumos]]) -> 74800 | Q13: =IF(Tabla1[[#This Row],[Descripción]]="","",_xlfn.XLOOKUP(Tabla1[[#This Row],[Descripción]],Tabla10[Descripción],Tabla10[CODIGO PRESUPUESTARIO],0)) -> 2.2.3.1.01
B14: =IF('Formulario PPGR3'!$G14="","",CONCATENATE('Formulario PPGR3'!$C14,".",'Formulario PPGR3'!$D14,".",'Formulario PPGR3'!$E14,".",'Formulario PPGR3'!$F14)) -> #REF! | C14: =IF('Formulario PPGR3'!$G14="","",'Formulario PPGR1'!#REF!) -> #REF! | D14: =IF('Formulario PPGR3'!$G14="","",'Formulario PPGR1'!#REF!) -> #REF! | E14: =IF('Formulario PPGR3'!$G14="","",'Formulario PPGR1'!#REF!) -> #REF! | F14: =IF('Formulario PPGR3'!$G14="","",'Formulario PPGR1'!#REF!) -> #REF! | G14: 1.3.3.1.03 | H14: =IF(Tabla1[[#This Row],[Código_Actividad]]="","",_xlfn.XLOOKUP(Tabla1[[#This Row],[Código_Actividad]],Tabla2[Código],Tabla2[Actividades Programables Presupuestables],"",0)) -> Visita de supervisión a los CEAS para validar cumplimiento de los atributos de la experiencia del paciente | I14: =IFERROR(VLOOKUP('Formulario PPGR3'!$G14,'Formulario PPGR2'!$H$9:$V$269,15,FALSE),"") -> 4 | J14: Viáticos dentro del país | K14: =IF(Tabla1[[#This Row],[Insumos]]="","",_xlfn.XLOOKUP(Tabla1[[#This Row],[Insumos]],Tabla10[Insumo],Tabla10[InsumoAbrev],"",0)) -> lsViaticosDP | L14: Viaticos Técnicos sin Hospedaje | M14: =IF(Tabla1[[#This Row],[Descripción]]="","",_xlfn.XLOOKUP(Tabla1[[#This Row],[Descripción]],Tabla10[Descripción],Tabla10[Unidad de Medida],"",0)) -> Depósito | N14: 44 | O14: =IF(Tabla1[[#This Row],[Descripción]]="","",_xlfn.XLOOKUP(Tabla1[[#This Row],[Descripción]],Tabla10[Descripción],Tabla10[Precio Unitario],0)) -> 1900 | P14: =IF(Tabla1[[#This Row],[Cantidad de Insumos]]="","",Tabla1[[#This Row],[Precio Unitario]]*Tabla1[[#This Row],[Cantidad de Insumos]]) -> 83600 | Q14: =IF(Tabla1[[#This Row],[Descripción]]="","",_xlfn.XLOOKUP(Tabla1[[#This Row],[Descripción]],Tabla10[Descripción],Tabla10[CODIGO PRESUPUESTARIO],0)) -> 2.2.3.1.01
B15: =IF('Formulario PPGR3'!$G15="","",CONCATENATE('Formulario PPGR3'!$C15,".",'Formulario PPGR3'!$D15,".",'Formulario PPGR3'!$E15,".",'Formulario PPGR3'!$F15)) -> #REF! | C15: =IF('Formulario PPGR3'!$G15="","",'Formulario PPGR1'!#REF!) -> #REF! | D15: =IF('Formulario PPGR3'!$G15="","",'Formulario PPGR1'!#REF!) -> #REF! | E15: =IF('Formulario PPGR3'!$G15="","",'Formulario PPGR1'!#REF!) -> #REF! | F15: =IF('Formulario PPGR3'!$G15="","",'Formulario PPGR1'!#REF!) -> #REF! | G15: 1.3.4.1.01 | H15: =IF(Tabla1[[#This Row],[Código_Actividad]]="","",_xlfn.XLOOKUP(Tabla1[[#This Row],[Código_Actividad]],Tabla2[Código],Tabla2[Actividades Programables Presupuestables],"",0)) -> Coordinación y logística de la Capacitación en Metodologías, Técnicas y Uso de los Instrumentos para el Monitoreo de la Calidad en los Servicios Priorizados en la Red | I15: =IFERROR(VLOOKUP('Formulario PPGR3'!$G15,'Formulario PPGR2'!$H$9:$V$269,15,FALSE),"") -> 1 | J15: Alimentos y bebidas para personas | K15: =IF(Tabla1[[#This Row],[Insumos]]="","",_xlfn.XLOOKUP(Tabla1[[#This Row],[Insumos]],Tabla10[Insumo],Tabla10[InsumoAbrev],"",0)) -> lsAlimentosyBebidas | L15: Refrigerio y Almuerzo tipo Buffet p/25 personas (Cristaleria, Mesas, Manteles, Bambalina, Hielo, Servilletas | M15: =IF(Tabla1[[#This Row],[Descripción]]="","",_xlfn.XLOOKUP(Tabla1[[#This Row],[Descripción]],Tabla10[Descripción],Tabla10[Unidad de Medida],"",0)) -> unidad | N15: 2 | O15: =IF(Tabla1[[#This Row],[Descripción]]="","",_xlfn.XLOOKUP(Tabla1[[#This Row],[Descripción]],Tabla10[Descripción],Tabla10[Precio Unitario],0)) -> 30975 | P15: =IF(Tabla1[[#This Row],[Cantidad de Insumos]]="","",Tabla1[[#This Row],[Precio Unitario]]*Tabla1[[#This Row],[Cantidad de Insumos]]) -> 61950 | Q15: =IF(Tabla1[[#This Row],[Descripción]]="","",_xlfn.XLOOKUP(Tabla1[[#This Row],[Descripción]],Tabla10[Descripción],Tabla10[CODIGO PRESUPUESTARIO],0)) -> 2.3.1.1.01
B16: =IF('Formulario PPGR3'!$G16="","",CONCATENATE('Formulario PPGR3'!$C16,".",'Formulario PPGR3'!$D16,".",'Formulario PPGR3'!$E16,".",'Formulario PPGR3'!$F16)) -> #REF! | C16: =IF('Formulario PPGR3'!$G16="","",'Formulario PPGR1'!#REF!) -> #REF! | D16: =IF('Formulario PPGR3'!$G16="","",'Formulario PPGR1'!#REF!) -> #REF! | E16: =IF('Formulario PPGR3'!$G16="","",'Formulario PPGR1'!#REF!) -> #REF! | F16: =IF('Formulario PPGR3'!$G16="","",'Formulario PPGR1'!#REF!) -> #REF! | G16: 1.3.4.1.02 | H16: =IF(Tabla1[[#This Row],[Código_Actividad]]="","",_xlfn.XLOOKUP(Tabla1[[#This Row],[Código_Actividad]],Tabla2[Código],Tabla2[Actividades Programables Presupuestables],"",0)) -> Coordinación y logística de la Capacitación en Humanización de los Servicios | I16: =IFERROR(VLOOKUP('Formulario PPGR3'!$G16,'Formulario PPGR2'!$H$9:$V$269,15,FALSE),"") -> 1 | J16: Alimentos y bebidas para personas | K16: lsAlimentosyBebidas | L16: Refrigerio tipo Buffet p/40 personas (5 Variedades, Cristaleria, Mantel, Tope, Bambalina, Servilletas, Hielo) | M16: =IF(Tabla1[[#This Row],[Descripción]]="","",_xlfn.XLOOKUP(Tabla1[[#This Row],[Descripción]],Tabla10[Descripción],Tabla10[Unidad de Medida],"",0)) -> unidad | N16: 3 | O16: =IF(Tabla1[[#This Row],[Descripción]]="","",_xlfn.XLOOKUP(Tabla1[[#This Row],[Descripción]],Tabla10[Descripción],Tabla10[Precio Unitario],0)) -> 29393.8 | P16: =IF(Tabla1[[#This Row],[Cantidad de Insumos]]="","",Tabla1[[#This Row],[Precio Unitario]]*Tabla1[[#This Row],[Cantidad de Insumos]]) -> 88181.4 | Q16: =IF(Tabla1[[#This Row],[Descripción]]="","",_xlfn.XLOOKUP(Tabla1[[#This Row],[Descripción]],Tabla10[Descripción],Tabla10[CODIGO PRESUPUESTARIO],0)) -> 2.3.1.1.01
B17: =IF('Formulario PPGR3'!$G17="","",CONCATENATE('Formulario PPGR3'!$C17,".",'Formulario PPGR3'!$D17,".",'Formulario PPGR3'!$E17,".",'Formulario PPGR3'!$F17)) -> #REF! | C17: =IF('Formulario PPGR3'!$G17="","",'Formulario PPGR1'!#REF!) -> #REF! | D17: =IF('Formulario PPGR3'!$G17="","",'Formulario PPGR1'!#REF!) -> #REF! | E17: =IF('Formulario PPGR3'!$G17="","",'Formulario PPGR1'!#REF!) -> #REF! | F17: =IF('Formulario PPGR3'!$G17="","",'Formulario PPGR1'!#REF!) -> #REF! | G17: 1.3.4.1.03 | H17: =IF(Tabla1[[#This Row],[Código_Actividad]]="","",_xlfn.XLOOKUP(Tabla1[[#This Row],[Código_Actividad]],Tabla2[Código],Tabla2[Actividades Programables Presupuestables],"",0)) -> Elaboración del Cronograma de Supervisión de Calidad en los EES | I17: =IFERROR(VLOOKUP('Formulario PPGR3'!$G17,'Formulario PPGR2'!$H$9:$V$269,15,FALSE),"") -> 4 | J17: Gasoil | K17: lsGasoil | L17: Galones de Gasoil Regular | M17: =IF(Tabla1[[#This Row],[Descripción]]="","",_xlfn.XLOOKUP(Tabla1[[#This Row],[Descripción]],Tabla10[Descripción],Tabla10[Unidad de Medida],"",0)) -> galon | N17: 120 | O17: =IF(Tabla1[[#This Row],[Descripción]]="","",_xlfn.XLOOKUP(Tabla1[[#This Row],[Descripción]],Tabla10[Descripción],Tabla10[Precio Unitario],0)) -> 240 | P17: =IF(Tabla1[[#This Row],[Cantidad de Insumos]]="","",Tabla1[[#This Row],[Precio Unitario]]*Tabla1[[#This Row],[Cantidad de Insumos]]) -> 28800 | Q17: =IF(Tabla1[[#This Row],[Descripción]]="","",_xlfn.XLOOKUP(Tabla1[[#This Row],[Descripción]],Tabla10[Descripción],Tabla10[CODIGO PRESUPUESTARIO],0)) -> 2.3.7.1.02
B18: =IF('Formulario PPGR3'!$G18="","",CONCATENATE('Formulario PPGR3'!$C18,".",'Formulario PPGR3'!$D18,".",'Formulario PPGR3'!$E18,".",'Formulario PPGR3'!$F18)) -> #REF! | C18: =IF('Formulario PPGR3'!$G18="","",'Formulario PPGR1'!#REF!) -> #REF! | D18: =IF('Formulario PPGR3'!$G18="","",'Formulario PPGR1'!#REF!) -> #REF! | E18: =IF('Formulario PPGR3'!$G18="","",'Formulario PPGR1'!#REF!) -> #REF! | F18: =IF('Formulario PPGR3'!$G18="","",'Formulario PPGR1'!#REF!) -> #REF! | G18: 1.3.4.1.03 | H18: =IF(Tabla1[[#This Row],[Código_Actividad]]="","",_xlfn.XLOOKUP(Tabla1[[#This Row],[Código_Actividad]],Tabla2[Código],Tabla2[Actividades Programables Presupuestables],"",0)) -> Elaboración del Cronograma de Supervisión de Calidad en los EES | I18: =IFERROR(VLOOKUP('Formulario PPGR3'!$G18,'Formulario PPGR2'!$H$9:$V$269,15,FALSE),"") -> 4 | J18: Viáticos dentro del país | K18: lsViaticosDP | L18: Viaticos Chofer sin Hospedaje | M18: =IF(Tabla1[[#This Row],[Descripción]]="","",_xlfn.XLOOKUP(Tabla1[[#This Row],[Descripción]],Tabla10[Descripción],Tabla10[Unidad de Medida],"",0)) -> Depósito | N18: 12 | O18: =IF(Tabla1[[#This Row],[Descripción]]="","",_xlfn.XLOOKUP(Tabla1[[#This Row],[Descripción]],Tabla10[Descripción],Tabla10[Precio Unitario],0)) -> 1700 | P18: =IF(Tabla1[[#This Row],[Cantidad de Insumos]]="","",Tabla1[[#This Row],[Precio Unitario]]*Tabla1[[#This Row],[Cantidad de Insumos]]) -> 20400 | Q18: =IF(Tabla1[[#This Row],[Descripción]]="","",_xlfn.XLOOKUP(Tabla1[[#This Row],[Descripción]],Tabla10[Descripción],Tabla10[CODIGO PRESUPUESTARIO],0)) -> 2.2.3.1.01
B19: =IF('Formulario PPGR3'!$G19="","",CONCATENATE('Formulario PPGR3'!$C19,".",'Formulario PPGR3'!$D19,".",'Formulario PPGR3'!$E19,".",'Formulario PPGR3'!$F19)) -> #REF! | C19: =IF('Formulario PPGR3'!$G19="","",'Formulario PPGR1'!#REF!) -> #REF! | D19: =IF('Formulario PPGR3'!$G19="","",'Formulario PPGR1'!#REF!) -> #REF! | E19: =IF('Formulario PPGR3'!$G19="","",'Formulario PPGR1'!#REF!) -> #REF! | F19: =IF('Formulario PPGR3'!$G19="","",'Formulario PPGR1'!#REF!) -> #REF! | G19: 1.3.4.1.03 | H19: =IF(Tabla1[[#This Row],[Código_Actividad]]="","",_xlfn.XLOOKUP(Tabla1[[#This Row],[Código_Actividad]],Tabla2[Código],Tabla2[Actividades Programables Presupuestables],"",0)) -> Elaboración del Cronograma de Supervisión de Calidad en los EES | I19: =IFERROR(VLOOKUP('Formulario PPGR3'!$G19,'Formulario PPGR2'!$H$9:$V$269,15,FALSE),"") -> 4 | J19: Viáticos dentro del país | K19: lsViaticosDP | L19: Viaticos Técnicos sin Hospedaje | M19: =IF(Tabla1[[#This Row],[Descripción]]="","",_xlfn.XLOOKUP(Tabla1[[#This Row],[Descripción]],Tabla10[Descripción],Tabla10[Unidad de Medida],"",0)) -> Depósito | N19: 12 | O19: =IF(Tabla1[[#This Row],[Descripción]]="","",_xlfn.XLOOKUP(Tabla1[[#This Row],[Descripción]],Tabla10[Descripción],Tabla10[Precio Unitario],0)) -> 1900 | P19: =IF(Tabla1[[#This Row],[Cantidad de Insumos]]="","",Tabla1[[#This Row],[Precio Unitario]]*Tabla1[[#This Row],[Cantidad de Insumos]]) -> 22800 | Q19: =IF(Tabla1[[#This Row],[Descripción]]="","",_xlfn.XLOOKUP(Tabla1[[#This Row],[Descripción]],Tabla10[Descripción],Tabla10[CODIGO PRESUPUESTARIO],0)) -> 2.2.3.1.01
B20: =IF('Formulario PPGR3'!$G20="","",CONCATENATE('Formulario PPGR3'!$C20,".",'Formulario PPGR3'!$D20,".",'Formulario PPGR3'!$E20,".",'Formulario PPGR3'!$F20)) -> #REF! | C20: =IF('Formulario PPGR3'!$G20="","",'Formulario PPGR1'!#REF!) -> #REF! | D20: =IF('Formulario PPGR3'!$G20="","",'Formulario PPGR1'!#REF!) -> #REF! | E20: =IF('Formulario PPGR3'!$G20="","",'Formulario PPGR1'!#REF!) -> #REF! | F20: =IF('Formulario PPGR3'!$G20="","",'Formulario PPGR1'!#REF!) -> #REF! | G20: 1.3.4.1.04 | H20: =IF(Tabla1[[#This Row],[Código_Actividad]]="","",_xlfn.XLOOKUP(Tabla1[[#This Row],[Código_Actividad]],Tabla2[Código],Tabla2[Actividades Programables Presupuestables],"",0)) -> Ejecución del Cronograma de Supervisión de Calidad en los EES | I20: =IFERROR(VLOOKUP('Formulario PPGR3'!$G20,'Formulario PPGR2'!$H$9:$V$269,15,FALSE),"") -> 3 | J20: Gasoil | K20: lsGasoil | L20: Galones de Gasoil Regular | M20: =IF(Tabla1[[#This Row],[Descripción]]="","",_xlfn.XLOOKUP(Tabla1[[#This Row],[Descripción]],Tabla10[Descripción],Tabla10[Unidad de Medida],"",0)) -> galon | N20: 120 | O20: =IF(Tabla1[[#This Row],[Descripción]]="","",_xlfn.XLOOKUP(Tabla1[[#This Row],[Descripción]],Tabla10[Descripción],Tabla10[Precio Unitario],0)) -> 240 | P20: =IF(Tabla1[[#This Row],[Cantidad de Insumos]]="","",Tabla1[[#This Row],[Precio Unitario]]*Tabla1[[#This Row],[Cantidad de Insumos]]) -> 28800 | Q20: =IF(Tabla1[[#This Row],[Descripción]]="","",_xlfn.XLOOKUP(Tabla1[[#This Row],[Descripción]],Tabla10[Descripción],Tabla10[CODIGO PRESUPUESTARIO],0)) -> 2.3.7.1.02
B21: =IF('Formulario PPGR3'!$G21="","",CONCATENATE('Formulario PPGR3'!$C21,".",'Formulario PPGR3'!$D21,".",'Formulario PPGR3'!$E21,".",'Formulario PPGR3'!$F21)) -> #REF! | C21: =IF('Formulario PPGR3'!$G21="","",'Formulario PPGR1'!#REF!) -> #REF! | D21: =IF('Formulario PPGR3'!$G21="","",'Formulario PPGR1'!#REF!) -> #REF! | E21: =IF('Formulario PPGR3'!$G21="","",'Formulario PPGR1'!#REF!) -> #REF! | F21: =IF('Formulario PPGR3'!$G21="","",'Formulario PPGR1'!#REF!) -> #REF! | G21: 1.3.4.1.04 | H21: =IF(Tabla1[[#This Row],[Código_Actividad]]="","",_xlfn.XLOOKUP(Tabla1[[#This Row],[Código_Actividad]],Tabla2[Código],Tabla2[Actividades Programables Presupuestables],"",0)) -> Ejecución del Cronograma de Supervisión de Calidad en los EES | I21: =IFERROR(VLOOKUP('Formulario PPGR3'!$G21,'Formulario PPGR2'!$H$9:$V$269,15,FALSE),"") -> 3 | J21: Viáticos dentro del país | K21: lsViaticosDP | L21: Viaticos Chofer sin Hospedaje | M21: =IF(Tabla1[[#This Row],[Descripción]]="","",_xlfn.XLOOKUP(Tabla1[[#This Row],[Descripción]],Tabla10[Descripción],Tabla10[Unidad de Medida],"",0)) -> Depósito | N21: 12 | O21: =IF(Tabla1[[#This Row],[Descripción]]="","",_xlfn.XLOOKUP(Tabla1[[#This Row],[Descripción]],Tabla10[Descripción],Tabla10[Precio Unitario],0)) -> 1700 | P21: =IF(Tabla1[[#This Row],[Cantidad de Insumos]]="","",Tabla1[[#This Row],[Precio Unitario]]*Tabla1[[#This Row],[Cantidad de Insumos]]) -> 20400 | Q21: =IF(Tabla1[[#This Row],[Descripción]]="","",_xlfn.XLOOKUP(Tabla1[[#This Row],[Descripción]],Tabla10[Descripción],Tabla10[CODIGO PRESUPUESTARIO],0)) -> 2.2.3.1.01
K22: =IF(Tabla1[[#This Row],[Insumos]]="","",_xlfn.XLOOKUP(Tabla1[[#This Row],[Insumos]],Tabla10[Insumo],Tabla10[InsumoAbrev],"",0))
K23: =IF(Tabla1[[#This Row],[Insumos]]="","",_xlfn.XLOOKUP(Tabla1[[#This Row],[Insumos]],Tabla10[Insumo],Tabla10[InsumoAbrev],"",0))
K24: =IF(Tabla1[[#This Row],[Insumos]]="","",_xlfn.XLOOKUP(Tabla1[[#This Row],[Insumos]],Tabla10[Insumo],Tabla10[InsumoAbrev],"",0))
K25: =IF(Tabla1[[#This Row],[Insumos]]="","",_xlfn.XLOOKUP(Tabla1[[#This Row],[Insumos]],Tabla10[Insumo],Tabla10[InsumoAbrev],"",0))
K26: =IF(Tabla1[[#This Row],[Insumos]]="","",_xlfn.XLOOKUP(Tabla1[[#This Row],[Insumos]],Tabla10[Insumo],Tabla10[InsumoAbrev],"",0))
K27: =IF(Tabla1[[#This Row],[Insumos]]="","",_xlfn.XLOOKUP(Tabla1[[#This Row],[Insumos]],Tabla10[Insumo],Tabla10[InsumoAbrev],"",0))
B28: =IF('Formulario PPGR3'!$G28="","",CONCATENATE('Formulario PPGR3'!$C28,".",'Formulario PPGR3'!$D28,".",'Formulario PPGR3'!$E28,".",'Formulario PPGR3'!$F28)) -> #REF! | C28: =IF('Formulario PPGR3'!$G28="","",'Formulario PPGR1'!#REF!) -> #REF! | D28: =IF('Formulario PPGR3'!$G28="","",'Formulario PPGR1'!#REF!) -> #REF! | E28: =IF('Formulario PPGR3'!$G28="","",'Formulario PPGR1'!#REF!) -> #REF! | F28: =IF('Formulario PPGR3'!$G28="","",'Formulario PPGR1'!#REF!) -> #REF! | G28: 1.3.4.1.04 | H28: =IF(Tabla1[[#This Row],[Código_Actividad]]="","",_xlfn.XLOOKUP(Tabla1[[#This Row],[Código_Actividad]],Tabla2[Código],Tabla2[Actividades Programables Presupuestables],"",0)) -> Ejecución del Cronograma de Supervisión de Calidad en los EES | I28: =IFERROR(VLOOKUP('Formulario PPGR3'!$G28,'Formulario PPGR2'!$H$9:$V$269,15,FALSE),"") -> 3 | J28: Viáticos dentro del país | K28: lsViaticosDP | L28: Viaticos Técnicos sin Hospedaje | M28: =IF(Tabla1[[#This Row],[Descripción]]="","",_xlfn.XLOOKUP(Tabla1[[#This Row],[Descripción]],Tabla10[Descripción],Tabla10[Unidad de Medida],"",0)) -> Depósito | N28: 12 | O28: =IF(Tabla1[[#This Row],[Descripción]]="","",_xlfn.XLOOKUP(Tabla1[[#This Row],[Descripción]],Tabla10[Descripción],Tabla10[Precio Unitario],0)) -> 1900 | P28: =IF(Tabla1[[#This Row],[Cantidad de Insumos]]="","",Tabla1[[#This Row],[Precio Unitario]]*Tabla1[[#This Row],[Cantidad de Insumos]]) -> 22800 | Q28: =IF(Tabla1[[#This Row],[Descripción]]="","",_xlfn.XLOOKUP(Tabla1[[#This Row],[Descripción]],Tabla10[Descripción],Tabla10[CODIGO PRESUPUESTARIO],0)) -> 2.2.3.1.01
B29: =IF('Formulario PPGR3'!$G29="","",CONCATENATE('Formulario PPGR3'!$C29,".",'Formulario PPGR3'!$D29,".",'Formulario PPGR3'!$E29,".",'Formulario PPGR3'!$F29)) -> #REF! | C29: =IF('Formulario PPGR3'!$G29="","",'Formulario PPGR1'!#REF!) -> #REF! | D29: =IF('Formulario PPGR3'!$G29="","",'Formulario PPGR1'!#REF!) -> #REF! | E29: =IF('Formulario PPGR3'!$G29="","",'Formulario PPGR1'!#REF!) -> #REF! | F29: =IF('Formulario PPGR3'!$G29="","",'Formulario PPGR1'!#REF!) -> #REF! | G29: 1.3.4.2.01 | H29: =IF(Tabla1[[#This Row],[Código_Actividad]]="","",_xlfn.XLOOKUP(Tabla1[[#This Row],[Código_Actividad]],Tabla2[Código],Tabla2[Actividades Programables Presupuestables],"",0)) -> Coordinación y logística de las Capacitaciones para el Fortalecimiento de los Procesos de Bioseguridad, Control de Infecciones e Higiene y Desechos Hospitalarios | I29: =IFERROR(VLOOKUP('Formulario PPGR3'!$G29,'Formulario PPGR2'!$H$9:$V$269,15,FALSE),"") -> 1 | J29: Alimentos y bebidas para personas | K29: =IF(Tabla1[[#This Row],[Insumos]]="","",_xlfn.XLOOKUP(Tabla1[[#This Row],[Insumos]],Tabla10[Insumo],Tabla10[InsumoAbrev],"",0)) -> lsAlimentosyBebidas | L29: Almuerzo tipo Buffet para 40 personas (Cristalería, Cuberteria, Mesas, Sillas, Manteles, Servilletas) | M29: =IF(Tabla1[[#This Row],[Descripción]]="","",_xlfn.XLOOKUP(Tabla1[[#This Row],[Descripción]],Tabla10[Descripción],Tabla10[Unidad de Medida],"",0)) -> unidad | N29: 2 | O29: =IF(Tabla1[[#This Row],[Descripción]]="","",_xlfn.XLOOKUP(Tabla1[[#This Row],[Descripción]],Tabla10[Descripción],Tabla10[Precio Unitario],0)) -> 61419 | P29: =IF(Tabla1[[#This Row],[Cantidad de Insumos]]="","",Tabla1[[#This Row],[Precio Unitario]]*Tabla1[[#This Row],[Cantidad de Insumos]]) -> 122838 | Q29: =IF(Tabla1[[#This Row],[Descripción]]="","",_xlfn.XLOOKUP(Tabla1[[#This Row],[Descripción]],Tabla10[Descripción],Tabla10[CODIGO PRESUPUESTARIO],0)) -> 2.3.1.1.01
B30: =IF('Formulario PPGR3'!$G30="","",CONCATENATE('Formulario PPGR3'!$C30,".",'Formulario PPGR3'!$D30,".",'Formulario PPGR3'!$E30,".",'Formulario PPGR3'!$F30)) -> #REF! | C30: =IF('Formulario PPGR3'!$G30="","",'Formulario PPGR1'!#REF!) -> #REF! | D30: =IF('Formulario PPGR3'!$G30="","",'Formulario PPGR1'!#REF!) -> #REF! | E30: =IF('Formulario PPGR3'!$G30="","",'Formulario PPGR1'!#REF!) -> #REF! | F30: =IF('Formulario PPGR3'!$G30="","",'Formulario PPGR1'!#REF!) -> #REF! | G30: 1.3.4.2.01 | H30: =IF(Tabla1[[#This Row],[Código_Actividad]]="","",_xlfn.XLOOKUP(Tabla1[[#This Row],[Código_Actividad]],Tabla2[Código],Tabla2[Actividades Programables Presupuestables],"",0)) -> Coordinación y logística de las Capacitaciones para el Fortalecimiento de los Procesos de Bioseguridad, Control de Infecciones e Higiene y Desechos Hospitalarios | I30: =IFERROR(VLOOKUP('Formulario PPGR3'!$G30,'Formulario PPGR2'!$H$9:$V$269,15,FALSE),"") -> 1 | J30: Alimentos y bebidas para personas | K30: =IF(Tabla1[[#This Row],[Insumos]]="","",_xlfn.XLOOKUP(Tabla1[[#This Row],[Insumos]],Tabla10[Insumo],Tabla10[InsumoAbrev],"",0)) -> lsAlimentosyBebidas | L30: Refrigerio tipo Buffet p/40 personas (5 Variedades, Cristaleria, Mantel, Tope, Bambalina, Servilletas, Hielo) | M30: =IF(Tabla1[[#This Row],[Descripción]]="","",_xlfn.XLOOKUP(Tabla1[[#This Row],[Descripción]],Tabla10[Descripción],Tabla10[Unidad de Medida],"",0)) -> unidad | N30: 2 | O30: =IF(Tabla1[[#This Row],[Descripción]]="","",_xlfn.XLOOKUP(Tabla1[[#This Row],[Descripción]],Tabla10[Descripción],Tabla10[Precio Unitario],0)) -> 29393.8 | P30: =IF(Tabla1[[#This Row],[Cantidad de Insumos]]="","",Tabla1[[#This Row],[Precio Unitario]]*Tabla1[[#This Row],[Cantidad de Insumos]]) -> 58787.6 | Q30: =IF(Tabla1[[#This Row],[Descripción]]="","",_xlfn.XLOOKUP(Tabla1[[#This Row],[Descripción]],Tabla10[Descripción],Tabla10[CODIGO PRESUPUESTARIO],0)) -> 2.3.1.1.01
B31: =IF('Formulario PPGR3'!$G31="","",CONCATENATE('Formulario PPGR3'!$C31,".",'Formulario PPGR3'!$D31,".",'Formulario PPGR3'!$E31,".",'Formulario PPGR3'!$F31)) -> #REF! | C31: =IF('Formulario PPGR3'!$G31="","",'Formulario PPGR1'!#REF!) -> #REF! | D31: =IF('Formulario PPGR3'!$G31="","",'Formulario PPGR1'!#REF!) -> #REF! | E31: =IF('Formulario PPGR3'!$G31="","",'Formulario PPGR1'!#REF!) -> #REF! | F31: =IF('Formulario PPGR3'!$G31="","",'Formulario PPGR1'!#REF!) -> #REF! | G31: 1.3.4.3.01 | H31: =IF(Tabla1[[#This Row],[Código_Actividad]]="","",_xlfn.XLOOKUP(Tabla1[[#This Row],[Código_Actividad]],Tabla2[Código],Tabla2[Actividades Programables Presupuestables],"",0)) -> Seguimiento a los Procesos de Autoinspección de la Habilitación de los Servicios de Salud | I31: =IFERROR(VLOOKUP('Formulario PPGR3'!$G31,'Formulario PPGR2'!$H$9:$V$269,15,FALSE),"") -> 1 | J31: Gasoil | K31: lsGasoil | L31: Galones de Gasoil Regular | M31: =IF(Tabla1[[#This Row],[Descripción]]="","",_xlfn.XLOOKUP(Tabla1[[#This Row],[Descripción]],Tabla10[Descripción],Tabla10[Unidad de Medida],"",0)) -> galon | N31: 30 | O31: =IF(Tabla1[[#This Row],[Descripción]]="","",_xlfn.XLOOKUP(Tabla1[[#This Row],[Descripción]],Tabla10[Descripción],Tabla10[Precio Unitario],0)) -> 240 | P31: =IF(Tabla1[[#This Row],[Cantidad de Insumos]]="","",Tabla1[[#This Row],[Precio Unitario]]*Tabla1[[#This Row],[Cantidad de Insumos]]) -> 7200 | Q31: =IF(Tabla1[[#This Row],[Descripción]]="","",_xlfn.XLOOKUP(Tabla1[[#This Row],[Descripción]],Tabla10[Descripción],Tabla10[CODIGO PRESUPUESTARIO],0)) -> 2.3.7.1.02
B32: =IF('Formulario PPGR3'!$G32="","",CONCATENATE('Formulario PPGR3'!$C32,".",'Formulario PPGR3'!$D32,".",'Formulario PPGR3'!$E32,".",'Formulario PPGR3'!$F32)) -> #REF! | C32: =IF('Formulario PPGR3'!$G32="","",'Formulario PPGR1'!#REF!) -> #REF! | D32: =IF('Formulario PPGR3'!$G32="","",'Formulario PPGR1'!#REF!) -> #REF! | E32: =IF('Formulario PPGR3'!$G32="","",'Formulario PPGR1'!#REF!) -> #REF! | F32: =IF('Formulario PPGR3'!$G32="","",'Formulario PPGR1'!#REF!) -> #REF! | G32: 1.3.4.3.01 | H32: =IF(Tabla1[[#This Row],[Código_Actividad]]="","",_xlfn.XLOOKUP(Tabla1[[#This Row],[Código_Actividad]],Tabla2[Código],Tabla2[Actividades Programables Presupuestables],"",0)) -> Seguimiento a los Procesos de Autoinspección de la Habilitación de los Servicios de Salud | I32: =IFERROR(VLOOKUP('Formulario PPGR3'!$G32,'Formulario PPGR2'!$H$9:$V$269,15,FALSE),"") -> 1 | J32: Viáticos dentro del país | K32: lsViaticosDP | L32: Viaticos Chofer sin Hospedaje | M32: =IF(Tabla1[[#This Row],[Descripción]]="","",_xlfn.XLOOKUP(Tabla1[[#This Row],[Descripción]],Tabla10[Descripción],Tabla10[Unidad de Medida],"",0)) -> Depósito | N32: 3 | O32: =IF(Tabla1[[#This Row],[Descripción]]="","",_xlfn.XLOOKUP(Tabla1[[#This Row],[Descripción]],Tabla10[Descripción],Tabla10[Precio Unitario],0)) -> 1700 | P32: =IF(Tabla1[[#This Row],[Cantidad de Insumos]]="","",Tabla1[[#This Row],[Precio Unitario]]*Tabla1[[#This Row],[Cantidad de Insumos]]) -> 5100 | Q32: =IF(Tabla1[[#This Row],[Descripción]]="","",_xlfn.XLOOKUP(Tabla1[[#This Row],[Descripción]],Tabla10[Descripción],Tabla10[CODIGO PRESUPUESTARIO],0)) -> 2.2.3.1.01
B33: =IF('Formulario PPGR3'!$G33="","",CONCATENATE('Formulario PPGR3'!$C33,".",'Formulario PPGR3'!$D33,".",'Formulario PPGR3'!$E33,".",'Formulario PPGR3'!$F33)) -> #REF! | C33: =IF('Formulario PPGR3'!$G33="","",'Formulario PPGR1'!#REF!) -> #REF! | D33: =IF('Formulario PPGR3'!$G33="","",'Formulario PPGR1'!#REF!) -> #REF! | E33: =IF('Formulario PPGR3'!$G33="","",'Formulario PPGR1'!#REF!) -> #REF! | F33: =IF('Formulario PPGR3'!$G33="","",'Formulario PPGR1'!#REF!) -> #REF! | G33: 1.3.4.3.01 | H33: =IF(Tabla1[[#This Row],[Código_Actividad]]="","",_xlfn.XLOOKUP(Tabla1[[#This Row],[Código_Actividad]],Tabla2[Código],Tabla2[Actividades Programables Presupuestables],"",0)) -> Seguimiento a los Procesos de Autoinspección de la Habilitación de los Servicios de Salud | I33: =IFERROR(VLOOKUP('Formulario PPGR3'!$G33,'Formulario PPGR2'!$H$9:$V$269,15,FALSE),"") -> 1 | J33: Viáticos dentro del país | K33: lsViaticosDP | L33: Viaticos Técnicos sin Hospedaje | M33: =IF(Tabla1[[#This Row],[Descripción]]="","",_xlfn.XLOOKUP(Tabla1[[#This Row],[Descripción]],Tabla10[Descripción],Tabla10[Unidad de Medida],"",0)) -> Depósito | N33: 3 | O33: =IF(Tabla1[[#This Row],[Descripción]]="","",_xlfn.XLOOKUP(Tabla1[[#This Row],[Descripción]],Tabla10[Descripción],Tabla10[Precio Unitario],0)) -> 1900 | P33: =IF(Tabla1[[#This Row],[Cantidad de Insumos]]="","",Tabla1[[#This Row],[Precio Unitario]]*Tabla1[[#This Row],[Cantidad de Insumos]]) -> 5700 | Q33: =IF(Tabla1[[#This Row],[Descripción]]="","",_xlfn.XLOOKUP(Tabla1[[#This Row],[Descripción]],Tabla10[Descripción],Tabla10[CODIGO PRESUPUESTARIO],0)) -> 2.2.3.1.01
B34: =IF('Formulario PPGR3'!$G34="","",CONCATENATE('Formulario PPGR3'!$C34,".",'Formulario PPGR3'!$D34,".",'Formulario PPGR3'!$E34,".",'Formulario PPGR3'!$F34)) -> #REF! | C34: =IF('Formulario PPGR3'!$G34="","",'Formulario PPGR1'!#REF!) -> #REF! | D34: =IF('Formulario PPGR3'!$G34="","",'Formulario PPGR1'!#REF!) -> #REF! | E34: =IF('Formulario PPGR3'!$G34="","",'Formulario PPGR1'!#REF!) -> #REF! | F34: =IF('Formulario PPGR3'!$G34="","",'Formulario PPGR1'!#REF!) -> #REF! | G34: 1.3.4.3.03 | H34: =IF(Tabla1[[#This Row],[Código_Actividad]]="","",_xlfn.XLOOKUP(Tabla1[[#This Row],[Código_Actividad]],Tabla2[Código],Tabla2[Actividades Programables Presupuestables],"",0)) -> Seguimiento a las Solicitudes de Habilitación de los CEAS | I34: =IFERROR(VLOOKUP('Formulario PPGR3'!$G34,'Formulario PPGR2'!$H$9:$V$269,15,FALSE),"") -> 2 | J34: Gasoil | K34: lsGasoil | L34: Galones de Gasoil Regular | M34: =IF(Tabla1[[#This Row],[Descripción]]="","",_xlfn.XLOOKUP(Tabla1[[#This Row],[Descripción]],Tabla10[Descripción],Tabla10[Unidad de Medida],"",0)) -> galon | N34: 20 | O34: =IF(Tabla1[[#This Row],[Descripción]]="","",_xlfn.XLOOKUP(Tabla1[[#This Row],[Descripción]],Tabla10[Descripción],Tabla10[Precio Unitario],0)) -> 240 | P34: =IF(Tabla1[[#This Row],[Cantidad de Insumos]]="","",Tabla1[[#This Row],[Precio Unitario]]*Tabla1[[#This Row],[Cantidad de Insumos]]) -> 4800 | Q34: =IF(Tabla1[[#This Row],[Descripción]]="","",_xlfn.XLOOKUP(Tabla1[[#This Row],[Descripción]],Tabla10[Descripción],Tabla10[CODIGO PRESUPUESTARIO],0)) -> 2.3.7.1.02
B35: =IF('Formulario PPGR3'!$G35="","",CONCATENATE('Formulario PPGR3'!$C35,".",'Formulario PPGR3'!$D35,".",'Formulario PPGR3'!$E35,".",'Formulario PPGR3'!$F35)) -> #REF! | C35: =IF('Formulario PPGR3'!$G35="","",'Formulario PPGR1'!#REF!) -> #REF! | D35: =IF('Formulario PPGR3'!$G35="","",'Formulario PPGR1'!#REF!) -> #REF! | E35: =IF('Formulario PPGR3'!$G35="","",'Formulario PPGR1'!#REF!) -> #REF! | F35: =IF('Formulario PPGR3'!$G35="","",'Formulario PPGR1'!#REF!) -> #REF! | G35: 1.3.4.3.03 | H35: =IF(Tabla1[[#This Row],[Código_Actividad]]="","",_xlfn.XLOOKUP(Tabla1[[#This Row],[Código_Actividad]],Tabla2[Código],Tabla2[Actividades Programables Presupuestables],"",0)) -> Seguimiento a las Solicitudes de Habilitación de los CEAS | I35: =IFERROR(VLOOKUP('Formulario PPGR3'!$G35,'Formulario PPGR2'!$H$9:$V$269,15,FALSE),"") -> 2 | J35: Viáticos dentro del país | K35: lsViaticosDP | L35: Viaticos Chofer sin Hospedaje | M35: =IF(Tabla1[[#This Row],[Descripción]]="","",_xlfn.XLOOKUP(Tabla1[[#This Row],[Descripción]],Tabla10[Descripción],Tabla10[Unidad de Medida],"",0)) -> Depósito | N35: 2 | O35: =IF(Tabla1[[#This Row],[Descripción]]="","",_xlfn.XLOOKUP(Tabla1[[#This Row],[Descripción]],Tabla10[Descripción],Tabla10[Precio Unitario],0)) -> 1700 | P35: =IF(Tabla1[[#This Row],[Cantidad de Insumos]]="","",Tabla1[[#This Row],[Precio Unitario]]*Tabla1[[#This Row],[Cantidad de Insumos]]) -> 3400 | Q35: =IF(Tabla1[[#This Row],[Descripción]]="","",_xlfn.XLOOKUP(Tabla1[[#This Row],[Descripción]],Tabla10[Descripción],Tabla10[CODIGO PRESUPUESTARIO],0)) -> 2.2.3.1.01
B36: =IF('Formulario PPGR3'!$G36="","",CONCATENATE('Formulario PPGR3'!$C36,".",'Formulario PPGR3'!$D36,".",'Formulario PPGR3'!$E36,".",'Formulario PPGR3'!$F36)) -> #REF! | C36: =IF('Formulario PPGR3'!$G36="","",'Formulario PPGR1'!#REF!) -> #REF! | D36: =IF('Formulario PPGR3'!$G36="","",'Formulario PPGR1'!#REF!) -> #REF! | E36: =IF('Formulario PPGR3'!$G36="","",'Formulario PPGR1'!#REF!) -> #REF! | F36: =IF('Formulario PPGR3'!$G36="","",'Formulario PPGR1'!#REF!) -> #REF! | G36: 1.3.4.3.03 | H36: =IF(Tabla1[[#This Row],[Código_Actividad]]="","",_xlfn.XLOOKUP(Tabla1[[#This Row],[Código_Actividad]],Tabla2[Código],Tabla2[Actividades Programables Presupuestables],"",0)) -> Seguimiento a las Solicitudes de Habilitación de los CEAS | I36: =IFERROR(VLOOKUP('Formulario PPGR3'!$G36,'Formulario PPGR2'!$H$9:$V$269,15,FALSE),"") -> 2 | J36: Viáticos dentro del país | K36: lsViaticosDP | L36: Viaticos Técnicos sin Hospedaje | M36: =IF(Tabla1[[#This Row],[Descripción]]="","",_xlfn.XLOOKUP(Tabla1[[#This Row],[Descripción]],Tabla10[Descripción],Tabla10[Unidad de Medida],"",0)) -> Depósito | N36: 2 | O36: =IF(Tabla1[[#This Row],[Descripción]]="","",_xlfn.XLOOKUP(Tabla1[[#This Row],[Descripción]],Tabla10[Descripción],Tabla10[Precio Unitario],0)) -> 1900 | P36: =IF(Tabla1[[#This Row],[Cantidad de Insumos]]="","",Tabla1[[#This Row],[Precio Unitario]]*Tabla1[[#This Row],[Cantidad de Insumos]]) -> 3800 | Q36: =IF(Tabla1[[#This Row],[Descripción]]="","",_xlfn.XLOOKUP(Tabla1[[#This Row],[Descripción]],Tabla10[Descripción],Tabla10[CODIGO PRESUPUESTARIO],0)) -> 2.2.3.1.01
B37: =IF('Formulario PPGR3'!$G37="","",CONCATENATE('Formulario PPGR3'!$C37,".",'Formulario PPGR3'!$D37,".",'Formulario PPGR3'!$E37,".",'Formulario PPGR3'!$F37)) -> #REF! | C37: =IF('Formulario PPGR3'!$G37="","",'Formulario PPGR1'!#REF!) -> #REF! | D37: =IF('Formulario PPGR3'!$G37="","",'Formulario PPGR1'!#REF!) -> #REF! | E37: =IF('Formulario PPGR3'!$G37="","",'Formulario PPGR1'!#REF!) -> #REF! | F37: =IF('Formulario PPGR3'!$G37="","",'Formulario PPGR1'!#REF!) -> #REF! | G37: 2.1.2.01 | H37: =IF(Tabla1[[#This Row],[Código_Actividad]]="","",_xlfn.XLOOKUP(Tabla1[[#This Row],[Código_Actividad]],Tabla2[Código],Tabla2[Actividades Programables Presupuestables],"",0)) -> Ejecución Plan de Capacitación SRS-2025. | I37: =IFERROR(VLOOKUP('Formulario PPGR3'!$G37,'Formulario PPGR2'!$H$9:$V$269,15,FALSE),"") -> 4 | J37: Alimentos y bebidas para personas | K37: =IF(Tabla1[[#This Row],[Insumos]]="","",_xlfn.XLOOKUP(Tabla1[[#This Row],[Insumos]],Tabla10[Insumo],Tabla10[InsumoAbrev],"",0)) -> lsAlimentosyBebidas | L37: Refrigerio Dulce tipo Buffet p/65 Personas (Arreglo Flores, Alquiler Cristalería, Sillas, Servilletas, Mesa, Bambalina, Tope) | M37: =IF(Tabla1[[#This Row],[Descripción]]="","",_xlfn.XLOOKUP(Tabla1[[#This Row],[Descripción]],Tabla10[Descripción],Tabla10[Unidad de Medida],"",0)) -> unidad | N37: 1 | O37: =IF(Tabla1[[#This Row],[Descripción]]="","",_xlfn.XLOOKUP(Tabla1[[#This Row],[Descripción]],Tabla10[Descripción],Tabla10[Precio Unitario],0)) -> 33435.3 | P37: =IF(Tabla1[[#This Row],[Cantidad de Insumos]]="","",Tabla1[[#This Row],[Precio Unitario]]*Tabla1[[#This Row],[Cantidad de Insumos]]) -> 33435.3 | Q37: =IF(Tabla1[[#This Row],[Descripción]]="","",_xlfn.XLOOKUP(Tabla1[[#This Row],[Descripción]],Tabla10[Descripción],Tabla10[CODIGO PRESUPUESTARIO],0)) -> 2.3.1.1.01
B38: =IF('Formulario PPGR3'!$G38="","",CONCATENATE('Formulario PPGR3'!$C38,".",'Formulario PPGR3'!$D38,".",'Formulario PPGR3'!$E38,".",'Formulario PPGR3'!$F38)) -> #REF! | C38: =IF('Formulario PPGR3'!$G38="","",'Formulario PPGR1'!#REF!) -> #REF! | D38: =IF('Formulario PPGR3'!$G38="","",'Formulario PPGR1'!#REF!) -> #REF! | E38: =IF('Formulario PPGR3'!$G38="","",'Formulario PPGR1'!#REF!) -> #REF! | F38: =IF('Formulario PPGR3'!$G38="","",'Formulario PPGR1'!#REF!) -> #REF! | G38: 2.1.2.01 | H38: =IF(Tabla1[[#This Row],[Código_Actividad]]="","",_xlfn.XLOOKUP(Tabla1[[#This Row],[Código_Actividad]],Tabla2[Código],Tabla2[Actividades Programables Presupuestables],"",0)) -> Ejecución Plan de Capacitación SRS-2025. | I38: =IFERROR(VLOOKUP('Formulario PPGR3'!$G38,'Formulario PPGR2'!$H$9:$V$269,15,FALSE),"") -> 4 | J38: Alimentos y bebidas para personas | K38: =IF(Tabla1[[#This Row],[Insumos]]="","",_xlfn.XLOOKUP(Tabla1[[#This Row],[Insumos]],Tabla10[Insumo],Tabla10[InsumoAbrev],"",0)) -> lsAlimentosyBebidas | L38: Servicio de Almuerzo tipo buffet para 30 Personas | M38: =IF(Tabla1[[#This Row],[Descripción]]="","",_xlfn.XLOOKUP(Tabla1[[#This Row],[Descripción]],Tabla10[Descripción],Tabla10[Unidad de Medida],"",0)) -> unidad | N38: 11 | O38: =IF(Tabla1[[#This Row],[Descripción]]="","",_xlfn.XLOOKUP(Tabla1[[#This Row],[Descripción]],Tabla10[Descripción],Tabla10[Precio Unitario],0)) -> 15251.5 | P38: =IF(Tabla1[[#This Row],[Cantidad de Insumos]]="","",Tabla1[[#This Row],[Precio Unitario]]*Tabla1[[#This Row],[Cantidad de Insumos]]) -> 167766.5 | Q38: =IF(Tabla1[[#This Row],[Descripción]]="","",_xlfn.XLOOKUP(Tabla1[[#This Row],[Descripción]],Tabla10[Descripción],Tabla10[CODIGO PRESUPUESTARIO],0)) -> 2.3.1.1.01
B39: =IF('Formulario PPGR3'!$G39="","",CONCATENATE('Formulario PPGR3'!$C39,".",'Formulario PPGR3'!$D39,".",'Formulario PPGR3'!$E39,".",'Formulario PPGR3'!$F39)) -> #REF! | C39: =IF('Formulario PPGR3'!$G39="","",'Formulario PPGR1'!#REF!) -> #REF! | D39: =IF('Formulario PPGR3'!$G39="","",'Formulario PPGR1'!#REF!) -> #REF! | E39: =IF('Formulario PPGR3'!$G39="","",'Formulario PPGR1'!#REF!) -> #REF! | F39: =IF('Formulario PPGR3'!$G39="","",'Formulario PPGR1'!#REF!) -> #REF! | G39: 2.1.2.01 | H39: =IF(Tabla1[[#This Row],[Código_Actividad]]="","",_xlfn.XLOOKUP(Tabla1[[#This Row],[Código_Actividad]],Tabla2[Código],Tabla2[Actividades Programables Presupuestables],"",0)) -> Ejecución Plan de Capacitación SRS-2025. | I39: =IFERROR(VLOOKUP('Formulario PPGR3'!$G39,'Formulario PPGR2'!$H$9:$V$269,15,FALSE),"") -> 4 | J39: Alimentos y bebidas para personas | K39: =IF(Tabla1[[#This Row],[Insumos]]="","",_xlfn.XLOOKUP(Tabla1[[#This Row],[Insumos]],Tabla10[Insumo],Tabla10[InsumoAbrev],"",0)) -> lsAlimentosyBebidas | L39: Servicio de Refrigerio tipo buffet 30 Personas | M39: =IF(Tabla1[[#This Row],[Descripción]]="","",_xlfn.XLOOKUP(Tabla1[[#This Row],[Descripción]],Tabla10[Descripción],Tabla10[Unidad de Medida],"",0)) -> unidad | N39: 11 | O39: =IF(Tabla1[[#This Row],[Descripción]]="","",_xlfn.XLOOKUP(Tabla1[[#This Row],[Descripción]],Tabla10[Descripción],Tabla10[Precio Unitario],0)) -> 24225.4 | P39: =IF(Tabla1[[#This Row],[Cantidad de Insumos]]="","",Tabla1[[#This Row],[Precio Unitario]]*Tabla1[[#This Row],[Cantidad de Insumos]]) -> 266479.4 | Q39: =IF(Tabla1[[#This Row],[Descripción]]="","",_xlfn.XLOOKUP(Tabla1[[#This Row],[Descripción]],Tabla10[Descripción],Tabla10[CODIGO PRESUPUESTARIO],0)) -> 2.3.1.1.01
B40: =IF('Formulario PPGR3'!$G40="","",CONCATENATE('Formulario PPGR3'!$C40,".",'Formulario PPGR3'!$D40,".",'Formulario PPGR3'!$E40,".",'Formulario PPGR3'!$F40)) -> #REF! | C40: =IF('Formulario PPGR3'!$G40="","",'Formulario PPGR1'!#REF!) -> #REF! | D40: =IF('Formulario PPGR3'!$G40="","",'Formulario PPGR1'!#REF!) -> #REF! | E40: =IF('Formulario PPGR3'!$G40="","",'Formulario PPGR1'!#REF!) -> #REF! | F40: =IF('Formulario PPGR3'!$G40="","",'Formulario PPGR1'!#REF!) -> #REF! | G40: 2.3.1.1.01 | H40: =IF(Tabla1[[#This Row],[Código_Actividad]]="","",_xlfn.XLOOKUP(Tabla1[[#This Row],[Código_Actividad]],Tabla2[Código],Tabla2[Actividades Programables Presupuestables],"",0)) -> Reporte trimestral de la dotación de acuerdo a las estructuras aprobadas de la ORS, establecimientos del 1er nivel y nivel especializado de atención. | I40: =IFERROR(VLOOKUP('Formulario PPGR3'!$G40,'Formulario PPGR2'!$H$9:$V$269,15,FALSE),"") -> 4 | J40: Alimentos y bebidas para personas | K40: =IF(Tabla1[[#This Row],[Insumos]]="","",_xlfn.XLOOKUP(Tabla1[[#This Row],[Insumos]],Tabla10[Insumo],Tabla10[InsumoAbrev],"",0)) -> lsAlimentosyBebidas | L40: Refrigerio tipo preempacado p/25 personas (4 Variedades, Jugo, Desechables Transparentes, Jugo Natural) | M40: =IF(Tabla1[[#This Row],[Descripción]]="","",_xlfn.XLOOKUP(Tabla1[[#This Row],[Descripción]],Tabla10[Descripción],Tabla10[Unidad de Medida],"",0)) -> unidad | N40: 4 | O40: =IF(Tabla1[[#This Row],[Descripción]]="","",_xlfn.XLOOKUP(Tabla1[[#This Row],[Descripción]],Tabla10[Descripción],Tabla10[Precio Unitario],0)) -> 12626 | P40: =IF(Tabla1[[#This Row],[Cantidad de Insumos]]="","",Tabla1[[#This Row],[Precio Unitario]]*Tabla1[[#This Row],[Cantidad de Insumos]]) -> 50504 | Q40: =IF(Tabla1[[#This Row],[Descripción]]="","",_xlfn.XLOOKUP(Tabla1[[#This Row],[Descripción]],Tabla10[Descripción],Tabla10[CODIGO PRESUPUESTARIO],0)) -> 2.3.1.1.01
B41: =IF('Formulario PPGR3'!$G41="","",CONCATENATE('Formulario PPGR3'!$C41,".",'Formulario PPGR3'!$D41,".",'Formulario PPGR3'!$E41,".",'Formulario PPGR3'!$F41)) -> #REF! | C41: =IF('Formulario PPGR3'!$G41="","",'Formulario PPGR1'!#REF!) -> #REF! | D41: =IF('Formulario PPGR3'!$G41="","",'Formulario PPGR1'!#REF!) -> #REF! | E41: =IF('Formulario PPGR3'!$G41="","",'Formulario PPGR1'!#REF!) -> #REF! | F41: =IF('Formulario PPGR3'!$G41="","",'Formulario PPGR1'!#REF!) -> #REF! | G41: 2.3.1.1.02 | H41: =IF(Tabla1[[#This Row],[Código_Actividad]]="","",_xlfn.XLOOKUP(Tabla1[[#This Row],[Código_Actividad]],Tabla2[Código],Tabla2[Actividades Programables Presupuestables],"",0)) -> Seguimiento y Aseguramiento de los perfiles de los colaboradores nuevos y existentes en las nóminas de la ORS y sus establecimientos en los diferentes niveles de atención. | I41: =IFERROR(VLOOKUP('Formulario PPGR3'!$G41,'Formulario PPGR2'!$H$9:$V$269,15,FALSE),"") -> 4 | J41: Alimentos y bebidas para personas | K41: lsAlimentosyBebidas | L41: Refrigerio tipo preempacado p/25 personas (4 Variedades, Jugo, Desechables Transparentes, Jugo Natural) | M41: =IF(Tabla1[[#This Row],[Descripción]]="","",_xlfn.XLOOKUP(Tabla1[[#This Row],[Descripción]],Tabla10[Descripción],Tabla10[Unidad de Medida],"",0)) -> unidad | N41: 4 | O41: =IF(Tabla1[[#This Row],[Descripción]]="","",_xlfn.XLOOKUP(Tabla1[[#This Row],[Descripción]],Tabla10[Descripción],Tabla10[Precio Unitario],0)) -> 12626 | P41: =IF(Tabla1[[#This Row],[Cantidad de Insumos]]="","",Tabla1[[#This Row],[Precio Unitario]]*Tabla1[[#This Row],[Cantidad de Insumos]]) -> 50504 | Q41: =IF(Tabla1[[#This Row],[Descripción]]="","",_xlfn.XLOOKUP(Tabla1[[#This Row],[Descripción]],Tabla10[Descripción],Tabla10[CODIGO PRESUPUESTARIO],0)) -> 2.3.1.1.01
B42: =IF('Formulario PPGR3'!$G42="","",CONCATENATE('Formulario PPGR3'!$C42,".",'Formulario PPGR3'!$D42,".",'Formulario PPGR3'!$E42,".",'Formulario PPGR3'!$F42)) -> #REF! | C42: =IF('Formulario PPGR3'!$G42="","",'Formulario PPGR1'!#REF!) -> #REF! | D42: =IF('Formulario PPGR3'!$G42="","",'Formulario PPGR1'!#REF!) -> #REF! | E42: =IF('Formulario PPGR3'!$G42="","",'Formulario PPGR1'!#REF!) -> #REF! | F42: =IF('Formulario PPGR3'!$G42="","",'Formulario PPGR1'!#REF!) -> #REF! | G42: 1.1.2.1.02 | H42: =IF(Tabla1[[#This Row],[Código_Actividad]]="","",_xlfn.XLOOKUP(Tabla1[[#This Row],[Código_Actividad]],Tabla2[Código],Tabla2[Actividades Programables Presupuestables],"",0)) -> Seguimiento a la elaboracion y ejecución del plan de mejora para la disminución de lista de espera | I42: =IFERROR(VLOOKUP('Formulario PPGR3'!$G42,'Formulario PPGR2'!$H$9:$V$269,15,FALSE),"") -> 3 | J42: Gasoil | K42: lsGasoil | L42: Galones de Gasoil Regular | M42: =IF(Tabla1[[#This Row],[Descripción]]="","",_xlfn.XLOOKUP(Tabla1[[#This Row],[Descripción]],Tabla10[Descripción],Tabla10[Unidad de Medida],"",0)) -> galon | N42: 30 | O42: =IF(Tabla1[[#This Row],[Descripción]]="","",_xlfn.XLOOKUP(Tabla1[[#This Row],[Descripción]],Tabla10[Descripción],Tabla10[Precio Unitario],0)) -> 240 | P42: =IF(Tabla1[[#This Row],[Cantidad de Insumos]]="","",Tabla1[[#This Row],[Precio Unitario]]*Tabla1[[#This Row],[Cantidad de Insumos]]) -> 7200 | Q42: =IF(Tabla1[[#This Row],[Descripción]]="","",_xlfn.XLOOKUP(Tabla1[[#This Row],[Descripción]],Tabla10[Descripción],Tabla10[CODIGO PRESUPUESTARIO],0)) -> 2.3.7.1.02
B43: =IF('Formulario PPGR3'!$G43="","",CONCATENATE('Formulario PPGR3'!$C43,".",'Formulario PPGR3'!$D43,".",'Formulario PPGR3'!$E43,".",'Formulario PPGR3'!$F43)) -> #REF! | C43: =IF('Formulario PPGR3'!$G43="","",'Formulario PPGR1'!#REF!) -> #REF! | D43: =IF('Formulario PPGR3'!$G43="","",'Formulario PPGR1'!#REF!) -> #REF! | E43: =IF('Formulario PPGR3'!$G43="","",'Formulario PPGR1'!#REF!) -> #REF! | F43: =IF('Formulario PPGR3'!$G43="","",'Formulario PPGR1'!#REF!) -> #REF! | G43: 1.1.2.1.02 | H43: =IF(Tabla1[[#This Row],[Código_Actividad]]="","",_xlfn.XLOOKUP(Tabla1[[#This Row],[Código_Actividad]],Tabla2[Código],Tabla2[Actividades Programables Presupuestables],"",0)) -> Seguimiento a la elaboracion y ejecución del plan de mejora para la disminución de lista de espera | I43: =IFERROR(VLOOKUP('Formulario PPGR3'!$G43,'Formulario PPGR2'!$H$9:$V$269,15,FALSE),"") -> 3 | J43: Viáticos dentro del país | K43: lsViaticosDP | L43: Viaticos Chofer sin Hospedaje | M43: =IF(Tabla1[[#This Row],[Descripción]]="","",_xlfn.XLOOKUP(Tabla1[[#This Row],[Descripción]],Tabla10[Descripción],Tabla10[Unidad de Medida],"",0)) -> Depósito | N43: 3 | O43: =IF(Tabla1[[#This Row],[Descripción]]="","",_xlfn.XLOOKUP(Tabla1[[#This Row],[Descripción]],Tabla10[Descripción],Tabla10[Precio Unitario],0)) -> 1700 | P43: =IF(Tabla1[[#This Row],[Cantidad de Insumos]]="","",Tabla1[[#This Row],[Precio Unitario]]*Tabla1[[#This Row],[Cantidad de Insumos]]) -> 5100 | Q43: =IF(Tabla1[[#This Row],[Descripción]]="","",_xlfn.XLOOKUP(Tabla1[[#This Row],[Descripción]],Tabla10[Descripción],Tabla10[CODIGO PRESUPUESTARIO],0)) -> 2.2.3.1.01
B44: =IF('Formulario PPGR3'!$G44="","",CONCATENATE('Formulario PPGR3'!$C44,".",'Formulario PPGR3'!$D44,".",'Formulario PPGR3'!$E44,".",'Formulario PPGR3'!$F44)) -> #REF! | C44: =IF('Formulario PPGR3'!$G44="","",'Formulario PPGR1'!#REF!) -> #REF! | D44: =IF('Formulario PPGR3'!$G44="","",'Formulario PPGR1'!#REF!) -> #REF! | E44: =IF('Formulario PPGR3'!$G44="","",'Formulario PPGR1'!#REF!) -> #REF! | F44: =IF('Formulario PPGR3'!$G44="","",'Formulario PPGR1'!#REF!) -> #REF! | G44: 1.1.2.1.02 | H44: =IF(Tabla1[[#This Row],[Código_Actividad]]="","",_xlfn.XLOOKUP(Tabla1[[#This Row],[Código_Actividad]],Tabla2[Código],Tabla2[Actividades Programables Presupuestables],"",0)) -> Seguimiento a la elaboracion y ejecución del plan de mejora para la disminución de lista de espera | I44: =IFERROR(VLOOKUP('Formulario PPGR3'!$G44,'Formulario PPGR2'!$H$9:$V$269,15,FALSE),"") -> 3 | J44: Viáticos dentro del país | K44: lsViaticosDP | L44: Viaticos Técnicos sin Hospedaje | M44: =IF(Tabla1[[#This Row],[Descripción]]="","",_xlfn.XLOOKUP(Tabla1[[#This Row],[Descripción]],Tabla10[Descripción],Tabla10[Unidad de Medida],"",0)) -> Depósito | N44: 3 | O44: =IF(Tabla1[[#This Row],[Descripción]]="","",_xlfn.XLOOKUP(Tabla1[[#This Row],[Descripción]],Tabla10[Descripción],Tabla10[Precio Unitario],0)) -> 1900 | P44: =IF(Tabla1[[#This Row],[Cantidad de Insumos]]="","",Tabla1[[#This Row],[Precio Unitario]]*Tabla1[[#This Row],[Cantidad de Insumos]]) -> 5700 | Q44: =IF(Tabla1[[#This Row],[Descripción]]="","",_xlfn.XLOOKUP(Tabla1[[#This Row],[Descripción]],Tabla10[Descripción],Tabla10[CODIGO PRESUPUESTARIO],0)) -> 2.2.3.1.01
